Workbook
Name Non_poor: '[1]Table 4 Labor Market Partic.'!#REF!
Name Non_poor: '[2]Table 4 Labor Market Partic.'!#REF!

Sheet Intro
F2: This Excel file gathers the output from the STATA do files carrying out the analysis, and then uses this raw data to prepare all graphs and tables presented in the South Sudan Inflation Note.
F8: The 'Raw data' sheets are automatically updated from the STATA do file, all others are interlinked, such that any changes made to the do file will automatically translate into changes in the Figures and Tables.
B14: Included Tables: | D14: Table 1: Poverty Statistics
D15: Table 2: Education, Access to Services, Hunger, Perceptions, Security
D16: Table 3: Labor Market Participation
D17: Table 4: Perceptions of Performance of Various Institutions
B20: Thereafter, all Figures included in the Inflation Note

Sheet Index
B2: Figures as in the Poverty Note: | D2: Corresponding Raw Data:
B3: Poverty | D3: Raw-Data 1
B4: Hunger | D4: Raw-Data 2
B5: Future of SSD | D5: Raw-Data 3
B6: Living and Economic conditions | D6: Raw-Data 3
B7: Well-being | D7: Raw-Data 3
B8: Government performance | D8: Raw-Data 4
B9: Labor | D9: Raw-Data 5
B10: School attendance | D10: Raw-Data 6
B13: *Note: There is a link back to the index at the bottom of the sheets containing the figures

Sheet Figures and Raw Data -->
B2: The following tabs contain all figures and raw data. The sheets named Raw Data are automatically updated upon running the Stata do file. This then automatically updates the Figures and Tables

Sheet Poverty Graphs
A1: Headcount ratio | B1: Total | G1: Male Head | I1: Female Head
A2: Year | B2: 2009 | D2: 2015 | E2: 2016 | G2: 2015 | H2: 2016 | I2: 2015 | J2: 2016
A3: Non-Poor | B3: =VALUE(100-25) -> 75 | D3: =VALUE(100-D4) -> 51.36 | E3: =VALUE(100-E4) -> 29.15 | G3: =VALUE(100-G4) -> 56.5 | H3: =VALUE(100-H4) -> 32.69 | I3: =VALUE(100-I4) -> 43.83 | J3: =VALUE(100-J4) -> 23.79
A4: Poor | B4: 25 | D4: =VALUE('Raw-Data 1'!B11*100) -> 48.64 | E4: =VALUE('Raw-Data 1'!B3*100) -> 70.85 | G4: =VALUE('Raw-Data 1'!B14*100) -> 43.5 | H4: =VALUE('Raw-Data 1'!B6*100) -> 67.31 | I4: =VALUE('Raw-Data 1'!B15*100) -> 56.17 | J4: =VALUE('Raw-Data 1'!B7*100) -> 76.21
D6: #REF! | G6: =VALUE(1-G7) -> 0.4997 | I6: =VALUE(1-I7) -> 0.3174
D7: #REF! | G7: 0.5003 | I7: 0.6826
B8: Error bars total | F8: Error bars Male Head | H8: error bars Female Head
B9: 4.5 | D9: =100*('Raw-Data 1'!E11-'Raw-Data 1'!B11) -> 8.26 | E9: =100*('Raw-Data 1'!E3-'Raw-Data 1'!B3) -> 5.62 | G9: =100*('Raw-Data 1'!E14-'Raw-Data 1'!B14) -> 10.23 | H9: =100*('Raw-Data 1'!E6-'Raw-Data 1'!B6) -> 5.47 | I9: =100*('Raw-Data 1'!E15-'Raw-Data 1'!B15) -> 9.23 | J9: =100*('Raw-Data 1'!E7-'Raw-Data 1'!B7) -> 8.75
B10: 4.5 | D10: =100*('Raw-Data 1'!B11-'Raw-Data 1'!D11) -> 8.19 | E10: =100*('Raw-Data 1'!B3-'Raw-Data 1'!D3) -> 6.34 | G10: =G9 -> 10.23 | H10: =H9 -> 5.47 | I10: =I9 -> 9.23 | J10: =J9 -> 8.75
C28: Poverty gap (%) | D28: Mean aggregate income | F28: Poverty gap | G28: Poverty line | L28: Mean aggregate income | M28: Poverty gap | N28: Poverty line | O28: Poverty gap (%)
B29: 2015 | C29: =(E29/G29)*100 -> 21.96 | D29: =G29-E29 -> 6.797284 | E29: =F29*G29 -> 1.912716 | F29: =VALUE('Raw-Data 1'!B28) -> 0.2196 | G29: 8.71 | I29: Total | J29: =B29 -> 2015 | L29: =D29 -> 6.797284 | M29: =E29 -> 1.912716 | N29: =G29 -> 8.71 | O29: =M29/N29 -> 0.2196
B30: 2016 | C30: =(E30/G30)*100 -> 36.49 | D30: =G30-E30 -> 5.531721 | E30: =F30*G30 -> 3.178279 | F30: =VALUE('Raw-Data 1'!B20) -> 0.3649 | G30: 8.71 | J30: =B30 -> 2016 | L30: =D30 -> 5.531721 | M30: =E30 -> 3.178279 | N30: =G30 -> 8.71 | O30: =M30/N30 -> 0.3649
G31: 8.71 | N31: =G31 -> 8.71
A32: Male Head | B32: 2015 | C32: =(E32/G32)*100 -> 19.14 | D32: =G32-E32 -> 7.042906 | E32: =F32*G32 -> 1.667094 | F32: =VALUE('Raw-Data 1'!B26) -> 0.1914 | G32: 8.71 | I32: Male Head | J32: =B32 -> 2015 | L32: =D32 -> 7.042906 | M32: =E32 -> 1.667094 | N32: =G32 -> 8.71 | O32: =M32/N32 -> 0.1914
B33: 2016 | C33: =(E33/G33)*100 -> 33.08 | D33: =G33-E33 -> 5.828732 | E33: =F33*G33 -> 2.881268 | F33: =VALUE('Raw-Data 1'!B18) -> 0.3308 | G33: 8.71 | J33: =B33 -> 2016 | L33: =D33 -> 5.828732 | M33: =E33 -> 2.881268 | N33: =G33 -> 8.71 | O33: =M33/N33 -> 0.3308
A34: Female Head | B34: 2015 | C34: =(E34/G34)*100 -> 26.21 | D34: =G34-E34 -> 6.427109 | E34: =F34*G34 -> 2.282891 | F34: =VALUE('Raw-Data 1'!B27) -> 0.2621 | G34: 8.71 | I34: Female Head | J34: =B34 -> 2015 | L34: =D34 -> 6.427109 | M34: =E34 -> 2.282891 | N34: =G34 -> 8.71 | O34: =M34/N34 -> 0.2621
B35: 2016 | C35: =(E35/G35)*100 -> 41.63 | D35: =G35-E35 -> 5.084027 | E35: =F35*G35 -> 3.625973 | F35: =VALUE('Raw-Data 1'!B19) -> 0.4163 | G35: 8.71 | J35: =B35 -> 2016 | L35: =D35 -> 5.084027 | M35: =E35 -> 3.625973 | N35: =G35 -> 8.71 | O35: =M35/N35 -> 0.4163
D40: Mean | E40: Positive error | F40: Negative error
B41: Total | C41: 2015 | D41: =VALUE('Raw-Data 1'!B32) -> 0.1038 | E41: ='Raw-Data 1'!E32-'Raw-Data 1'!B32 -> 0.0277 | F41: =-E41 -> -0.0277
C42: 2016 | D42: =VALUE('Raw-Data 1'!B24) -> 0.2 | E42: ='Raw-Data 1'!E24-'Raw-Data 1'!B24 -> 0.0454 | F42: =-E42 -> -0.0454
B44: Male Head | C44: 2015 | D44: =VALUE('Raw-Data 1'!B30) -> 0.0986 | E44: ='Raw-Data 1'!E30-'Raw-Data 1'!B30 -> 0.0445 | F44: =-E44 -> -0.0445
C45: 2016 | D45: =VALUE('Raw-Data 1'!B22) -> 0.1866 | E45: ='Raw-Data 1'!E22-'Raw-Data 1'!B22 -> 0.0682 | F45: =-E45 -> -0.0682
B46: Female Head | C46: 2015 | D46: =VALUE('Raw-Data 1'!B31) -> 0.1116 | E46: ='Raw-Data 1'!E31-'Raw-Data 1'!B31 -> 0.0256 | F46: =-E46 -> -0.0256
C47: 2016 | D47: =VALUE('Raw-Data 1'!B23) -> 0.22 | E47: ='Raw-Data 1'!E23-'Raw-Data 1'!B23 -> 0.0409 | F47: =-E47 -> -0.0409
B53: Northern Bahr El Ghazal | E53: Western Bahr El Ghazal | H53: Lakes | K53: Western Equatoria | N53: Central Equatoria | Q53: Eastern Equatoria
B54: 2015 | C54: 2016 | E54: 2015 | F54: 2016 | H54: 2015 | I54: 2016 | K54: 2015 | L54: 2016 | N54: 2015 | O54: 2016 | Q54: 2015 | R54: 2016
A55: Non-Poor | B55: =1-B56 -> 0.4938 | C55: =1-C56 -> 0.2874 | E55: =1-E56 -> 0.3076 | F55: =1-F56 -> 0.187 | H55: =1-H56 -> 0.6428 | I55: =1-I56 -> 0.427 | K55: =1-K56 -> 0.5075 | L55: =1-L56 -> 0.3447 | N55: =1-N56 -> 0.8098 | O55: =1-O56 -> 0.5519 | Q55: =1-Q56 -> 0.5241 | R55: =1-R56 -> 0.1284
A56: Poor | B56: =VALUE('Raw-Data 1'!B116) -> 0.5062 | C56: =VALUE('Raw-Data 1'!B108) -> 0.7126 | E56: =VALUE('Raw-Data 1'!B117) -> 0.6924 | F56: =VALUE('Raw-Data 1'!B109) -> 0.813 | H56: =VALUE('Raw-Data 1'!B118) -> 0.3572 | I56: =VALUE('Raw-Data 1'!B110) -> 0.573 | K56: =VALUE('Raw-Data 1'!B119) -> 0.4925 | L56: =VALUE('Raw-Data 1'!B111) -> 0.6553 | N56: =VALUE('Raw-Data 1'!B120) -> 0.1902 | O56: =VALUE('Raw-Data 1'!B112) -> 0.4481 | Q56: =VALUE('Raw-Data 1'!B121) -> 0.4759 | R56: =VALUE('Raw-Data 1'!B113) -> 0.8716
A58: (+) | B58: ='Raw-Data 1'!E116-'Raw-Data 1'!B116 -> 0.1089 | C58: ='Raw-Data 1'!E108-'Raw-Data 1'!B108 -> 0.1037 | E58: ='Raw-Data 1'!E117-'Raw-Data 1'!B117 -> 0.1191 | F58: ='Raw-Data 1'!E109-'Raw-Data 1'!B109 -> 0.0673 | H58: ='Raw-Data 1'!E118-'Raw-Data 1'!B118 -> 0.062 | I58: ='Raw-Data 1'!E110-'Raw-Data 1'!B110 -> 0.1566 | K58: ='Raw-Data 1'!E119-'Raw-Data 1'!B119 -> 0.1895 | L58: ='Raw-Data 1'!E111-'Raw-Data 1'!B111 -> 0.2027 | N58: ='Raw-Data 1'!E120-'Raw-Data 1'!B120 -> 0.1139 | O58: ='Raw-Data 1'!E112-'Raw-Data 1'!B112 -> 0.1232 | Q58: ='Raw-Data 1'!E121-'Raw-Data 1'!B121 -> 0.0938 | R58: ='Raw-Data 1'!E113-'Raw-Data 1'!B113 -> 0.0761
A59: (-) | B59: =B58 -> 0.1089 | C59: =C58 -> 0.1037 | E59: =E58 -> 0.1191 | F59: =F58 -> 0.0673 | H59: =H58 -> 0.062 | I59: =I58 -> 0.1566 | K59: =K58 -> 0.1895 | L59: =L58 -> 0.2027 | N59: =N58 -> 0.1139 | O59: =O58 -> 0.1232 | Q59: =Q58 -> 0.0938 | R59: =R58 -> 0.0761
C76: MEDIAN
B77: Income decile in 2015 | C77: 2015 | D77: 2016
B78: Poorest decile | C78: 2.509 | D78: 3.427 | E78: 8.71
B79: 2 | C79: 4.211 | D79: 3.249 | E79: 8.71
B80: 3 | C80: 5.312 | D80: 4.451 | E80: 8.71
B81: 4 | C81: 6.541 | D81: 5.368 | E81: 8.71
B82: 5 | C82: 7.987 | D82: 4.961 | E82: 8.71
B83: 6 | C83: 9.306 | D83: 5.741 | E83: 8.71
B84: 7 | C84: 10.619 | D84: 8.866 | E84: 8.71
B85: 8 | C85: 12.787 | D85: 9.181 | E85: 8.71
B86: 9 | C86: 16.998 | D86: 8.532 | E86: 8.71
B87: Richest decile | C87: 25.166 | D87: 11.281 | E87: 8.71
C89: MEAN
B90: Income decile in 2015 | C90: 2015 | D90: 2016 | G90: 2015 (+) | H90: 2015 (-) | I90: 2016 (+) | J90: 2016 (-)
B91: Poorest decile | C91: =VALUE('Raw-Data 1'!B46) -> 2.489 | D91: =VALUE('Raw-Data 1'!B34) -> 3.985 | E91: 8.71 | G91: ='Raw-Data 1'!E46-'Raw-Data 1'!B46 -> 0.156 | H91: ='Raw-Data 1'!B46-'Raw-Data 1'!D46 -> 0.156 | I91: ='Raw-Data 1'!E34-'Raw-Data 1'!B34 -> 0.764 | J91: ='Raw-Data 1'!B34-'Raw-Data 1'!D34 -> 0.764
B92: 2 | C92: =VALUE('Raw-Data 1'!B47) -> 4.082 | D92: =VALUE('Raw-Data 1'!B35) -> 4.147 | E92: 8.71 | G92: ='Raw-Data 1'!E47-'Raw-Data 1'!B47 -> 0.185 | H92: ='Raw-Data 1'!B47-'Raw-Data 1'!D47 -> 0.185 | I92: ='Raw-Data 1'!E35-'Raw-Data 1'!B35 -> 1.821 | J92: ='Raw-Data 1'!B35-'Raw-Data 1'!D35 -> 1.821
B93: 3 | C93: =VALUE('Raw-Data 1'!B48) -> 5.309 | D93: =VALUE('Raw-Data 1'!B36) -> 5.95 | E93: 8.71 | G93: ='Raw-Data 1'!E48-'Raw-Data 1'!B48 -> 0.192 | H93: ='Raw-Data 1'!B48-'Raw-Data 1'!D48 -> 0.193 | I93: ='Raw-Data 1'!E36-'Raw-Data 1'!B36 -> 2.358 | J93: ='Raw-Data 1'!B36-'Raw-Data 1'!D36 -> 2.357
B94: 4 | C94: =VALUE('Raw-Data 1'!B49) -> 6.538 | D94: =VALUE('Raw-Data 1'!B37) -> 5.279 | E94: 8.71 | G94: ='Raw-Data 1'!E49-'Raw-Data 1'!B49 -> 0.142 | H94: ='Raw-Data 1'!B49-'Raw-Data 1'!D49 -> 0.143 | I94: ='Raw-Data 1'!E37-'Raw-Data 1'!B37 -> 1.043 | J94: ='Raw-Data 1'!B37-'Raw-Data 1'!D37 -> 1.043
B95: 5 | C95: =VALUE('Raw-Data 1'!B50) -> 7.878 | D95: =VALUE('Raw-Data 1'!B38) -> 6.549 | E95: 8.71 | G95: ='Raw-Data 1'!E50-'Raw-Data 1'!B50 -> 0.142 | H95: ='Raw-Data 1'!B50-'Raw-Data 1'!D50 -> 0.141 | I95: ='Raw-Data 1'!E38-'Raw-Data 1'!B38 -> 1.447 | J95: ='Raw-Data 1'!B38-'Raw-Data 1'!D38 -> 1.447
B96: 6 | C96: =VALUE('Raw-Data 1'!B51) -> 9.269 | D96: =VALUE('Raw-Data 1'!B39) -> 6.885 | E96: 8.71 | G96: ='Raw-Data 1'!E51-'Raw-Data 1'!B51 -> 0.177 | H96: ='Raw-Data 1'!B51-'Raw-Data 1'!D51 -> 0.177 | I96: ='Raw-Data 1'!E39-'Raw-Data 1'!B39 -> 1.055 | J96: ='Raw-Data 1'!B39-'Raw-Data 1'!D39 -> 1.055
B97: 7 | C97: =VALUE('Raw-Data 1'!B52) -> 10.802 | D97: =VALUE('Raw-Data 1'!B40) -> 9.899 | E97: 8.71 | G97: ='Raw-Data 1'!E52-'Raw-Data 1'!B52 -> 0.161 | H97: ='Raw-Data 1'!B52-'Raw-Data 1'!D52 -> 0.161 | I97: ='Raw-Data 1'!E40-'Raw-Data 1'!B40 -> 3.377 | J97: ='Raw-Data 1'!B40-'Raw-Data 1'!D40 -> 3.377
B98: 8 | C98: =VALUE('Raw-Data 1'!B53) -> 12.96 | D98: =VALUE('Raw-Data 1'!B41) -> 9.916 | E98: 8.71 | G98: ='Raw-Data 1'!E53-'Raw-Data 1'!B53 -> 0.373 | H98: ='Raw-Data 1'!B53-'Raw-Data 1'!D53 -> 0.373 | I98: ='Raw-Data 1'!E41-'Raw-Data 1'!B41 -> 2.211 | J98: ='Raw-Data 1'!B41-'Raw-Data 1'!D41 -> 2.211
B99: 9 | C99: =VALUE('Raw-Data 1'!B54) -> 16.819 | D99: =VALUE('Raw-Data 1'!B42) -> 9.867 | E99: 8.71 | G99: ='Raw-Data 1'!E54-'Raw-Data 1'!B54 -> 0.452 | H99: ='Raw-Data 1'!B54-'Raw-Data 1'!D54 -> 0.451 | I99: ='Raw-Data 1'!E42-'Raw-Data 1'!B42 -> 1.544 | J99: ='Raw-Data 1'!B42-'Raw-Data 1'!D42 -> 1.544
B100: Richest decile | C100: =VALUE('Raw-Data 1'!B55) -> 29.869 | D100: =VALUE('Raw-Data 1'!B43) -> 11.343 | E100: 8.71 | G100: ='Raw-Data 1'!E55-'Raw-Data 1'!B55 -> 3.024 | H100: ='Raw-Data 1'!B55-'Raw-Data 1'!D55 -> 3.024 | I100: ='Raw-Data 1'!E43-'Raw-Data 1'!B43 -> 4.438 | J100: ='Raw-Data 1'!B43-'Raw-Data 1'!D43 -> 4.438
C104: Expenditure 2015 | D104: Expenditure 2016 | G104: 2015 (+) | H104: 2015 (-) | I104: 2016 (+) | J104: 2016 (-)
B105: Agriculture | C105: =VALUE('Raw-Data 1'!B65) -> 9.498 | D105: =VALUE('Raw-Data 1'!B58) -> 7.206 | E105: 8.71 | G105: ='Raw-Data 1'!E65-'Raw-Data 1'!B65 -> 1.027 | H105: ='Raw-Data 1'!B65-'Raw-Data 1'!D65 -> 1.027 | I105: ='Raw-Data 1'!E58-'Raw-Data 1'!B58 -> 1.015 | J105: ='Raw-Data 1'!B58-'Raw-Data 1'!D58 -> 1.015
B106: Wages and salaries | C106: =VALUE('Raw-Data 1'!B66) -> 12.883 | D106: =VALUE('Raw-Data 1'!B59) -> 8.371 | E106: 8.71 | G106: ='Raw-Data 1'!E66-'Raw-Data 1'!B66 -> 1.815 | H106: ='Raw-Data 1'!B66-'Raw-Data 1'!D66 -> 1.814 | I106: ='Raw-Data 1'!E59-'Raw-Data 1'!B59 -> 1.39 | J106: ='Raw-Data 1'!B59-'Raw-Data 1'!D59 -> 1.389
B107: Own business | C107: =VALUE('Raw-Data 1'!B67) -> 11.346 | D107: =VALUE('Raw-Data 1'!B60) -> 8.944 | E107: 8.71 | G107: ='Raw-Data 1'!E67-'Raw-Data 1'!B67 -> 1.377 | H107: ='Raw-Data 1'!B67-'Raw-Data 1'!D67 -> 1.377 | I107: ='Raw-Data 1'!E60-'Raw-Data 1'!B60 -> 1.867 | J107: ='Raw-Data 1'!B60-'Raw-Data 1'!D60 -> 1.867
B108: Property income | C108: =VALUE('Raw-Data 1'!B68) -> 8.143 | D108: =VALUE('Raw-Data 1'!B61) -> 18.936 | E108: 8.71 | G108: ='Raw-Data 1'!E68-'Raw-Data 1'!B68 -> 3.449 | H108: ='Raw-Data 1'!B68-'Raw-Data 1'!D68 -> 3.449 | I108: ='Raw-Data 1'!E61-'Raw-Data 1'!B61 -> 6.717 | J108: ='Raw-Data 1'!B61-'Raw-Data 1'!D61 -> 6.717
B109: Remitances/Aid/Others | C109: =VALUE('Raw-Data 1'!B69) -> 6.814 | D109: =VALUE('Raw-Data 1'!B62) -> 5.081 | E109: 8.71 | G109: ='Raw-Data 1'!E69-'Raw-Data 1'!B69 -> 1.712 | H109: ='Raw-Data 1'!B69-'Raw-Data 1'!D69 -> 1.713 | I109: ='Raw-Data 1'!E62-'Raw-Data 1'!B62 -> 1.039 | J109: ='Raw-Data 1'!B62-'Raw-Data 1'!D62 -> 1.04
G110: ='Raw-Data 1'!E70-'Raw-Data 1'!B70 -> 1.203 | H110: ='Raw-Data 1'!B70-'Raw-Data 1'!D70 -> 1.204 | I110: ='Raw-Data 1'!E63-'Raw-Data 1'!B63 -> 0.972 | J110: ='Raw-Data 1'!B63-'Raw-Data 1'!D63 -> 0.971
G111: ='Raw-Data 1'!#REF!-'Raw-Data 1'!#REF! -> #REF! | H111: ='Raw-Data 1'!#REF!-'Raw-Data 1'!#REF! -> #REF! | I111: ='Raw-Data 1'!#REF!-'Raw-Data 1'!#REF! -> #REF! | J111: ='Raw-Data 1'!#REF!-'Raw-Data 1'!#REF! -> #REF!
C119: Non-Poor | E119: Poor
C120: 2015 | D120: 2016 | E120: 2015 | F120: 2016
B121: Agriculture | C121: =VALUE('Raw-Data 1'!B101) -> 0.294 | D121: =VALUE('Raw-Data 1'!B92) -> 0.372 | E121: =VALUE('Raw-Data 1'!F101) -> 0.462 | F121: =VALUE('Raw-Data 1'!F92) -> 0.452
B122: Wages and salaries | C122: =VALUE('Raw-Data 1'!B102) -> 0.508 | D122: =VALUE('Raw-Data 1'!B93) -> 0.435 | E122: =VALUE('Raw-Data 1'!F102) -> 0.208 | F122: =VALUE('Raw-Data 1'!F93) -> 0.288
B123: Own business | C123: =VALUE('Raw-Data 1'!B103) -> 0.13 | D123: =VALUE('Raw-Data 1'!B94) -> 0.133 | E123: =VALUE('Raw-Data 1'!F103) -> 0.1 | F123: =VALUE('Raw-Data 1'!F94) -> 0.109
B124: Property income | C124: =VALUE('Raw-Data 1'!B104) -> 0.007 | D124: =VALUE('Raw-Data 1'!B95) -> 0.013 | E124: =VALUE('Raw-Data 1'!F104) -> 0.017 | F124: =VALUE('Raw-Data 1'!F95) -> 0.001
B125: Remitances/Aid/Others | C125: =VALUE('Raw-Data 1'!B105) -> 0.061 | D125: =VALUE('Raw-Data 1'!B96) -> 0.047 | E125: =VALUE('Raw-Data 1'!F105) -> 0.214 | F125: =VALUE('Raw-Data 1'!F96) -> 0.15
D132: Poor | E132: Non-Poor | G132: (+) | H132: (-)
B133: Agricultural production | C133: 2015 | D133: =VALUE('Raw-Data 1'!F83) -> 0.6 | E133: =1-D133 -> 0.4 | G133: ='Raw-Data 1'!I83-'Raw-Data 1'!F83 -> 0.095 | H133: =G133 -> 0.095
C134: 2016 | D134: =VALUE('Raw-Data 1'!F74) -> 0.745 | E134: =1-D134 -> 0.255 | G134: ='Raw-Data 1'!I74-'Raw-Data 1'!F74 -> 0.064 | H134: =G134 -> 0.064
B136: Wages and salaries | C136: 2015 | D136: =VALUE('Raw-Data 1'!F84) -> 0.281 | E136: =1-D136 -> 0.719 | G136: ='Raw-Data 1'!I84-'Raw-Data 1'!F84 -> 0.078 | H136: =G136 -> 0.078
C137: 2016 | D137: =VALUE('Raw-Data 1'!F75) -> 0.615 | E137: =1-D137 -> 0.385 | G137: ='Raw-Data 1'!I75-'Raw-Data 1'!F75 -> 0.096 | H137: =G137 -> 0.096
B139: Own business enterprise | C139: 2015 | D139: =VALUE('Raw-Data 1'!F85) -> 0.425 | E139: =1-D139 -> 0.575 | G139: ='Raw-Data 1'!I85-'Raw-Data 1'!F85 -> 0.146 | H139: =G139 -> 0.146
C140: 2016 | D140: =VALUE('Raw-Data 1'!F76) -> 0.664 | E140: =1-D140 -> 0.336 | G140: ='Raw-Data 1'!I76-'Raw-Data 1'!F76 -> 0.098 | H140: =G140 -> 0.098
B142: Property income | C142: 2015 | D142: =VALUE('Raw-Data 1'!F86) -> 0.694 | E142: =1-D142 -> 0.306 | G142: ='Raw-Data 1'!I86-'Raw-Data 1'!F86 -> 0.211 | H142: =G142 -> 0.211
C143: 2016 | D143: =VALUE('Raw-Data 1'!F77) -> 0.121 | E143: =1-D143 -> 0.879 | G143: ='Raw-Data 1'!I77-'Raw-Data 1'!F77 -> 0.448 | H143: ='Raw-Data 1'!F77-'Raw-Data 1'!H77 -> 0.107
B145: Remitances/Aid /Others | C145: 2015 | D145: =VALUE('Raw-Data 1'!F87) -> 0.769 | E145: =1-D145 -> 0.231 | G145: ='Raw-Data 1'!I87-'Raw-Data 1'!F87 -> 0.115 | H145: =G145 -> 0.115
C146: 2016 | D146: =VALUE('Raw-Data 1'!F78) -> 0.884 | E146: =1-D146 -> 0.116 | G146: ='Raw-Data 1'!I78-'Raw-Data 1'!F78 -> 0.061 | H146: =G146 -> 0.061

Sheet Raw-Data 1
A1: Below 1.9 USD PPP 2011 poverty line | B1: Prop. | C1: SE | D1: LB | E1: UB | F1: N
A2: NonPoor | B2: 0.2915 | C2: 0.0300 | D2: 0.2353 | E2: 0.3549 | F2: 280
A3: Poor | B3: 0.7085 | C3: 0.0300 | D3: 0.6451 | E3: 0.7647 | F3: 360
A4: Total | B4: 1.0000 | F4: 640
A5: Gender of Household Head | B5: Mean | C5: SE | D5: LB | E5: UB | F5: N
A6: Male Head | B6: 0.6731 | C6: 0.0274 | D6: 0.6183 | E6: 0.7278 | F6: 367
A7: Female Head | B7: 0.7621 | C7: 0.0438 | D7: 0.6745 | E7: 0.8496 | F7: 276
A8: Total | B8: 0.7085 | C8: 0.0300 | D8: 0.6485 | E8: 0.7685 | F8: 643
A9: Below 1.9 USD PPP 2011 poverty line | B9: Prop. | C9: SE | D9: LB | E9: UB | F9: N
A10: NonPoor | B10: 0.5136 | C10: 0.0415 | D10: 0.4310 | E10: 0.5955 | F10: 400
A11: Poor | B11: 0.4864 | C11: 0.0415 | D11: 0.4045 | E11: 0.5690 | F11: 242
A12: Total | B12: 1.0000 | F12: 642
A13: Gender of Household Head | B13: Mean | C13: SE | D13: LB | E13: UB | F13: N
A14: Male Head | B14: 0.4350 | C14: 0.0512 | D14: 0.3326 | E14: 0.5373 | F14: 356
A15: Female Head | B15: 0.5617 | C15: 0.0461 | D15: 0.4694 | E15: 0.6540 | F15: 286
A16: Total | B16: 0.4859 | C16: 0.0415 | D16: 0.4028 | E16: 0.5690 | F16: 642
A17: Gender of Household Head | B17: Mean | C17: SE | D17: LB | E17: UB | F17: N
A18: Male Head | B18: 0.3308 | C18: 0.0281 | D18: 0.2747 | E18: 0.3870 | F18: 367
A19: Female Head | B19: 0.4163 | C19: 0.0467 | D19: 0.3228 | E19: 0.5098 | F19: 276
A20: Total | B20: 0.3649 | C20: 0.0340 | D20: 0.2969 | E20: 0.4330 | F20: 643
A21: Gender of Household Head | B21: Mean | C21: SE | D21: LB | E21: UB | F21: N
A22: Male Head | B22: 0.1866 | C22: 0.0341 | D22: 0.1184 | E22: 0.2548 | F22: 356
A23: Female Head | B23: 0.2200 | C23: 0.0204 | D23: 0.1792 | E23: 0.2609 | F23: 286
A24: Total | B24: 0.2000 | C24: 0.0227 | D24: 0.1546 | E24: 0.2454 | F24: 642
... A70: Total | B70: 10.554 | C70: 0.601 | D70: 9.350 | E70: 11.757 | F70: 639
A71: 2016
A72: RECODE of lhood (D.20 What is the household's main source of livelihood?) | B72: NonPoor | C72: NonPoor | D72: NonPoor | E72: NonPoor | F72: Poor | G72: Poor | H72: Poor | I72: Poor | J72: Total | K72: N
B73: Prop. | C73: SE | D73: LB | E73: UB | F73: Prop. | G73: SE | H73: LB | I73: UB | J73: Prop.
A74: Agriculture | B74: 0.255 | C74: 0.035 | D74: 0.191 | E74: 0.332 | F74: 0.745 | G74: 0.035 | H74: 0.668 | I74: 0.809 | J74: 1.000 | K74: 222
A75: Wages and salaries | B75: 0.385 | C75: 0.051 | D75: 0.289 | E75: 0.491 | F75: 0.615 | G75: 0.051 | H75: 0.509 | I75: 0.711 | J75: 1.000 | K75: 223
A76: Own business | B76: 0.336 | C76: 0.054 | D76: 0.238 | E76: 0.450 | F76: 0.664 | G76: 0.054 | H76: 0.550 | I76: 0.762 | J76: 1.000 | K76: 94
A77: Property income | B77: 0.879 | C77: 0.120 | D77: 0.431 | E77: 0.986 | F77: 0.121 | G77: 0.120 | H77: 0.014 | I77: 0.569 | J77: 1.000 | K77: 7
A78: Remittances/Aid/Others | B78: 0.116 | C78: 0.042 | D78: 0.055 | E78: 0.230 | F78: 0.884 | G78: 0.042 | H78: 0.770 | I78: 0.945 | J78: 1.000 | K78: 91
A79: Total | B79: 0.294 | C79: 0.030 | D79: 0.237 | E79: 0.357 | F79: 0.706 | G79: 0.030 | H79: 0.643 | I79: 0.763 | J79: 1.000 | K79: 637
A80: 2015
A81: RECODE of lhood (D.20 What is the household's main source of livelihood?) | B81: NonPoor | C81: NonPoor | D81: NonPoor | E81: NonPoor | F81: Poor | G81: Poor | H81: Poor | I81: Poor | J81: Total | K81: N
B82: Prop. | C82: SE | D82: LB | E82: UB | F82: Prop. | G82: SE | H82: LB | I82: UB | J82: Prop.
A83: Agriculture | B83: 0.400 | C83: 0.050 | D83: 0.305 | E83: 0.503 | F83: 0.600 | G83: 0.050 | H83: 0.497 | I83: 0.695 | J83: 1.000 | K83: 220
A84: Wages and salaries | B84: 0.719 | C84: 0.036 | D84: 0.641 | E84: 0.786 | F84: 0.281 | G84: 0.036 | H84: 0.214 | I84: 0.359 | J84: 1.000 | K84: 228
A85: Own business | B85: 0.575 | C85: 0.072 | D85: 0.429 | E85: 0.708 | F85: 0.425 | G85: 0.072 | H85: 0.292 | I85: 0.571 | J85: 1.000 | K85: 87
A86: Property income | B86: 0.306 | C86: 0.152 | D86: 0.095 | E86: 0.648 | F86: 0.694 | G86: 0.152 | H86: 0.352 | I86: 0.905 | J86: 1.000 | K86: 11
A87: Remittances/Aid/Others | B87: 0.231 | C87: 0.074 | D87: 0.116 | E87: 0.408 | F87: 0.769 | G87: 0.074 | H87: 0.592 | I87: 0.884 | J87: 1.000 | K87: 92
A88: Total | B88: 0.511 | C88: 0.042 | D88: 0.428 | E88: 0.594 | F88: 0.489 | G88: 0.042 | H88: 0.406 | I88: 0.572 | J88: 1.000 | K88: 638
A89: 2016
A90: RECODE of lhood (D.20 What is the household's main source of livelihood?) | B90: NonPoor | C90: NonPoor | D90: NonPoor | E90: NonPoor | F90: Poor | G90: Poor | H90: Poor | I90: Poor | J90: Total | K90: Total | L90: Total | M90: Total | N90: N
B91: Prop. | C91: SE | D91: LB | E91: UB | F91: Prop. | G91: SE | H91: LB | I91: UB | J91: Prop. | K91: SE | L91: LB | M91: UB
A92: Agriculture | B92: 0.372 | C92: 0.055 | D92: 0.270 | E92: 0.487 | F92: 0.452 | G92: 0.050 | H92: 0.355 | I92: 0.552 | J92: 0.428 | K92: 0.043 | L92: 0.346 | M92: 0.515 | N92: 222
A93: Wages and salaries | B93: 0.435 | C93: 0.050 | D93: 0.338 | E93: 0.537 | F93: 0.288 | G93: 0.034 | H93: 0.226 | I93: 0.360 | J93: 0.331 | K93: 0.033 | L93: 0.269 | M93: 0.400 | N93: 223
A94: Own business | B94: 0.133 | C94: 0.023 | D94: 0.092 | E94: 0.187 | F94: 0.109 | G94: 0.025 | H94: 0.068 | I94: 0.171 | J94: 0.116 | K94: 0.022 | L94: 0.078 | M94: 0.169 | N94: 94
A95: Property income | B95: 0.013 | C95: 0.006 | D95: 0.005 | E95: 0.034 | F95: 0.001 | G95: 0.001 | H95: 0.000 | I95: 0.006 | J95: 0.004 | K95: 0.002 | L95: 0.002 | M95: 0.011 | N95: 7
A96: Remittances/Aid/Others | B96: 0.047 | C96: 0.013 | D96: 0.028 | E96: 0.081 | F96: 0.150 | G96: 0.028 | H96: 0.103 | I96: 0.214 | J96: 0.120 | K96: 0.020 | L96: 0.086 | M96: 0.166 | N96: 91
A97: Total | B97: 1.000 | F97: 1.000 | J97: 1.000 | N97: 637
A98: 2015
A99: RECODE of lhood (D.20 What is the household's main source of livelihood?) | B99: NonPoor | C99: NonPoor | D99: NonPoor | E99: NonPoor | F99: Poor | G99: Poor | H99: Poor | I99: Poor | J99: Total | K99: Total | L99: Total | M99: Total | N99: N
B100: Prop. | C100: SE | D100: LB | E100: UB | F100: Prop. | G100: SE | H100: LB | I100: UB | J100: Prop. | K100: SE | L100: LB | M100: UB
A101: Agriculture | B101: 0.294 | C101: 0.033 | D101: 0.232 | E101: 0.364 | F101: 0.462 | G101: 0.059 | H101: 0.348 | I101: 0.580 | J101: 0.376 | K101: 0.038 | L101: 0.303 | M101: 0.455 | N101: 220
A102: Wages and salaries | B102: 0.508 | C102: 0.042 | D102: 0.425 | E102: 0.591 | F102: 0.208 | G102: 0.031 | H102: 0.153 | I102: 0.276 | J102: 0.361 | K102: 0.028 | L102: 0.307 | M102: 0.419 | N102: 228
A103: Own business | B103: 0.130 | C103: 0.024 | D103: 0.089 | E103: 0.185 | F103: 0.100 | G103: 0.017 | H103: 0.071 | I103: 0.140 | J103: 0.115 | K103: 0.017 | L103: 0.085 | M103: 0.154 | N103: 87
A104: Property income | B104: 0.007 | C104: 0.004 | D104: 0.003 | E104: 0.019 | F104: 0.017 | G104: 0.009 | H104: 0.006 | I104: 0.048 | J104: 0.012 | K104: 0.005 | L104: 0.005 | M104: 0.026 | N104: 11
A105: Remittances/Aid/Others | B105: 0.061 | C105: 0.014 | D105: 0.039 | E105: 0.096 | F105: 0.214 | G105: 0.043 | H105: 0.141 | I105: 0.311 | J105: 0.136 | K105: 0.025 | L105: 0.093 | M105: 0.194 | N105: 92
A106: Total | B106: 1.000 | F106: 1.000 | J106: 1.000 | N106: 638
A107: State of Residence | B107: Mean | C107: SE | D107: LB | E107: UB | F107: N
A108: Northern Bahr El Ghazal | B108: 0.7126 | C108: 0.0519 | D108: 0.6088 | E108: 0.8163 | F108: 112
A109: Western Bahr El Ghazal | B109: 0.8130 | C109: 0.0336 | D109: 0.7457 | E109: 0.8803 | F109: 115
A110: Lakes | B110: 0.5730 | C110: 0.0783 | D110: 0.4164 | E110: 0.7296 | F110: 90
A111: Western Equatoria | B111: 0.6553 | C111: 0.1013 | D111: 0.4526 | E111: 0.8580 | F111: 101
A112: Central Equatoria | B112: 0.4481 | C112: 0.0615 | D112: 0.3250 | E112: 0.5713 | F112: 137
A113: Eastern Equatoria | B113: 0.8716 | C113: 0.0381 | D113: 0.7954 | E113: 0.9477 | F113: 88
A114: Total | B114: 0.7085 | C114: 0.0300 | D114: 0.6485 | E114: 0.7685 | F114: 643
A115: State of Residence | B115: Mean | C115: SE | D115: LB | E115: UB | F115: N
A116: Northern Bahr El Ghazal | B116: 0.5062 | C116: 0.0544 | D116: 0.3973 | E116: 0.6151 | F116: 112
A117: Western Bahr El Ghazal | B117: 0.6924 | C117: 0.0595 | D117: 0.5733 | E117: 0.8115 | F117: 115
A118: Lakes | B118: 0.3572 | C118: 0.0310 | D118: 0.2951 | E118: 0.4192 | F118: 90
... A122: Total | B122: 0.4864 | C122: 0.0415 | D122: 0.4033 | E122: 0.5694 | F122: 643

Sheet Growth Incidence Curves
A2: Percentile in 2015 | B2: Percent change | C2: Change in 2015 SSP
A3: 0
A4: ='Raw-Data 7'!A31 -> 2 | B4: =VALUE('Raw-Data 7'!B31) -> 0.5558 | C4: =VALUE('Raw-Data 7'!B132) -> 1.1815
A5: ='Raw-Data 7'!A32 -> 3 | B5: =VALUE('Raw-Data 7'!B32) -> 0.543 | C5: =VALUE('Raw-Data 7'!B133) -> 0.3287
A6: ='Raw-Data 7'!A33 -> 4 | B6: =VALUE('Raw-Data 7'!B33) -> 0.147 | C6: =VALUE('Raw-Data 7'!B134) -> 3.4612
A7: ='Raw-Data 7'!A34 -> 5 | B7: =VALUE('Raw-Data 7'!B34) -> 1.5041 | C7: =VALUE('Raw-Data 7'!B135) -> 2.7868
A8: ='Raw-Data 7'!A35 -> 6 | B8: =VALUE('Raw-Data 7'!B35) -> 1.0798 | C8: =VALUE('Raw-Data 7'!B136) -> 1.3995
A9: ='Raw-Data 7'!A36 -> 7 | B9: =VALUE('Raw-Data 7'!B36) -> 0.5202 | C9: =VALUE('Raw-Data 7'!B137) -> 0.729
A10: ='Raw-Data 7'!A37 -> 8 | B10: =VALUE('Raw-Data 7'!B37) -> 0.245 | C10: =VALUE('Raw-Data 7'!B138) -> 3.7235
A11: ='Raw-Data 7'!A38 -> 9 | B11: =VALUE('Raw-Data 7'!B38) -> 1.1778 | C11: =VALUE('Raw-Data 7'!B139) -> 1.4642
A12: ='Raw-Data 7'!A39 -> 10 | B12: =VALUE('Raw-Data 7'!B39) -> 0.4479 | C12: =VALUE('Raw-Data 7'!B140) -> 3.5954
A13: ='Raw-Data 7'!A40 -> 11 | B13: =VALUE('Raw-Data 7'!B40) -> 1.0646 | C13: =VALUE('Raw-Data 7'!B141) -> 2.0346
A14: ='Raw-Data 7'!A41 -> 12 | B14: =VALUE('Raw-Data 7'!B41) -> 0.5571 | C14: =VALUE('Raw-Data 7'!B142) -> 0.6477
A15: ='Raw-Data 7'!A42 -> 13 | B15: =VALUE('Raw-Data 7'!B42) -> 0.1637 | C15: =VALUE('Raw-Data 7'!B143) -> -1.8622
... A101: ='Raw-Data 7'!A128 -> Total | B101: =VALUE('Raw-Data 7'!B128) -> -0.0383 | C101: =VALUE('Raw-Data 7'!B229) -> 0

Sheet Consumption Movement Matrix
C2: Consumption decile in 2015
B3: Consumption decile in 2016 | C3: Poorest Decile | D3: 2 | E3: 3 | F3: 4 | G3: 5 | H3: 6 | I3: 7 | J3: 8 | K3: 9 | L3: Richest decile
B4: Poorest Decile | C4: =VALUE('Raw-Data 7'!B4) -> 0 | D4: =VALUE('Raw-Data 7'!C4) -> 6.28 | E4: =VALUE('Raw-Data 7'!D4) -> 0 | F4: =VALUE('Raw-Data 7'!E4) -> 0 | G4: =VALUE('Raw-Data 7'!F4) -> 7.34 | H4: =VALUE('Raw-Data 7'!G4) -> 12.99 | I4: =VALUE('Raw-Data 7'!H4) -> 0 | J4: =VALUE('Raw-Data 7'!I4) -> 0 | ... L4: =VALUE('Raw-Data 7'!K4) -> 7.67
B5: 2 | C5: =VALUE('Raw-Data 7'!B5) -> 9.79 | D5: =VALUE('Raw-Data 7'!C5) -> 5.69 | E5: =VALUE('Raw-Data 7'!D5) -> 16.66 | F5: =VALUE('Raw-Data 7'!E5) -> 0 | G5: =VALUE('Raw-Data 7'!F5) -> 0 | H5: =VALUE('Raw-Data 7'!G5) -> 10.99 | I5: =VALUE('Raw-Data 7'!H5) -> 0 | J5: =VALUE('Raw-Data 7'!I5) -> 0 | ... L5: =VALUE('Raw-Data 7'!K5) -> 0
B6: 3 | C6: =VALUE('Raw-Data 7'!B6) -> 0 | D6: =VALUE('Raw-Data 7'!C6) -> 37.84 | E6: =VALUE('Raw-Data 7'!D6) -> 23.87 | F6: =VALUE('Raw-Data 7'!E6) -> 25.08 | G6: =VALUE('Raw-Data 7'!F6) -> 0 | H6: =VALUE('Raw-Data 7'!G6) -> 0 | I6: =VALUE('Raw-Data 7'!H6) -> 0 | J6: =VALUE('Raw-Data 7'!I6) -> 0 | ... L6: =VALUE('Raw-Data 7'!K6) -> 0
B7: 4 | C7: =VALUE('Raw-Data 7'!B7) -> 72.97 | D7: =VALUE('Raw-Data 7'!C7) -> 0 | E7: =VALUE('Raw-Data 7'!D7) -> 32.65 | F7: =VALUE('Raw-Data 7'!E7) -> 0 | G7: =VALUE('Raw-Data 7'!F7) -> 34.23 | H7: =VALUE('Raw-Data 7'!G7) -> 0 | I7: =VALUE('Raw-Data 7'!H7) -> 0 | J7: =VALUE('Raw-Data 7'!I7) -> 15.13 | ... L7: =VALUE('Raw-Data 7'!K7) -> 0
B8: 5 | C8: =VALUE('Raw-Data 7'!B8) -> 17.25 | D8: =VALUE('Raw-Data 7'!C8) -> 0 | E8: =VALUE('Raw-Data 7'!D8) -> 0 | F8: =VALUE('Raw-Data 7'!E8) -> 0 | G8: =VALUE('Raw-Data 7'!F8) -> 25.19 | H8: =VALUE('Raw-Data 7'!G8) -> 0 | I8: =VALUE('Raw-Data 7'!H8) -> 0 | J8: =VALUE('Raw-Data 7'!I8) -> 7.57 | ... L8: =VALUE('Raw-Data 7'!K8) -> 7.54
B9: 6 | C9: =VALUE('Raw-Data 7'!B9) -> 0 | D9: =VALUE('Raw-Data 7'!C9) -> 0 | E9: =VALUE('Raw-Data 7'!D9) -> 0 | F9: =VALUE('Raw-Data 7'!E9) -> 0 | G9: =VALUE('Raw-Data 7'!F9) -> 0 | H9: =VALUE('Raw-Data 7'!G9) -> 34.41 | I9: =VALUE('Raw-Data 7'!H9) -> 37.43 | J9: =VALUE('Raw-Data 7'!I9) -> 11.73 | ... L9: =VALUE('Raw-Data 7'!K9) -> 14.87
B10: 7 | C10: =VALUE('Raw-Data 7'!B10) -> 0 | D10: =VALUE('Raw-Data 7'!C10) -> 0 | E10: =VALUE('Raw-Data 7'!D10) -> 0 | F10: =VALUE('Raw-Data 7'!E10) -> 0 | G10: =VALUE('Raw-Data 7'!F10) -> 0 | H10: =VALUE('Raw-Data 7'!G10) -> 9.44 | I10: =VALUE('Raw-Data 7'!H10) -> 1.88 | J10: =VALUE('Raw-Data 7'!I10) -> 6.21 | ... L10: =VALUE('Raw-Data 7'!K10) -> 0
B11: 8 | C11: =VALUE('Raw-Data 7'!B11) -> 0 | D11: =VALUE('Raw-Data 7'!C11) -> 50.19 | E11: =VALUE('Raw-Data 7'!D11) -> 0 | F11: =VALUE('Raw-Data 7'!E11) -> 74.92 | G11: =VALUE('Raw-Data 7'!F11) -> 28.8 | H11: =VALUE('Raw-Data 7'!G11) -> 4.81 | I11: =VALUE('Raw-Data 7'!H11) -> 15.48 | J11: =VALUE('Raw-Data 7'!I11) -> 19.79 | ... L11: =VALUE('Raw-Data 7'!K11) -> 1.07
B12: 9 | C12: =VALUE('Raw-Data 7'!B12) -> 0 | D12: =VALUE('Raw-Data 7'!C12) -> 0 | E12: =VALUE('Raw-Data 7'!D12) -> 8.44 | F12: =VALUE('Raw-Data 7'!E12) -> 0 | G12: =VALUE('Raw-Data 7'!F12) -> 4.44 | H12: =VALUE('Raw-Data 7'!G12) -> 12.1 | I12: =VALUE('Raw-Data 7'!H12) -> 9 | J12: =VALUE('Raw-Data 7'!I12) -> 12.58 | ... L12: =VALUE('Raw-Data 7'!K12) -> 9.91
B13: Richest Decile | C13: =VALUE('Raw-Data 7'!B13) -> 0 | D13: =VALUE('Raw-Data 7'!C13) -> 0 | E13: =VALUE('Raw-Data 7'!D13) -> 18.39 | F13: =VALUE('Raw-Data 7'!E13) -> 0 | G13: =VALUE('Raw-Data 7'!F13) -> 0 | H13: =VALUE('Raw-Data 7'!G13) -> 15.25 | I13: =VALUE('Raw-Data 7'!H13) -> 36.21 | J13: =VALUE('Raw-Data 7'!I13) -> 26.99 | ... L13: =VALUE('Raw-Data 7'!K13) -> 58.93
B14: Total | C14: =VALUE('Raw-Data 7'!B14) -> 100 | D14: =VALUE('Raw-Data 7'!C14) -> 100 | E14: =VALUE('Raw-Data 7'!D14) -> 100 | F14: =VALUE('Raw-Data 7'!E14) -> 100 | G14: =VALUE('Raw-Data 7'!F14) -> 100 | H14: =VALUE('Raw-Data 7'!G14) -> 100 | I14: =VALUE('Raw-Data 7'!H14) -> 100 | J14: =VALUE('Raw-Data 7'!I14) -> 100 | ... L14: =VALUE('Raw-Data 7'!K14) -> 100
C16: Consumption decile in 2016
B17: Consumption decile in 2015 | C17: Poorest Decile | D17: 2 | E17: 3 | F17: 4 | G17: 5 | H17: 6 | I17: 7 | J17: 8 | K17: 9 | L17: Richest decile
B18: Poorest Decile | C18: =VALUE('Raw-Data 7'!B18) -> 0 | D18: =VALUE('Raw-Data 7'!C18) -> 21.19 | E18: =VALUE('Raw-Data 7'!D18) -> 0 | F18: =VALUE('Raw-Data 7'!E18) -> 41.89 | G18: =VALUE('Raw-Data 7'!F18) -> 36.53 | H18: =VALUE('Raw-Data 7'!G18) -> 0 | I18: =VALUE('Raw-Data 7'!H18) -> 0 | J18: =VALUE('Raw-Data 7'!I18) -> 0 | ... L18: =VALUE('Raw-Data 7'!K18) -> 0
B19: 2 | C19: =VALUE('Raw-Data 7'!B19) -> 14.25 | D19: =VALUE('Raw-Data 7'!C19) -> 8.72 | E19: =VALUE('Raw-Data 7'!D19) -> 44.61 | F19: =VALUE('Raw-Data 7'!E19) -> 0 | G19: =VALUE('Raw-Data 7'!F19) -> 0 | H19: =VALUE('Raw-Data 7'!G19) -> 0 | I19: =VALUE('Raw-Data 7'!H19) -> 0 | J19: =VALUE('Raw-Data 7'!I19) -> 27.6 | ... L19: =VALUE('Raw-Data 7'!K19) -> 0
B20: 3 | C20: =VALUE('Raw-Data 7'!B20) -> 0 | D20: =VALUE('Raw-Data 7'!C20) -> 43.18 | E20: =VALUE('Raw-Data 7'!D20) -> 47.61 | F20: =VALUE('Raw-Data 7'!E20) -> 22.44 | G20: =VALUE('Raw-Data 7'!F20) -> 0 | H20: =VALUE('Raw-Data 7'!G20) -> 0 | I20: =VALUE('Raw-Data 7'!H20) -> 0 | J20: =VALUE('Raw-Data 7'!I20) -> 0 | ... L20: =VALUE('Raw-Data 7'!K20) -> 12.58
B21: 4 | C21: =VALUE('Raw-Data 7'!B21) -> 0 | D21: =VALUE('Raw-Data 7'!C21) -> 0 | E21: =VALUE('Raw-Data 7'!D21) -> 7.78 | F21: =VALUE('Raw-Data 7'!E21) -> 0 | G21: =VALUE('Raw-Data 7'!F21) -> 0 | H21: =VALUE('Raw-Data 7'!G21) -> 0 | I21: =VALUE('Raw-Data 7'!H21) -> 0 | J21: =VALUE('Raw-Data 7'!I21) -> 10.84 | ... L21: =VALUE('Raw-Data 7'!K21) -> 0
B22: 5 | C22: =VALUE('Raw-Data 7'!B22) -> 13.65 | D22: =VALUE('Raw-Data 7'!C22) -> 0 | E22: =VALUE('Raw-Data 7'!D22) -> 0 | F22: =VALUE('Raw-Data 7'!E22) -> 11.39 | G22: =VALUE('Raw-Data 7'!F22) -> 30.94 | H22: =VALUE('Raw-Data 7'!G22) -> 0 | I22: =VALUE('Raw-Data 7'!H22) -> 0 | J22: =VALUE('Raw-Data 7'!I22) -> 12.98 | ... L22: =VALUE('Raw-Data 7'!K22) -> 0
B23: 6 | C23: =VALUE('Raw-Data 7'!B23) -> 47.05 | D23: =VALUE('Raw-Data 7'!C23) -> 26.9 | E23: =VALUE('Raw-Data 7'!D23) -> 0 | F23: =VALUE('Raw-Data 7'!E23) -> 0 | G23: =VALUE('Raw-Data 7'!F23) -> 0 | H23: =VALUE('Raw-Data 7'!G23) -> 41.29 | I23: =VALUE('Raw-Data 7'!H23) -> 47.36 | J23: =VALUE('Raw-Data 7'!I23) -> 4.22 | ... L23: =VALUE('Raw-Data 7'!K23) -> 9.84
B24: 7 | C24: =VALUE('Raw-Data 7'!B24) -> 0 | D24: =VALUE('Raw-Data 7'!C24) -> 0 | E24: =VALUE('Raw-Data 7'!D24) -> 0 | F24: =VALUE('Raw-Data 7'!E24) -> 0 | G24: =VALUE('Raw-Data 7'!F24) -> 0 | H24: =VALUE('Raw-Data 7'!G24) -> 29.99 | I24: =VALUE('Raw-Data 7'!H24) -> 6.3 | J24: =VALUE('Raw-Data 7'!I24) -> 9.08 | ... L24: =VALUE('Raw-Data 7'!K24) -> 15.61
B25: 8 | C25: =VALUE('Raw-Data 7'!B25) -> 0 | D25: =VALUE('Raw-Data 7'!C25) -> 0 | E25: =VALUE('Raw-Data 7'!D25) -> 0 | F25: =VALUE('Raw-Data 7'!E25) -> 8.81 | G25: =VALUE('Raw-Data 7'!F25) -> 16.27 | H25: =VALUE('Raw-Data 7'!G25) -> 12.64 | I25: =VALUE('Raw-Data 7'!H25) -> 27.98 | J25: =VALUE('Raw-Data 7'!I25) -> 15.61 | ... L25: =VALUE('Raw-Data 7'!K25) -> 15.64
B26: 9 | C26: =VALUE('Raw-Data 7'!B26) -> 0 | D26: =VALUE('Raw-Data 7'!C26) -> 0 | E26: =VALUE('Raw-Data 7'!D26) -> 0 | F26: =VALUE('Raw-Data 7'!E26) -> 15.47 | G26: =VALUE('Raw-Data 7'!F26) -> 0 | H26: =VALUE('Raw-Data 7'!G26) -> 0 | I26: =VALUE('Raw-Data 7'!H26) -> 18.36 | J26: =VALUE('Raw-Data 7'!I26) -> 18.83 | ... L26: =VALUE('Raw-Data 7'!K26) -> 12.03
B27: Richest Decile | C27: =VALUE('Raw-Data 7'!B27) -> 25.05 | D27: =VALUE('Raw-Data 7'!C27) -> 0 | E27: =VALUE('Raw-Data 7'!D27) -> 0 | F27: =VALUE('Raw-Data 7'!E27) -> 0 | G27: =VALUE('Raw-Data 7'!F27) -> 16.27 | H27: =VALUE('Raw-Data 7'!G27) -> 16.09 | I27: =VALUE('Raw-Data 7'!H27) -> 0 | J27: =VALUE('Raw-Data 7'!I27) -> 0.84 | ... L27: =VALUE('Raw-Data 7'!K27) -> 34.29
B28: Total | C28: =VALUE('Raw-Data 7'!B28) -> 100 | D28: =VALUE('Raw-Data 7'!C28) -> 100 | E28: =VALUE('Raw-Data 7'!D28) -> 100 | F28: =VALUE('Raw-Data 7'!E28) -> 100 | G28: =VALUE('Raw-Data 7'!F28) -> 100 | H28: =VALUE('Raw-Data 7'!G28) -> 100 | I28: =VALUE('Raw-Data 7'!H28) -> 100 | J28: =VALUE('Raw-Data 7'!I28) -> 100 | ... L28: =VALUE('Raw-Data 7'!K28) -> 100

Sheet Raw-Data 7
B1: 2015 pct_10
A2: 2016 pct_10 | B2: 1 | C2: 2 | D2: 3 | E2: 4 | F2: 5 | G2: 6 | H2: 7 | I2: 8 | J2: 9 | K2: 10 | L2: Total
B3: % | C3: % | D3: % | E3: % | F3: % | G3: % | H3: % | I3: % | J3: % | K3: % | L3: %
A4: 1 | B4: 0.00 | C4: 6.28 | D4: 0.00 | E4: 0.00 | F4: 7.34 | G4: 12.99 | H4: 0.00 | I4: 0.00 | J4: 0.00 | K4: 7.67 | L4: 3.61
A5: 2 | B5: 9.79 | C5: 5.69 | D5: 16.66 | E5: 0.00 | F5: 0.00 | G5: 10.99 | H5: 0.00 | I5: 0.00 | J5: 0.00 | K5: 0.00 | L5: 5.35
A6: 3 | B6: 0.00 | C6: 37.84 | D6: 23.87 | E6: 25.08 | F6: 0.00 | G6: 0.00 | H6: 0.00 | I6: 0.00 | J6: 0.00 | K6: 0.00 | L6: 6.95
A7: 4 | B7: 72.97 | C7: 0.00 | D7: 32.65 | E7: 0.00 | F7: 34.23 | G7: 0.00 | H7: 0.00 | I7: 15.13 | J7: 25.79 | K7: 0.00 | L7: 20.18
A8: 5 | B8: 17.25 | C8: 0.00 | D8: 0.00 | E8: 0.00 | F8: 25.19 | G8: 0.00 | H8: 0.00 | I8: 7.57 | J8: 0.00 | K8: 7.54 | L8: 5.47
A9: 6 | B9: 0.00 | C9: 0.00 | D9: 0.00 | E9: 0.00 | F9: 0.00 | G9: 34.41 | H9: 37.43 | I9: 11.73 | J9: 0.00 | K9: 14.87 | L9: 10.91
A10: 7 | B10: 0.00 | C10: 0.00 | D10: 0.00 | E10: 0.00 | F10: 0.00 | G10: 9.44 | H10: 1.88 | I10: 6.21 | J10: 3.96 | K10: 0.00 | L10: 2.61
A11: 8 | B11: 0.00 | C11: 50.19 | D11: 0.00 | E11: 74.92 | F11: 28.80 | G11: 4.81 | H11: 15.48 | I11: 19.79 | J11: 23.19 | K11: 1.07 | L11: 14.90
A12: 9 | B12: 0.00 | C12: 0.00 | D12: 8.44 | E12: 0.00 | F12: 4.44 | G12: 12.10 | H12: 9.00 | I12: 12.58 | J12: 26.89 | K12: 9.91 | L12: 9.74
A13: 10 | B13: 0.00 | C13: 0.00 | D13: 18.39 | E13: 0.00 | F13: 0.00 | G13: 15.25 | H13: 36.21 | I13: 26.99 | J13: 20.17 | K13: 58.93 | L13: 20.28
A14: Total | B14: 100.00 | C14: 100.00 | D14: 100.00 | E14: 100.00 | F14: 100.00 | G14: 100.00 | H14: 100.00 | I14: 100.00 | J14: 100.00 | K14: 100.00 | L14: 100.00
B15: 2016 pct_10
A16: 2015 pct_10 | B16: 1 | C16: 2 | D16: 3 | E16: 4 | F16: 5 | G16: 6 | H16: 7 | I16: 8 | J16: 9 | K16: 10 | L16: Total
B17: % | C17: % | D17: % | E17: % | F17: % | G17: % | H17: % | I17: % | J17: % | K17: % | L17: %
A18: 1 | B18: 0.00 | C18: 21.19 | D18: 0.00 | E18: 41.89 | F18: 36.53 | G18: 0.00 | H18: 0.00 | I18: 0.00 | J18: 0.00 | K18: 0.00 | L18: 11.58
A19: 2 | B19: 14.25 | C19: 8.72 | D19: 44.61 | E19: 0.00 | F19: 0.00 | G19: 0.00 | H19: 0.00 | I19: 27.60 | J19: 0.00 | K19: 0.00 | L19: 8.20
A20: 3 | B20: 0.00 | C20: 43.18 | D20: 47.61 | E20: 22.44 | F20: 0.00 | G20: 0.00 | H20: 0.00 | I20: 0.00 | J20: 12.01 | K20: 12.58 | L20: 13.86
A21: 4 | B21: 0.00 | C21: 0.00 | D21: 7.78 | E21: 0.00 | F21: 0.00 | G21: 0.00 | H21: 0.00 | I21: 10.84 | J21: 0.00 | K21: 0.00 | L21: 2.16
A22: 5 | B22: 13.65 | C22: 0.00 | D22: 0.00 | E22: 11.39 | F22: 30.94 | G22: 0.00 | H22: 0.00 | I22: 12.98 | J22: 3.06 | K22: 0.00 | L22: 6.72
A23: 6 | B23: 47.05 | C23: 26.90 | D23: 0.00 | E23: 0.00 | F23: 0.00 | G23: 41.29 | H23: 47.36 | I23: 4.22 | J23: 16.26 | K23: 9.84 | L23: 13.09
A24: 7 | B24: 0.00 | C24: 0.00 | D24: 0.00 | E24: 0.00 | F24: 0.00 | G24: 29.99 | H24: 6.30 | I24: 9.08 | J24: 8.08 | K24: 15.61 | L24: 8.74
A25: 8 | B25: 0.00 | C25: 0.00 | D25: 0.00 | E25: 8.81 | F25: 16.27 | G25: 12.64 | H25: 27.98 | I25: 15.61 | J25: 15.18 | K25: 15.64 | L25: 11.75
A26: 9 | B26: 0.00 | C26: 0.00 | D26: 0.00 | E26: 15.47 | F26: 0.00 | G26: 0.00 | H26: 18.36 | I26: 18.83 | J26: 33.41 | K26: 12.03 | L26: 12.10
A27: 10 | B27: 25.05 | C27: 0.00 | D27: 0.00 | E27: 0.00 | F27: 16.27 | G27: 16.09 | H27: 0.00 | I27: 0.84 | J27: 12.01 | K27: 34.29 | L27: 11.80
A28: Total | B28: 100.00 | C28: 100.00 | D28: 100.00 | E28: 100.00 | F28: 100.00 | G28: 100.00 | H28: 100.00 | I28: 100.00 | J28: 100.00 | K28: 100.00 | L28: 100.00
A29: Consumption percentiles in 2015 | B29: Mean | C29: LB | D29: UB
A30: 1 | B30: 1.6061 | C30: -0.2442 | D30: 3.4564
A31: 2 | B31: 0.5558 | C31: 0.1808 | D31: 0.9308
A32: 3 | B32: 0.5430 | C32: 0.3517 | D32: 0.7343
A33: 4 | B33: 0.1470 | C33: -0.2513 | D33: 0.5454
A34: 5 | B34: 1.5041 | C34: -0.5511 | D34: 3.5593
A35: 6 | B35: 1.0798 | C35: 0.2443 | D35: 1.9153
A36: 7 | B36: 0.5202 | C36: -0.2585 | D36: 1.2989
A37: 8 | B37: 0.2450 | C37: 0.1257 | D37: 0.3643
A38: 9 | B38: 1.1778 | C38: -0.4544 | D38: 2.8099
A39: 10 | B39: 0.4479 | C39: -0.0070 | D39: 0.9029
A40: 11 | B40: 1.0646 | C40: 0.0767 | D40: 2.0525
... A228: Total | B228: -2.3625 | C228: -3.2489 | D228: -1.4762

Sheet Hunger
B2: 2013 | C2: 2014 | D2: 2015 | E2: 2016 | H2: Hunger status | N2: Total | P2: Male Head | Q2: Female Head | S2: Poorest Quintile | T2: Q2 | U2: Q3 | V2: Q4 | W2: Richest Quintile | Y2: Poor | Z2: Non-Poor
A3: Never | B3: 55.6 | C3: 20.3 | D3: =VALUE('Raw-Data 2'!B4) -> 29.4 | E3: =VALUE('Raw-Data 2'!E4) -> 29.9 | H3: Improved | I3: =VALUE('Raw-Data 2'!B10) -> 19.8 | M3: Improved | N3: =VALUE('Raw-Data 2'!G79) -> 19.7 | P3: =VALUE('Raw-Data 2'!B65) -> 18.8 | Q3: =VALUE('Raw-Data 2'!E65) -> 21.2 | S3: =VALUE('Raw-Data 2'!B79) -> 9.2 | T3: =VALUE('Raw-Data 2'!C79) -> 21.2 | U3: =VALUE('Raw-Data 2'!D79) -> 27.7 | V3: =VALUE('Raw-Data 2'!E79) -> 22.1 | W3: =VALUE('Raw-Data 2'!F79) -> 17.8 | Y3: =VALUE('Raw-Data 2'!E72) -> 16.3 | Z3: =VALUE('Raw-Data 2'!B72) -> 22
A4: Rarely (1-2 times) | B4: 17.3 | C4: 31.8 | D4: =VALUE('Raw-Data 2'!B5) -> 45.6 | E4: =VALUE('Raw-Data 2'!E5) -> 40.4 | H4: Stayed the same | I4: =VALUE('Raw-Data 2'!B11) -> 54.2 | M4: Stayed the same | N4: =VALUE('Raw-Data 2'!G80) -> 54.4 | P4: =VALUE('Raw-Data 2'!B66) -> 54.2 | Q4: =VALUE('Raw-Data 2'!E66) -> 54.2 | S4: =VALUE('Raw-Data 2'!B80) -> 60.6 | T4: =VALUE('Raw-Data 2'!C80) -> 52.8 | U4: =VALUE('Raw-Data 2'!D80) -> 46.3 | V4: =VALUE('Raw-Data 2'!E80) -> 57.7 | W4: =VALUE('Raw-Data 2'!F80) -> 55 | Y4: =VALUE('Raw-Data 2'!E73) -> 56 | Z4: =VALUE('Raw-Data 2'!B73) -> 53.2 | AD4: NBG | AE4: WBG | AF4: LKS | AG4: WES | AH4: CES | AI4: EES
A5: Sometimes (3-10 times) | B5: 18.8 | C5: 34.2 | D5: =VALUE('Raw-Data 2'!B6) -> 22.4 | E5: =VALUE('Raw-Data 2'!E6) -> 26.2 | H5: Worsened | I5: =VALUE('Raw-Data 2'!B12) -> 25.9 | M5: Worsened | N5: =VALUE('Raw-Data 2'!G81) -> 26 | P5: =VALUE('Raw-Data 2'!B67) -> 27 | Q5: =VALUE('Raw-Data 2'!E67) -> 24.6 | S5: =VALUE('Raw-Data 2'!B81) -> 30.2 | T5: =VALUE('Raw-Data 2'!C81) -> 26 | U5: =VALUE('Raw-Data 2'!D81) -> 26 | V5: =VALUE('Raw-Data 2'!E81) -> 20.3 | W5: =VALUE('Raw-Data 2'!F81) -> 27.2 | Y5: =VALUE('Raw-Data 2'!E74) -> 27.7 | Z5: =VALUE('Raw-Data 2'!B74) -> 24.7 | AC5: Improved | AD5: 0.2155 | AE5: 0.0856 | AF5: 0.1365 | AG5: 0.1943 | AH5: 0.2607 | AI5: 0.3116 | AM5: Agriculture | AN5: Wages and salaries | AO5: Owned business | AP5: Property income | AQ5: Remitances | AR5: Aid | AS5: Others
A6: Often (more than 10 times) | B6: 8.4 | C6: 13.6 | D6: =VALUE('Raw-Data 2'!B7) -> 2.5 | E6: =VALUE('Raw-Data 2'!E7) -> 3.5 | AC6: Stayed the same | AD6: 0.5494 | AE6: 0.6092 | AF6: 0.7135 | AG6: 0.5534 | AH6: 0.518 | AI6: 0.3772 | AL6: Improved | AM6: 0.2184 | AN6: 0.2126 | AO6: 0.1264 | AP6: 0.134 | AQ6: 0.2677 | AR6: 0.0625 | AS6: 0.1929
AC7: Worsened | AD7: 0.2351 | AE7: 0.3052 | AF7: 0.15 | AG7: 0.2523 | AH7: 0.2213 | AI7: 0.3113 | AL7: Stayed the same | AM7: 0.5019 | AN7: 0.5858 | AO7: 0.5598 | AP7: 0.7272 | AQ7: 0.459 | AR7: 0.8606 | AS7: 0.4166
AL8: Worsened | AM8: 0.2797 | AN8: 0.2017 | AO8: 0.3139 | AP8: 0.1388 | AQ8: 0.2733 | AR8: 0.0769 | AS8: 0.3906
B25: Total | G25: Male Head | J25: Female Head | M25: Poor | O25: Non-Poor
B26: 2013 | C26: 2014 | D26: 2015 | E26: 2016 | G26: 2015 | H26: 2016 | J26: 2015 | K26: 2016 | M26: 2015 | N26: 2016 | O26: 2015 | P26: 2016
A27: Never | B27: 55.6 | C27: 20.3 | D27: =VALUE('Raw-Data 2'!B4) -> 29.4 | E27: =VALUE('Raw-Data 2'!E4) -> 29.9 | G27: =VALUE('Raw-Data 2'!B25) -> 32.4 | H27: =VALUE('Raw-Data 2'!B17) -> 32.5 | J27: =VALUE('Raw-Data 2'!E25) -> 26 | K27: =VALUE('Raw-Data 2'!E17) -> 26.4 | M27: =VALUE('Raw-Data 2'!E41) -> 15.4 | N27: =VALUE('Raw-Data 2'!E33) -> 22 | O27: =VALUE('Raw-Data 2'!B41) -> 39.9 | P27: =VALUE('Raw-Data 2'!B33) -> 43.2
A28: Rarely (1-2 times) | B28: 17.3 | C28: 31.8 | D28: =VALUE('Raw-Data 2'!B5) -> 45.6 | E28: =VALUE('Raw-Data 2'!E5) -> 40.4 | G28: =VALUE('Raw-Data 2'!B26) -> 42 | H28: =VALUE('Raw-Data 2'!B18) -> 39.8 | J28: =VALUE('Raw-Data 2'!E26) -> 49.8 | K28: =VALUE('Raw-Data 2'!E18) -> 41.2 | M28: =VALUE('Raw-Data 2'!E42) -> 52.7 | N28: =VALUE('Raw-Data 2'!E34) -> 39.3 | O28: =VALUE('Raw-Data 2'!B42) -> 40.2 | P28: =VALUE('Raw-Data 2'!B34) -> 42
A29: Sometimes (3-10 times) | B29: 18.8 | C29: 34.2 | D29: =VALUE('Raw-Data 2'!B6) -> 22.4 | E29: =VALUE('Raw-Data 2'!E6) -> 26.2 | G29: =VALUE('Raw-Data 2'!B27) -> 23 | H29: =VALUE('Raw-Data 2'!B19) -> 24 | J29: =VALUE('Raw-Data 2'!E27) -> 21.8 | K29: =VALUE('Raw-Data 2'!E19) -> 29.4 | M29: =VALUE('Raw-Data 2'!E43) -> 30.1 | N29: =VALUE('Raw-Data 2'!E35) -> 34.1 | O29: =VALUE('Raw-Data 2'!B43) -> 16.9 | P29: =VALUE('Raw-Data 2'!B35) -> 13.6
A30: Often (more than 10 times) | B30: 8.4 | C30: 13.6 | D30: =VALUE('Raw-Data 2'!B7) -> 2.5 | E30: =VALUE('Raw-Data 2'!E7) -> 3.5 | G30: =VALUE('Raw-Data 2'!B28) -> 2.6 | H30: =VALUE('Raw-Data 2'!B20) -> 3.8 | J30: =VALUE('Raw-Data 2'!E28) -> 2.4 | K30: =VALUE('Raw-Data 2'!E20) -> 3 | M30: =VALUE('Raw-Data 2'!E44) -> 1.8 | N30: =VALUE('Raw-Data 2'!E36) -> 4.7 | O30: =VALUE('Raw-Data 2'!B44) -> 3 | P30: =VALUE('Raw-Data 2'!B36) -> 1.3
B48: Total | G48: Poorest Quintile | H48: Q2 | I48: Q3 | J48: Q4 | K48: Richest Quintile | M48: Poorest Quintile | N48: Q2 | O48: Q3 | P48: Q4 | Q48: Richest Quintile
B49: 2013 | C49: 2014 | D49: 2015 | E49: 2016 | G49: 2015 | H49: 2015 | I49: 2015 | J49: 2015 | K49: 2015 | M49: 2016 | N49: 2016 | O49: 2016 | P49: 2016 | Q49: 2016
A50: Never | B50: 55.6 | C50: 20.3 | D50: 29.4 | E50: 29.9 | G50: =VALUE('Raw-Data 2'!B57) -> 13.7 | H50: =VALUE('Raw-Data 2'!C57) -> 17 | I50: =VALUE('Raw-Data 2'!D57) -> 23.9 | J50: =VALUE('Raw-Data 2'!E57) -> 39.8 | K50: =VALUE('Raw-Data 2'!F57) -> 43.9 | M50: =VALUE('Raw-Data 2'!B49) -> 17.9 | N50: =VALUE('Raw-Data 2'!C49) -> 10.9 | O50: =VALUE('Raw-Data 2'!D49) -> 28.4 | P50: =VALUE('Raw-Data 2'!E49) -> 38.6 | Q50: =VALUE('Raw-Data 2'!F49) -> 43.5
A51: Rarely (1-2 times) | B51: 17.3 | C51: 31.8 | D51: 45.6 | E51: 40.4 | G51: =VALUE('Raw-Data 2'!B58) -> 52.7 | H51: =VALUE('Raw-Data 2'!C58) -> 57 | I51: =VALUE('Raw-Data 2'!D58) -> 46.8 | J51: =VALUE('Raw-Data 2'!E58) -> 35.3 | K51: =VALUE('Raw-Data 2'!F58) -> 40.1 | M51: =VALUE('Raw-Data 2'!B50) -> 28.6 | N51: =VALUE('Raw-Data 2'!C50) -> 47.4 | O51: =VALUE('Raw-Data 2'!D50) -> 41.6 | P51: =VALUE('Raw-Data 2'!E50) -> 40.9 | Q51: =VALUE('Raw-Data 2'!F50) -> 41.2
A52: Sometimes (3-10 times) | B52: 18.8 | C52: 34.2 | D52: 22.4 | E52: 26.2 | G52: =VALUE('Raw-Data 2'!B59) -> 32 | H52: =VALUE('Raw-Data 2'!C59) -> 23.5 | I52: =VALUE('Raw-Data 2'!D59) -> 25.3 | J52: =VALUE('Raw-Data 2'!E59) -> 21.9 | K52: =VALUE('Raw-Data 2'!F59) -> 14.4 | M52: =VALUE('Raw-Data 2'!B51) -> 39.2 | N52: =VALUE('Raw-Data 2'!C51) -> 39.3 | O52: =VALUE('Raw-Data 2'!D51) -> 28.9 | P52: =VALUE('Raw-Data 2'!E51) -> 20 | Q52: =VALUE('Raw-Data 2'!F51) -> 13.9
A53: Often (more than 10 times) | B53: 8.4 | C53: 13.6 | D53: 2.5 | E53: 3.5 | G53: =VALUE('Raw-Data 2'!B60) -> 1.6 | H53: =VALUE('Raw-Data 2'!C60) -> 2.5 | I53: =VALUE('Raw-Data 2'!D60) -> 4 | J53: =VALUE('Raw-Data 2'!E60) -> 2.9 | K53: =VALUE('Raw-Data 2'!F60) -> 1.7 | M53: =VALUE('Raw-Data 2'!B52) -> 14.3 | N53: =VALUE('Raw-Data 2'!C52) -> 2.4 | O53: =VALUE('Raw-Data 2'!D52) -> 1.1 | P53: =VALUE('Raw-Data 2'!E52) -> 0.4 | Q53: =VALUE('Raw-Data 2'!F52) -> 1.4
F72: 2015 | H72: 2016
B73: Hunger Coping | C73: 2016 | D73: 2015 | F73: (+) | G73: (-) | H73: (+) | I73: (-)
B74: Reduce number of meals/portion size | C74: =VALUE('Raw-Data 2'!B85) -> 0.366 | D74: =VALUE('Raw-Data 2'!B94) -> 0.373 | F74: ='Raw-Data 2'!D94-'Raw-Data 2'!B94 -> 0.064 | G74: ='Raw-Data 2'!B94-'Raw-Data 2'!C94 -> 0.059 | H74: ='Raw-Data 2'!D85-'Raw-Data 2'!B85 -> 0.083 | I74: ='Raw-Data 2'!B85-'Raw-Data 2'!C85 -> 0.076
B75: Skip entire days without meals | C75: =VALUE('Raw-Data 2'!B88) -> 0.246 | D75: =VALUE('Raw-Data 2'!B97) -> 0.186 | F75: ='Raw-Data 2'!D97-'Raw-Data 2'!B97 -> 0.04 | G75: ='Raw-Data 2'!B97-'Raw-Data 2'!C97 -> 0.034 | H75: ='Raw-Data 2'!D88-'Raw-Data 2'!B88 -> 0.091 | I75: ='Raw-Data 2'!B88-'Raw-Data 2'!C88 -> 0.074
B76: Less preferred food | C76: =VALUE('Raw-Data 2'!B84) -> 0.139 | D76: =VALUE('Raw-Data 2'!B93) -> 0.116 | F76: ='Raw-Data 2'!D93-'Raw-Data 2'!B93 -> 0.065 | G76: ='Raw-Data 2'!B93-'Raw-Data 2'!C93 -> 0.044 | H76: ='Raw-Data 2'!D84-'Raw-Data 2'!B84 -> 0.048 | I76: ='Raw-Data 2'!B84-'Raw-Data 2'!C84 -> 0.038
B77: Restrict adult meals | C77: =VALUE('Raw-Data 2'!B86) -> 0.094 | D77: =VALUE('Raw-Data 2'!B95) -> 0.085 | F77: ='Raw-Data 2'!D95-'Raw-Data 2'!B95 -> 0.035 | G77: ='Raw-Data 2'!B95-'Raw-Data 2'!C95 -> 0.026 | H77: ='Raw-Data 2'!D86-'Raw-Data 2'!B86 -> 0.029 | I77: ='Raw-Data 2'!B86-'Raw-Data 2'!C86 -> 0.022
B78: Borrow food | C78: =VALUE('Raw-Data 2'!B87) -> 0.093 | D78: =VALUE('Raw-Data 2'!B96) -> 0.152 | F78: ='Raw-Data 2'!D96-'Raw-Data 2'!B96 -> 0.055 | G78: ='Raw-Data 2'!B96-'Raw-Data 2'!C96 -> 0.042 | H78: ='Raw-Data 2'!D87-'Raw-Data 2'!B87 -> 0.047 | I78: ='Raw-Data 2'!B87-'Raw-Data 2'!C87 -> 0.032
B79: Other | C79: =VALUE('Raw-Data 2'!B90) -> 0.049 | D79: =VALUE('Raw-Data 2'!B99) -> 0.019 | F79: ='Raw-Data 2'!D99-'Raw-Data 2'!B99 -> 0.036 | G79: ='Raw-Data 2'!B99-'Raw-Data 2'!C99 -> 0.013 | H79: ='Raw-Data 2'!D90-'Raw-Data 2'!B90 -> 0.028 | I79: ='Raw-Data 2'!B90-'Raw-Data 2'!C90 -> 0.018
B80: Collect unusual/wild foods | C80: =VALUE('Raw-Data 2'!B89) -> 0.013 | D80: =VALUE('Raw-Data 2'!B98) -> 0.069 | F80: ='Raw-Data 2'!D98-'Raw-Data 2'!B98 -> 0.044 | G80: ='Raw-Data 2'!B98-'Raw-Data 2'!C98 -> 0.028 | H80: ='Raw-Data 2'!D89-'Raw-Data 2'!B89 -> 0.025 | I80: ='Raw-Data 2'!B89-'Raw-Data 2'!C89 -> 0.009
C86: 2015 | I86: 2016
C87: Poorest Quintile | D87: Q2 | E87: Q3 | F87: Q4 | G87: Richest Quintile | I87: Poorest Quintile | J87: Q2 | K87: Q3 | L87: Q4 | M87: Richest Quintile
B88: Less preferred food | C88: =VALUE('Raw-Data 2'!B115) -> 0.159 | D88: =VALUE('Raw-Data 2'!E115) -> 0.121 | E88: =VALUE('Raw-Data 2'!H115) -> 0.117 | F88: =VALUE('Raw-Data 2'!K115) -> 0.111 | G88: =VALUE('Raw-Data 2'!N115) -> 0.075 | I88: =VALUE('Raw-Data 2'!B104) -> 0.065 | J88: =VALUE('Raw-Data 2'!E104) -> 0.228 | K88: =VALUE('Raw-Data 2'!H104) -> 0.063 | L88: =VALUE('Raw-Data 2'!K104) -> 0.179 | M88: =VALUE('Raw-Data 2'!N104) -> 0.142
B89: Reduce number of meals/portion size | C89: =VALUE('Raw-Data 2'!B116) -> 0.435 | D89: =VALUE('Raw-Data 2'!E116) -> 0.336 | E89: =VALUE('Raw-Data 2'!H116) -> 0.34 | F89: =VALUE('Raw-Data 2'!K116) -> 0.33 | G89: =VALUE('Raw-Data 2'!N116) -> 0.417 | I89: =VALUE('Raw-Data 2'!B105) -> 0.238 | J89: =VALUE('Raw-Data 2'!E105) -> 0.226 | K89: =VALUE('Raw-Data 2'!H105) -> 0.473 | L89: =VALUE('Raw-Data 2'!K105) -> 0.43 | M89: =VALUE('Raw-Data 2'!N105) -> 0.479
B90: Restrict adult meals | C90: =VALUE('Raw-Data 2'!B117) -> 0.079 | D90: =VALUE('Raw-Data 2'!E117) -> 0.107 | E90: =VALUE('Raw-Data 2'!H117) -> 0.045 | F90: =VALUE('Raw-Data 2'!K117) -> 0.172 | G90: =VALUE('Raw-Data 2'!N117) -> 0.046 | I90: =VALUE('Raw-Data 2'!B106) -> 0.119 | J90: =VALUE('Raw-Data 2'!E106) -> 0.091 | K90: =VALUE('Raw-Data 2'!H106) -> 0.146 | L90: =VALUE('Raw-Data 2'!K106) -> 0.048 | M90: =VALUE('Raw-Data 2'!N106) -> 0.077
B91: Borrow food | C91: =VALUE('Raw-Data 2'!B118) -> 0.13 | D91: =VALUE('Raw-Data 2'!E118) -> 0.144 | E91: =VALUE('Raw-Data 2'!H118) -> 0.091 | F91: =VALUE('Raw-Data 2'!K118) -> 0.121 | G91: =VALUE('Raw-Data 2'!N118) -> 0.265 | I91: =VALUE('Raw-Data 2'!B107) -> 0.059 | J91: =VALUE('Raw-Data 2'!E107) -> 0.159 | K91: =VALUE('Raw-Data 2'!H107) -> 0.052 | L91: =VALUE('Raw-Data 2'!K107) -> 0.145 | M91: =VALUE('Raw-Data 2'!N107) -> 0.048
B92: Skip entire days without meals | C92: =VALUE('Raw-Data 2'!B119) -> 0.148 | D92: =VALUE('Raw-Data 2'!E119) -> 0.237 | E92: =VALUE('Raw-Data 2'!H119) -> 0.254 | F92: =VALUE('Raw-Data 2'!K119) -> 0.204 | G92: =VALUE('Raw-Data 2'!N119) -> 0.089 | I92: =VALUE('Raw-Data 2'!B108) -> 0.495 | J92: =VALUE('Raw-Data 2'!E108) -> 0.225 | K92: =VALUE('Raw-Data 2'!H108) -> 0.192 | L92: =VALUE('Raw-Data 2'!K108) -> 0.122 | M92: =VALUE('Raw-Data 2'!N108) -> 0.189
B93: Collect unusual/wild foods | C93: =VALUE('Raw-Data 2'!B120) -> 0.04 | D93: =VALUE('Raw-Data 2'!E120) -> 0.056 | E93: =VALUE('Raw-Data 2'!H120) -> 0.099 | F93: =VALUE('Raw-Data 2'!K120) -> 0.062 | G93: =VALUE('Raw-Data 2'!N120) -> 0.084 | I93: =VALUE('Raw-Data 2'!B109) -> 0.009 | J93: =VALUE('Raw-Data 2'!E109) -> 0 | K93: =VALUE('Raw-Data 2'!H109) -> 0.018 | L93: =VALUE('Raw-Data 2'!K109) -> 0.035 | M93: =VALUE('Raw-Data 2'!N109) -> 0.005
B94: Other | C94: =VALUE('Raw-Data 2'!B121) -> 0.007 | D94: =VALUE('Raw-Data 2'!E121) -> 0 | E94: =VALUE('Raw-Data 2'!H121) -> 0.054 | F94: =VALUE('Raw-Data 2'!K121) -> 0 | G94: =VALUE('Raw-Data 2'!N121) -> 0.025 | I94: =VALUE('Raw-Data 2'!B110) -> 0.015 | J94: =VALUE('Raw-Data 2'!E110) -> 0.071 | K94: =VALUE('Raw-Data 2'!H110) -> 0.056 | L94: =VALUE('Raw-Data 2'!K110) -> 0.041 | M94: =VALUE('Raw-Data 2'!N110) -> 0.061
C114: Total | E114: Male Head | F114: Female Head | H114: Poorest Quintile | I114: Q2 | J114: Q3 | K114: Q4 | L114: Richest Quintile | N114: Poor | O114: Non-Poor
B115: No | C115: =100-C116 -> 42.2 | E115: =100-E116 -> 37 | F115: =100-F116 -> 37.4 | H115: =100-H116 -> 25.1 | I115: =100-I116 -> 42.1 | J115: =100-J116 -> 41.7 | K115: =100-K116 -> 30.7 | L115: =100-L116 -> 42.2 | N115: =100-N116 -> 28.8 | O115: =100-O116 -> 38.8
B116: Yes | C116: =VALUE('Raw-Data 2'!I127) -> 57.8 | E116: =VALUE('Raw-Data 2'!B127) -> 63 | F116: =VALUE('Raw-Data 2'!E127) -> 62.6 | H116: =VALUE('Raw-Data 2'!B133) -> 74.9 | I116: =VALUE('Raw-Data 2'!E133) -> 57.9 | J116: =VALUE('Raw-Data 2'!H133) -> 58.3 | K116: =VALUE('Raw-Data 2'!K133) -> 69.3 | L116: =VALUE('Raw-Data 2'!N133) -> 57.8 | N116: =VALUE('Raw-Data 2'!G139) -> 71.2 | O116: =VALUE('Raw-Data 2'!B139) -> 61.2
B134: Sold more animals than usual | C134: Sent hh members to eat elsewhere | D134: Spent savings | E134: Consumed seeds stocks | F134: Borrowed money | G134: Sold productive assets | H134: Reduced expenses on health and education | I134: Migrated entire hh | J134: Begged | K134: Sold last female animals
A135: Yes | B135: =VALUE('Raw-Data 2'!B147) -> 6.3 | C135: =VALUE('Raw-Data 2'!B158) -> 10.6 | D135: =VALUE('Raw-Data 2'!B169) -> 17.5 | E135: =VALUE('Raw-Data 2'!B180) -> 19.5 | F135: =VALUE('Raw-Data 2'!B191) -> 38.2 | G135: =VALUE('Raw-Data 2'!B202) -> 7.7 | H135: =VALUE('Raw-Data 2'!B213) -> 26.9 | I135: =VALUE('Raw-Data 2'!B224) -> 11 | J135: =VALUE('Raw-Data 2'!B235) -> 12.1 | K135: =VALUE('Raw-Data 2'!B246) -> 3.9
A136: No shortage of food | B136: =VALUE('Raw-Data 2'!B148) -> 8.3 | C136: =VALUE('Raw-Data 2'!B159) -> 7.9 | D136: =VALUE('Raw-Data 2'!B170) -> 7 | E136: =VALUE('Raw-Data 2'!B181) -> 5.8 | F136: =VALUE('Raw-Data 2'!B192) -> 4.4 | G136: =VALUE('Raw-Data 2'!B203) -> 6.5 | H136: =VALUE('Raw-Data 2'!B214) -> 4.8 | I136: =VALUE('Raw-Data 2'!B225) -> 5.4 | J136: =VALUE('Raw-Data 2'!B236) -> 5.5 | K136: =VALUE('Raw-Data 2'!B247) -> 7.1
A137: Cannot continue to do this | B137: =VALUE('Raw-Data 2'!B149) -> 5.8 | C137: =VALUE('Raw-Data 2'!B160) -> 3.2 | D137: =VALUE('Raw-Data 2'!B171) -> 2.8 | E137: =VALUE('Raw-Data 2'!B182) -> 2.7 | F137: =VALUE('Raw-Data 2'!B193) -> 2.3 | G137: =VALUE('Raw-Data 2'!B204) -> 3.6 | H137: =VALUE('Raw-Data 2'!B215) -> 2.9 | I137: =VALUE('Raw-Data 2'!B226) -> 3.5 | J137: =VALUE('Raw-Data 2'!B237) -> 1.7 | K137: =VALUE('Raw-Data 2'!B248) -> 2
A138: Not applicable | B138: =VALUE('Raw-Data 2'!B150) -> 79.6 | C138: =VALUE('Raw-Data 2'!B161) -> 78.4 | D138: =VALUE('Raw-Data 2'!B172) -> 72.6 | E138: =VALUE('Raw-Data 2'!B183) -> 72 | F138: =VALUE('Raw-Data 2'!B194) -> 55.1 | G138: =VALUE('Raw-Data 2'!B205) -> 82.2 | H138: =VALUE('Raw-Data 2'!B216) -> 65.4 | I138: =VALUE('Raw-Data 2'!B227) -> 80.2 | J138: =VALUE('Raw-Data 2'!B238) -> 80.7 | K138: =VALUE('Raw-Data 2'!B249) -> 87
B157: Sold more animals than usual | C157: Sent hh members to eat elsewhere | D157: Spent savings | E157: Consumed seeds stocks | F157: Borrowed money | G157: Sold productive assets | H157: Reduced expenses on health and education | I157: Migrated entire hh | J157: Begged | K157: Sold last female animals
A158: Yes | B158: =VALUE('Raw-Data 2'!B142) -> 30.8 | C158: =VALUE('Raw-Data 2'!B153) -> 48.9 | D158: =VALUE('Raw-Data 2'!B164) -> 63.9 | E158: =VALUE('Raw-Data 2'!B175) -> 69.6 | F158: =VALUE('Raw-Data 2'!B186) -> 85 | G158: =VALUE('Raw-Data 2'!B197) -> 43.3 | H158: =VALUE('Raw-Data 2'!B208) -> 77.8 | I158: =VALUE('Raw-Data 2'!B219) -> 55.4 | J158: =VALUE('Raw-Data 2'!B230) -> 62.8 | K158: =VALUE('Raw-Data 2'!B241) -> 29.9
A159: No shortage of food | B159: =VALUE('Raw-Data 2'!B143) -> 40.7 | C159: =VALUE('Raw-Data 2'!B154) -> 36.3 | D159: =VALUE('Raw-Data 2'!B165) -> 25.7 | E159: =VALUE('Raw-Data 2'!B176) -> 20.7 | F159: =VALUE('Raw-Data 2'!B187) -> 9.8 | G159: =VALUE('Raw-Data 2'!B198) -> 36.4 | H159: =VALUE('Raw-Data 2'!B209) -> 13.8 | I159: =VALUE('Raw-Data 2'!B220) -> 27.1 | J159: =VALUE('Raw-Data 2'!B231) -> 28.7 | K159: =VALUE('Raw-Data 2'!B242) -> 55
A160: Cannot continue to do this | B160: =VALUE('Raw-Data 2'!B144) -> 28.5 | C160: =VALUE('Raw-Data 2'!B155) -> 14.8 | D160: =VALUE('Raw-Data 2'!B166) -> 10.4 | E160: =VALUE('Raw-Data 2'!B177) -> 9.7 | F160: =VALUE('Raw-Data 2'!B188) -> 5.2 | G160: =VALUE('Raw-Data 2'!B199) -> 20.3 | H160: =VALUE('Raw-Data 2'!B210) -> 8.5 | I160: =VALUE('Raw-Data 2'!B221) -> 17.5 | J160: =VALUE('Raw-Data 2'!B232) -> 8.6 | K160: =VALUE('Raw-Data 2'!B243) -> 15.1
B183: Less preferred/expensive food | C183: Limit portion size | D183: Restrict adult consumption | E183: Reduce number of meals | F183: Borrow food or rely on relatives/friends | G183: Skip entire day without eating | H183: Collect wild/unusual foods
A184: No. of days | B184: ='Raw-Data 2'!B260 -> 2.2 | C184: ='Raw-Data 2'!B271 -> 2.6 | D184: ='Raw-Data 2'!B281 -> 1.5 | E184: ='Raw-Data 2'!B292 -> 2.4 | F184: ='Raw-Data 2'!B301 -> 0.7 | G184: ='Raw-Data 2'!B312 -> 1.3 | H184: ='Raw-Data 2'!B324 -> 0.7
A188: Index

Sheet Raw-Data 2
B1: Year
A2: D.19 No Food in Past 1 Month | B2: 2015 | C2: 2015 | D2: 2015 | E2: 2016 | F2: 2016 | G2: 2016 | H2: Total | I2: Total | J2: Total | K2: N
B3: % | C3: LB | D3: UB | E3: % | F3: LB | G3: UB | H3: % | I3: LB | J3: UB
A4: Never | B4: 29.4 | C4: 26.0 | D4: 33.1 | E4: 29.9 | F4: 24.4 | G4: 36.2 | H4: 29.7 | I4: 25.8 | J4: 33.9 | K4: 380
A5: Rarely (1-2 times) | B5: 45.6 | C5: 40.2 | D5: 51.1 | E5: 40.4 | F5: 33.5 | G5: 47.7 | H5: 43.0 | I5: 38.0 | J5: 48.2 | K5: 579
A6: Sometimes (3-10 times) | B6: 22.4 | C6: 16.3 | D6: 30.0 | E6: 26.2 | F6: 19.9 | G6: 33.7 | H6: 24.3 | I6: 18.6 | J6: 31.1 | K6: 278
A7: Often (more than 10 times) | B7: 2.5 | C7: 1.3 | D7: 4.9 | E7: 3.5 | F7: 1.5 | G7: 7.6 | H7: 3.0 | I7: 1.8 | J7: 4.8 | K7: 30
A8: Total | B8: 100.0 | E8: 100.0 | H8: 100.0 | K8: 1,267
A9: hunger_change | B9: % | C9: LB | D9: UB | E9: N
A10: Improved | B10: 19.8 | C10: 15.4 | D10: 25.2 | E10: 125
A11: Stayed the same | B11: 54.2 | C11: 49.5 | D11: 58.9 | E11: 347
A12: Worsened | B12: 25.9 | C12: 20.5 | D12: 32.2 | E12: 152
A13: Total | B13: 100.0 | E13: 624
A14: 2016 hhh_gender
A15: D.19 No Food in Past 1 Month | B15: Male Head | C15: Male Head | D15: Male Head | E15: Female Head | F15: Female Head | G15: Female Head | H15: Total | I15: Total | J15: Total | K15: N
B16: % | C16: LB | D16: UB | E16: % | F16: LB | G16: UB | H16: % | I16: LB | J16: UB
A17: Never | B17: 32.5 | C17: 25.9 | D17: 39.7 | E17: 26.4 | F17: 19.7 | G17: 34.5 | H17: 29.9 | I17: 24.4 | J17: 36.2 | K17: 189
A18: Rarely (1-2 times) | B18: 39.8 | C18: 30.3 | D18: 50.0 | E18: 41.2 | F18: 35.0 | G18: 47.8 | H18: 40.4 | I18: 33.5 | J18: 47.7 | K18: 272
A19: Sometimes (3-10 times) | B19: 24.0 | C19: 17.1 | D19: 32.4 | E19: 29.4 | F19: 22.0 | G19: 37.9 | H19: 26.2 | I19: 19.9 | J19: 33.7 | K19: 150
A20: Often (more than 10 times) | B20: 3.8 | C20: 1.0 | D20: 13.0 | E20: 3.0 | F20: 1.5 | G20: 5.9 | H20: 3.5 | I20: 1.5 | J20: 7.6 | K20: 16
A21: Total | B21: 100.0 | E21: 100.0 | H21: 100.0 | K21: 627
A22: 2015 hhh_gender
A23: D.19 No Food in Past 1 Month | B23: Male Head | C23: Male Head | D23: Male Head | E23: Female Head | F23: Female Head | G23: Female Head | H23: Total | I23: Total | J23: Total | K23: N
B24: % | C24: LB | D24: UB | E24: % | F24: LB | G24: UB | H24: % | I24: LB | J24: UB
A25: Never | B25: 32.4 | C25: 27.7 | D25: 37.6 | E25: 26.0 | F25: 21.9 | G25: 30.6 | H25: 29.5 | I25: 26.1 | J25: 33.1 | K25: 191
A26: Rarely (1-2 times) | B26: 42.0 | C26: 35.3 | D26: 49.0 | E26: 49.8 | F26: 42.5 | G26: 57.0 | H26: 45.6 | I26: 40.2 | J26: 51.1 | K26: 306
A27: Sometimes (3-10 times) | B27: 23.0 | C27: 16.0 | D27: 32.0 | E27: 21.8 | F27: 15.2 | G27: 30.3 | H27: 22.5 | I27: 16.3 | J27: 30.1 | K27: 128
A28: Often (more than 10 times) | B28: 2.6 | C28: 0.9 | D28: 7.3 | E28: 2.4 | F28: 1.1 | G28: 5.4 | H28: 2.5 | I28: 1.3 | J28: 4.9 | K28: 14
A29: Total | B29: 100.0 | E29: 100.0 | H29: 100.0 | K29: 639
A30: 2016 poor
A31: D.19 No Food in Past 1 Month | B31: NonPoor | C31: NonPoor | D31: NonPoor | E31: Poor | F31: Poor | G31: Poor | H31: Total | I31: Total | J31: Total | K31: N
B32: % | C32: LB | D32: UB | E32: % | F32: LB | G32: UB | H32: % | I32: LB | J32: UB
A33: Never | B33: 43.2 | C33: 36.2 | D33: 50.5 | E33: 22.0 | F33: 14.6 | G33: 31.9 | H33: 30.0 | I33: 24.4 | J33: 36.3 | K33: 189
A34: Rarely (1-2 times) | B34: 42.0 | C34: 35.5 | D34: 48.7 | E34: 39.3 | F34: 29.8 | G34: 49.6 | H34: 40.3 | I34: 33.4 | J34: 47.6 | K34: 270
A35: Sometimes (3-10 times) | B35: 13.6 | C35: 8.9 | D35: 20.1 | E35: 34.1 | F35: 25.4 | G35: 44.0 | H35: 26.3 | I35: 20.0 | J35: 33.8 | K35: 150
A36: Often (more than 10 times) | B36: 1.3 | C36: 0.4 | D36: 4.4 | E36: 4.7 | F36: 1.9 | G36: 11.2 | H36: 3.4 | I36: 1.5 | J36: 7.6 | K36: 15
A37: Total | B37: 100.0 | E37: 100.0 | H37: 100.0 | K37: 624
A38: 2015 poor
A39: D.19 No Food in Past 1 Month | B39: NonPoor | C39: NonPoor | D39: NonPoor | E39: Poor | F39: Poor | G39: Poor | H39: Total | I39: Total | J39: Total | K39: N
B40: % | C40: LB | D40: UB | E40: % | F40: LB | G40: UB | H40: % | I40: LB | J40: UB
A41: Never | B41: 39.9 | C41: 33.6 | D41: 46.4 | E41: 15.4 | F41: 11.1 | G41: 21.1 | H41: 29.5 | I41: 26.1 | J41: 33.2 | K41: 191
A42: Rarely (1-2 times) | B42: 40.2 | C42: 34.2 | D42: 46.5 | E42: 52.7 | F42: 41.3 | G42: 63.9 | H42: 45.5 | I42: 40.1 | J42: 51.0 | K42: 306
A43: Sometimes (3-10 times) | B43: 16.9 | C43: 12.0 | D43: 23.4 | E43: 30.1 | F43: 19.6 | G43: 43.1 | H43: 22.5 | I43: 16.4 | J43: 30.1 | K43: 128
A44: Often (more than 10 times) | B44: 3.0 | C44: 1.2 | D44: 7.6 | E44: 1.8 | F44: 0.7 | G44: 4.6 | H44: 2.5 | I44: 1.3 | J44: 4.9 | K44: 14
A45: Total | B45: 100.0 | E45: 100.0 | H45: 100.0 | K45: 639
A46: 2016 quintiles
A47: D.19 No Food in Past 1 Month | B47: 1 | C47: 2 | D47: 3 | E47: 4 | F47: 5 | G47: Total | H47: N
B48: % | C48: % | D48: % | E48: % | F48: % | G48: %
A49: Never | B49: 17.9 | C49: 10.9 | D49: 28.4 | E49: 38.6 | F49: 43.5 | G49: 30.0 | H49: 189
A50: Rarely (1-2 times) | B50: 28.6 | C50: 47.4 | D50: 41.6 | E50: 40.9 | F50: 41.2 | G50: 40.3 | H50: 270
A51: Sometimes (3-10 times) | B51: 39.2 | C51: 39.3 | D51: 28.9 | E51: 20.0 | F51: 13.9 | G51: 26.3 | H51: 150
A52: Often (more than 10 times) | B52: 14.3 | C52: 2.4 | D52: 1.1 | E52: 0.4 | F52: 1.4 | G52: 3.4 | H52: 15
A53: Total | B53: 100.0 | C53: 100.0 | D53: 100.0 | E53: 100.0 | F53: 100.0 | G53: 100.0 | H53: 624
A54: 2015 quintiles
A55: D.19 No Food in Past 1 Month | B55: 1 | C55: 2 | D55: 3 | E55: 4 | F55: 5 | G55: Total | H55: N
B56: % | C56: % | D56: % | E56: % | F56: % | G56: %
A57: Never | B57: 13.7 | C57: 17.0 | D57: 23.9 | E57: 39.8 | F57: 43.9 | G57: 29.5 | H57: 191
A58: Rarely (1-2 times) | B58: 52.7 | C58: 57.0 | D58: 46.8 | E58: 35.3 | F58: 40.1 | G58: 45.5 | H58: 306
A59: Sometimes (3-10 times) | B59: 32.0 | C59: 23.5 | D59: 25.3 | E59: 21.9 | F59: 14.4 | G59: 22.5 | H59: 128
A60: Often (more than 10 times) | B60: 1.6 | C60: 2.5 | D60: 4.0 | E60: 2.9 | F60: 1.7 | G60: 2.5 | H60: 14
A61: Total | B61: 100.0 | C61: 100.0 | D61: 100.0 | E61: 100.0 | F61: 100.0 | G61: 100.0 | H61: 639
A62: Hunger change hhh gender
A63: hunger_change | B63: Male Head | C63: Male Head | D63: Male Head | E63: Female Head | F63: Female Head | G63: Female Head | H63: Total | I63: Total | J63: Total | K63: N
B64: % | C64: LB | D64: UB | E64: % | F64: LB | G64: UB | H64: % | I64: LB | J64: UB
A65: Improved | B65: 18.8 | C65: 13.8 | D65: 25.1 | E65: 21.2 | F65: 15.7 | G65: 28.0 | H65: 19.9 | I65: 15.4 | J65: 25.2 | K65: 125
A66: Stayed the same | B66: 54.2 | C66: 47.3 | D66: 60.9 | E66: 54.2 | F66: 46.7 | G66: 61.5 | H66: 54.2 | I66: 49.5 | J66: 58.9 | K66: 346
A67: Worsened | B67: 27.0 | C67: 19.8 | D67: 35.7 | E67: 24.6 | F67: 19.4 | G67: 30.6 | H67: 25.9 | I67: 20.5 | J67: 32.2 | K67: 152
A68: Total | B68: 100.0 | E68: 100.0 | H68: 100.0 | K68: 623
A69: Hunger change poor
A70: hunger_change | B70: NonPoor | C70: NonPoor | D70: NonPoor | E70: Poor | F70: Poor | G70: Poor | H70: Total | I70: Total | J70: Total | K70: N
B71: % | C71: LB | D71: UB | E71: % | F71: LB | G71: UB | H71: % | I71: LB | J71: UB
A72: Improved | B72: 22.0 | C72: 17.9 | D72: 26.7 | E72: 16.3 | F72: 9.9 | G72: 25.7 | H72: 19.7 | I72: 15.3 | J72: 24.9 | K72: 124
A73: Stayed the same | B73: 53.2 | C73: 47.4 | D73: 59.0 | E73: 56.0 | F73: 47.3 | G73: 64.3 | H73: 54.4 | I73: 49.7 | J73: 59.0 | K73: 347
A74: Worsened | B74: 24.7 | C74: 20.2 | D74: 29.9 | E74: 27.7 | F74: 18.3 | G74: 39.6 | H74: 26.0 | I74: 20.5 | J74: 32.2 | K74: 152
A75: Total | B75: 100.0 | E75: 100.0 | H75: 100.0 | K75: 623
A76: hunger change quintiles
A77: hunger_change | B77: 1 | C77: 2 | D77: 3 | E77: 4 | F77: 5 | G77: Total | H77: N
B78: % | C78: % | D78: % | E78: % | F78: % | G78: %
A79: Improved | B79: 9.2 | C79: 21.2 | D79: 27.7 | E79: 22.1 | F79: 17.8 | G79: 19.7 | H79: 124
A80: Stayed the same | B80: 60.6 | C80: 52.8 | D80: 46.3 | E80: 57.7 | F80: 55.0 | G80: 54.4 | H80: 347
A81: Worsened | B81: 30.2 | C81: 26.0 | D81: 26.0 | E81: 20.3 | F81: 27.2 | G81: 26.0 | H81: 152
A82: Total | B82: 100.0 | C82: 100.0 | D82: 100.0 | E82: 100.0 | F82: 100.0 | G82: 100.0 | H82: 623
A83: RECODE of hunger_coping (D.19.1 What was your main strategy to cope with your la | B83: Prop. | C83: LB | D83: UB | E83: N
A84: Less preferred food | B84: 0.139 | C84: 0.101 | D84: 0.187 | E84: 52
A85: Reduce number of meals/portion size | B85: 0.366 | C85: 0.290 | D85: 0.449 | E85: 178
A86: Restrict adult meals | B86: 0.094 | C86: 0.072 | D86: 0.123 | E86: 42
A87: Borrow food | B87: 0.093 | C87: 0.061 | D87: 0.140 | E87: 41
A88: Skip entire days without meals | B88: 0.246 | C88: 0.172 | D88: 0.337 | E88: 90
A89: Collect unusual/wild foods | B89: 0.013 | C89: 0.004 | D89: 0.038 | E89: 6
A90: Other | B90: 0.049 | C90: 0.031 | D90: 0.077 | E90: 14
A91: Total | B91: 1.000 | E91: 423
A92: RECODE of hunger_coping (D.19.1 What was your main strategy to cope with your la | B92: Prop. | C92: LB | D92: UB | E92: N
A93: Less preferred food | B93: 0.116 | C93: 0.072 | D93: 0.181 | E93: 51
A94: Reduce number of meals/portion size | B94: 0.373 | C94: 0.314 | D94: 0.437 | E94: 153
A95: Restrict adult meals | B95: 0.085 | C95: 0.059 | D95: 0.120 | E95: 37
A96: Borrow food | B96: 0.152 | C96: 0.110 | D96: 0.207 | E96: 64
A97: Skip entire days without meals | B97: 0.186 | C97: 0.152 | D97: 0.226 | E97: 93
A98: Collect unusual/wild foods | B98: 0.069 | C98: 0.041 | D98: 0.113 | E98: 37
A99: Other | B99: 0.019 | C99: 0.006 | D99: 0.055 | E99: 5
A100: Total | B100: 1.000 | E100: 440
...

Sheet Future of SSD
A5: SWB.8 When thinking about the future of South Sudan, which of the following do you fear the most?
B6: Total | H6: Poor | J6: NonPoor
B7: 2012 | C7: 2013 | D7: 2014 | E7: 2015 | F7: 2016 | H7: 2015 | I7: 2016 | J7: 2015 | K7: 2016
A8: Civil war, disintegration, insecurity, & ethnic violence | B8: 53.7 | C8: 87.2 | D8: 68.4 | E8: =VALUE('Raw-Data 3'!B289) -> 0.658 | F8: =VALUE('Raw-Data 3'!E289) -> 0.469 | H8: =VALUE('Raw-Data 3'!E325) -> 0.606 | I8: =VALUE('Raw-Data 3'!E316) -> 0.441 | J8: =VALUE('Raw-Data 3'!B325) -> 0.7 | K8: =VALUE('Raw-Data 3'!B316) -> 0.522
A9: Corruption | B9: 15.5 | C9: 3.5 | D9: 10.2 | E9: =VALUE('Raw-Data 3'!B290) -> 0.012 | F9: =VALUE('Raw-Data 3'!E290) -> 0.012 | H9: =VALUE('Raw-Data 3'!E326) -> 0.011 | I9: =VALUE('Raw-Data 3'!E317) -> 0.01 | J9: =VALUE('Raw-Data 3'!B326) -> 0.013 | K9: =VALUE('Raw-Data 3'!B317) -> 0.015
A10: Lack of economic opportunities | B10: 21.2 | C10: 6.2 | D10: 14.6 | E10: =VALUE('Raw-Data 3'!B291) -> 0.29 | F10: =VALUE('Raw-Data 3'!E291) -> 0.497 | H10: =VALUE('Raw-Data 3'!E327) -> 0.345 | I10: =VALUE('Raw-Data 3'!E318) -> 0.526 | J10: =VALUE('Raw-Data 3'!B327) -> 0.246 | K10: =VALUE('Raw-Data 3'!B318) -> 0.442
A11: Health and disease problems | B11: 9.7 | C11: 3 | D11: 6.7 | E11: =VALUE('Raw-Data 3'!B292) -> 0.04 | F11: =VALUE('Raw-Data 3'!E292) -> 0.012 | H11: =VALUE('Raw-Data 3'!E328) -> 0.039 | I11: =VALUE('Raw-Data 3'!E319) -> 0.009 | J11: =VALUE('Raw-Data 3'!B328) -> 0.041 | K11: =VALUE('Raw-Data 3'!B319) -> 0.017
A12: Other reasons | B12: 0 | C12: 0 | D12: 0 | E12: =VALUE('Raw-Data 3'!B293) -> 0 | F12: =VALUE('Raw-Data 3'!E293) -> 0.011 | H12: =VALUE('Raw-Data 3'!E329) -> 0 | I12: =VALUE('Raw-Data 3'!E320) -> 0.014 | J12: =VALUE('Raw-Data 3'!B329) -> 0 | K12: =VALUE('Raw-Data 3'!B320) -> 0.004
A21: SWB.8 When thinking about the future of South Sudan, which of the following do you fear the most?
B22: 2015 | H22: 2016
B23: Poorest Quintile | C23: Q2 | D23: Q3 | E23: Q4 | F23: Richest Quintile | H23: Poorest Quintile | I23: Q2 | J23: Q3 | K23: Q4 | L23: Richest Quintile
A24: Civil war, disintegration, insecurity, & ethnic violence | B24: =VALUE('Raw-Data 3'!B307) -> 0.551 | C24: =VALUE('Raw-Data 3'!E307) -> 0.703 | D24: =VALUE('Raw-Data 3'!H307) -> 0.558 | E24: =VALUE('Raw-Data 3'!K307) -> 0.725 | F24: =VALUE('Raw-Data 3'!N307) -> 0.739 | H24: =VALUE('Raw-Data 3'!B298) -> 0.413 | I24: =VALUE('Raw-Data 3'!E298) -> 0.449 | J24: =VALUE('Raw-Data 3'!H298) -> 0.422 | K24: =VALUE('Raw-Data 3'!K298) -> 0.53 | L24: =VALUE('Raw-Data 3'!N298) -> 0.506
A25: Corruption | B25: =VALUE('Raw-Data 3'!B308) -> 0.017 | C25: =VALUE('Raw-Data 3'!E308) -> 0 | D25: =VALUE('Raw-Data 3'!H308) -> 0.011 | E25: =VALUE('Raw-Data 3'!K308) -> 0.007 | F25: =VALUE('Raw-Data 3'!N308) -> 0.02 | H25: =VALUE('Raw-Data 3'!B299) -> 0.014 | I25: =VALUE('Raw-Data 3'!E299) -> 0.007 | J25: =VALUE('Raw-Data 3'!H299) -> 0.016 | K25: =VALUE('Raw-Data 3'!K299) -> 0 | L25: =VALUE('Raw-Data 3'!N299) -> 0.021
A26: Lack of economic opportunities | B26: =VALUE('Raw-Data 3'!B309) -> 0.391 | C26: =VALUE('Raw-Data 3'!E309) -> 0.265 | D26: =VALUE('Raw-Data 3'!H309) -> 0.383 | E26: =VALUE('Raw-Data 3'!K309) -> 0.223 | F26: =VALUE('Raw-Data 3'!N309) -> 0.205 | H26: =VALUE('Raw-Data 3'!B300) -> 0.558 | I26: =VALUE('Raw-Data 3'!E300) -> 0.494 | J26: =VALUE('Raw-Data 3'!H300) -> 0.557 | K26: =VALUE('Raw-Data 3'!K300) -> 0.459 | L26: =VALUE('Raw-Data 3'!N300) -> 0.444
A27: Health and disease problems | B27: =VALUE('Raw-Data 3'!B310) -> 0.042 | C27: =VALUE('Raw-Data 3'!E310) -> 0.032 | D27: =VALUE('Raw-Data 3'!H310) -> 0.047 | E27: =VALUE('Raw-Data 3'!K310) -> 0.044 | F27: =VALUE('Raw-Data 3'!N310) -> 0.036 | H27: =VALUE('Raw-Data 3'!B301) -> 0.006 | I27: =VALUE('Raw-Data 3'!E301) -> 0.006 | J27: =VALUE('Raw-Data 3'!H301) -> 0.006 | K27: =VALUE('Raw-Data 3'!K301) -> 0.012 | L27: =VALUE('Raw-Data 3'!N301) -> 0.023
A28: Other reasons | B28: =VALUE('Raw-Data 3'!B311) -> 0 | C28: =VALUE('Raw-Data 3'!E311) -> 0 | D28: =VALUE('Raw-Data 3'!H311) -> 0 | E28: =VALUE('Raw-Data 3'!K311) -> 0 | F28: =VALUE('Raw-Data 3'!N311) -> 0 | H28: =VALUE('Raw-Data 3'!B302) -> 0.008 | I28: =VALUE('Raw-Data 3'!E302) -> 0.043 | J28: =VALUE('Raw-Data 3'!H302) -> 0 | K28: =VALUE('Raw-Data 3'!K302) -> 0 | L28: =VALUE('Raw-Data 3'!N302) -> 0.006
C36: Index

Sheet Living and economic conditions
A2: SWB.1 In general, how would you describe your own personal living conditions today?
B3: Total | H3: Poor | J3: NonPoor
B4: 2012 | C4: 2013 | D4: 2014 | E4: 2015 | F4: 2016 | H4: 2015 | I4: 2016 | J4: 2015 | K4: 2016
A5: Very good | B5: 0.023 | C5: 0.019 | D5: 0.013 | E5: =VALUE('Raw-Data 3'!B69) -> 0.087 | F5: =VALUE('Raw-Data 3'!$E$69) -> 0.02 | H5: =VALUE('Raw-Data 3'!E105) -> 0.034 | I5: =VALUE('Raw-Data 3'!E96) -> 0.023 | J5: =VALUE('Raw-Data 3'!B105) -> 0.126 | K5: =VALUE('Raw-Data 3'!B96) -> 0.016
A6: Fairly good | B6: 0.372 | C6: 0.249 | D6: 0.267 | E6: =VALUE('Raw-Data 3'!B70) -> 0.314 | F6: =VALUE('Raw-Data 3'!$E$70) -> 0.16 | H6: =VALUE('Raw-Data 3'!E106) -> 0.232 | I6: =VALUE('Raw-Data 3'!E97) -> 0.136 | J6: =VALUE('Raw-Data 3'!B106) -> 0.376 | K6: =VALUE('Raw-Data 3'!B97) -> 0.199
A7: Neither good nor bad | B7: 0.115 | C7: 0.117 | D7: 0.205 | E7: =VALUE('Raw-Data 3'!B71) -> 0.147 | F7: =VALUE('Raw-Data 3'!E71) -> 0.044 | H7: =VALUE('Raw-Data 3'!E107) -> 0.162 | I7: =VALUE('Raw-Data 3'!E98) -> 0.04 | J7: =VALUE('Raw-Data 3'!B107) -> 0.136 | K7: =VALUE('Raw-Data 3'!B98) -> 0.049
A8: Fairly bad | B8: 0.213 | C8: 0.313 | D8: 0.153 | E8: =VALUE('Raw-Data 3'!B72) -> 0.145 | F8: =VALUE('Raw-Data 3'!E72) -> 0.168 | H8: =VALUE('Raw-Data 3'!E108) -> 0.141 | I8: =VALUE('Raw-Data 3'!E99) -> 0.158 | J8: =VALUE('Raw-Data 3'!B108) -> 0.145 | K8: =VALUE('Raw-Data 3'!B99) -> 0.182
A9: Very bad | B9: 0.277 | C9: 0.301 | D9: 0.363 | E9: =VALUE('Raw-Data 3'!B73) -> 0.307 | F9: =VALUE('Raw-Data 3'!E73) -> 0.609 | H9: =VALUE('Raw-Data 3'!E109) -> 0.43 | I9: =VALUE('Raw-Data 3'!E100) -> 0.642 | J9: =VALUE('Raw-Data 3'!B109) -> 0.217 | K9: =VALUE('Raw-Data 3'!B100) -> 0.554
B18: Future living conditions (3 months) | D18: Present living conditions
B19: 2016 | C19: 2015 | D19: 2016 | E19: 2015 | F19: 2014
A20: Very good/Much better | B20: =VALUE('Raw-Data 3'!E118) -> 0.177 | C20: =VALUE('Raw-Data 3'!B118) -> 0.249 | D20: =VALUE('Raw-Data 3'!E69) -> 0.02 | E20: =VALUE('Raw-Data 3'!B69) -> 0.087 | F20: 0.013
A21: Fairly good/Better | B21: =VALUE('Raw-Data 3'!E117) -> 0.142 | C21: =VALUE('Raw-Data 3'!B117) -> 0.243 | D21: =VALUE('Raw-Data 3'!E70) -> 0.16 | E21: =VALUE('Raw-Data 3'!B70) -> 0.314 | F21: 0.267
A22: Neither good nor bad/The same | B22: =VALUE('Raw-Data 3'!E116) -> 0.175 | C22: =VALUE('Raw-Data 3'!B116) -> 0.257 | D22: =VALUE('Raw-Data 3'!E71) -> 0.044 | E22: =VALUE('Raw-Data 3'!B71) -> 0.147 | F22: 0.205
A23: Fairly bad/Worse | B23: =VALUE('Raw-Data 3'!E115) -> 0.193 | C23: =VALUE('Raw-Data 3'!B115) -> 0.171 | D23: =VALUE('Raw-Data 3'!E72) -> 0.168 | E23: =VALUE('Raw-Data 3'!B72) -> 0.145 | F23: 0.153
A24: Very bad/Much worse | B24: =VALUE('Raw-Data 3'!E114) -> 0.312 | C24: =VALUE('Raw-Data 3'!B114) -> 0.08 | D24: =VALUE('Raw-Data 3'!E73) -> 0.609 | E24: =VALUE('Raw-Data 3'!B73) -> 0.307 | F24: 0.363
A30: SWB.1 In general, how would you describe your own personal living conditions today?
B31: 2015 | H31: 2016
B32: Poorest Quintile | C32: Q2 | D32: Q3 | E32: Q4 | F32: Richest Quintile | H32: Poorest Quintile | I32: Q2 | J32: Q3 | K32: Q4 | L32: Richest Quintile
A33: Very good | B33: =VALUE('Raw-Data 3'!B87) -> 0.028 | C33: =VALUE('Raw-Data 3'!E87) -> 0.007 | D33: =VALUE('Raw-Data 3'!H87) -> 0.084 | E33: =VALUE('Raw-Data 3'!K87) -> 0.131 | F33: =VALUE('Raw-Data 3'!N87) -> 0.145 | H33: =VALUE('Raw-Data 3'!B78) -> 0.064 | I33: =VALUE('Raw-Data 3'!E78) -> 0.014 | J33: =VALUE('Raw-Data 3'!H78) -> 0.009 | K33: =VALUE('Raw-Data 3'!K78) -> 0.005 | L33: =VALUE('Raw-Data 3'!N78) -> 0.022
A34: Fairly good | B34: =VALUE('Raw-Data 3'!B88) -> 0.191 | C34: =VALUE('Raw-Data 3'!E88) -> 0.271 | D34: =VALUE('Raw-Data 3'!H88) -> 0.257 | E34: =VALUE('Raw-Data 3'!K88) -> 0.388 | F34: =VALUE('Raw-Data 3'!N88) -> 0.413 | H34: =VALUE('Raw-Data 3'!B79) -> 0.029 | I34: =VALUE('Raw-Data 3'!E79) -> 0.13 | J34: =VALUE('Raw-Data 3'!H79) -> 0.182 | K34: =VALUE('Raw-Data 3'!K79) -> 0.242 | L34: =VALUE('Raw-Data 3'!N79) -> 0.166
A35: Neither good nor bad | B35: =VALUE('Raw-Data 3'!B89) -> 0.161 | C35: =VALUE('Raw-Data 3'!E89) -> 0.206 | D35: =VALUE('Raw-Data 3'!H89) -> 0.128 | E35: =VALUE('Raw-Data 3'!K89) -> 0.159 | F35: =VALUE('Raw-Data 3'!N89) -> 0.108 | H35: =VALUE('Raw-Data 3'!B80) -> 0.059 | I35: =VALUE('Raw-Data 3'!E80) -> 0.036 | J35: =VALUE('Raw-Data 3'!H80) -> 0.024 | K35: =VALUE('Raw-Data 3'!K80) -> 0.04 | L35: =VALUE('Raw-Data 3'!N80) -> 0.057
A36: Fairly bad | B36: =VALUE('Raw-Data 3'!B90) -> 0.216 | C36: =VALUE('Raw-Data 3'!E90) -> 0.102 | D36: =VALUE('Raw-Data 3'!H90) -> 0.133 | E36: =VALUE('Raw-Data 3'!K90) -> 0.134 | F36: =VALUE('Raw-Data 3'!N90) -> 0.139 | H36: =VALUE('Raw-Data 3'!B81) -> 0.152 | I36: =VALUE('Raw-Data 3'!E81) -> 0.193 | J36: =VALUE('Raw-Data 3'!H81) -> 0.161 | K36: =VALUE('Raw-Data 3'!K81) -> 0.136 | L36: =VALUE('Raw-Data 3'!N81) -> 0.19
A37: Very bad | B37: =VALUE('Raw-Data 3'!B91) -> 0.403 | C37: =VALUE('Raw-Data 3'!E91) -> 0.415 | D37: =VALUE('Raw-Data 3'!H91) -> 0.398 | E37: =VALUE('Raw-Data 3'!K91) -> 0.188 | F37: =VALUE('Raw-Data 3'!N91) -> 0.194 | H37: =VALUE('Raw-Data 3'!B82) -> 0.696 | I37: =VALUE('Raw-Data 3'!E82) -> 0.628 | J37: =VALUE('Raw-Data 3'!H82) -> 0.623 | K37: =VALUE('Raw-Data 3'!K82) -> 0.578 | L37: =VALUE('Raw-Data 3'!N82) -> 0.565
A40: SWB.3 Looking ahead, would you expect your own personal living conditions to be better or worse in three months time?
B41: Total | E41: Poor | G41: NonPoor
B42: 2015 | C42: 2016 | E42: 2015 | F42: 2016 | G42: 2015 | H42: 2016
A43: Much worse | B43: =VALUE('Raw-Data 3'!B114) -> 0.08 | C43: =VALUE('Raw-Data 3'!E114) -> 0.312 | E43: =VALUE('Raw-Data 3'!E150) -> 0.064 | F43: =VALUE('Raw-Data 3'!E141) -> 0.273 | G43: =VALUE('Raw-Data 3'!B150) -> 0.09 | H43: =VALUE('Raw-Data 3'!B141) -> 0.368
A44: Worse | B44: =VALUE('Raw-Data 3'!B115) -> 0.171 | C44: =VALUE('Raw-Data 3'!E115) -> 0.193 | E44: =VALUE('Raw-Data 3'!E151) -> 0.144 | F44: =VALUE('Raw-Data 3'!E142) -> 0.207 | G44: =VALUE('Raw-Data 3'!B151) -> 0.189 | H44: =VALUE('Raw-Data 3'!B142) -> 0.174
A45: The same | B45: =VALUE('Raw-Data 3'!B116) -> 0.257 | C45: =VALUE('Raw-Data 3'!E116) -> 0.175 | E45: =VALUE('Raw-Data 3'!E152) -> 0.352 | F45: =VALUE('Raw-Data 3'!E143) -> 0.194 | G45: =VALUE('Raw-Data 3'!B152) -> 0.193 | H45: =VALUE('Raw-Data 3'!B143) -> 0.148
A46: Better | B46: =VALUE('Raw-Data 3'!B117) -> 0.243 | C46: =VALUE('Raw-Data 3'!E117) -> 0.142 | E46: =VALUE('Raw-Data 3'!E153) -> 0.213 | F46: =VALUE('Raw-Data 3'!E144) -> 0.151 | G46: =VALUE('Raw-Data 3'!B153) -> 0.264 | H46: =VALUE('Raw-Data 3'!B144) -> 0.127
A47: Much better | B47: =VALUE('Raw-Data 3'!B118) -> 0.249 | C47: =VALUE('Raw-Data 3'!E118) -> 0.177 | E47: =VALUE('Raw-Data 3'!E154) -> 0.228 | F47: =VALUE('Raw-Data 3'!E145) -> 0.176 | G47: =VALUE('Raw-Data 3'!B154) -> 0.263 | H47: =VALUE('Raw-Data 3'!B145) -> 0.182
A49: SWB.3 Looking ahead, would you expect your own personal living conditions to be better or worse in three months time?
B50: 2015 | H50: 2016
B51: Poorest Quintile | C51: Q2 | D51: Q3 | E51: Q4 | F51: Richest Quintile | H51: Poorest Quintile | I51: Q2 | J51: Q3 | K51: Q4 | L51: Richest Quintile
A52: Much worse | B52: =VALUE('Raw-Data 3'!B87) -> 0.028 | C52: =VALUE('Raw-Data 3'!E87) -> 0.007 | D52: =VALUE('Raw-Data 3'!H87) -> 0.084 | E52: =VALUE('Raw-Data 3'!K87) -> 0.131 | F52: =VALUE('Raw-Data 3'!N87) -> 0.145 | H52: =VALUE('Raw-Data 3'!B78) -> 0.064 | I52: =VALUE('Raw-Data 3'!E78) -> 0.014 | J52: =VALUE('Raw-Data 3'!I78) -> 0.001 | K52: =VALUE('Raw-Data 3'!K78) -> 0.005 | L52: =VALUE('Raw-Data 3'!N78) -> 0.022
A53: Worse | B53: =VALUE('Raw-Data 3'!B88) -> 0.191 | C53: =VALUE('Raw-Data 3'!E88) -> 0.271 | D53: =VALUE('Raw-Data 3'!H88) -> 0.257 | E53: =VALUE('Raw-Data 3'!K88) -> 0.388 | F53: =VALUE('Raw-Data 3'!N88) -> 0.413 | H53: =VALUE('Raw-Data 3'!B79) -> 0.029 | I53: =VALUE('Raw-Data 3'!E79) -> 0.13 | J53: =VALUE('Raw-Data 3'!I79) -> 0.087 | K53: =VALUE('Raw-Data 3'!K79) -> 0.242 | L53: =VALUE('Raw-Data 3'!N79) -> 0.166
A54: The same | B54: =VALUE('Raw-Data 3'!B89) -> 0.161 | C54: =VALUE('Raw-Data 3'!E89) -> 0.206 | D54: =VALUE('Raw-Data 3'!H89) -> 0.128 | E54: =VALUE('Raw-Data 3'!K89) -> 0.159 | F54: =VALUE('Raw-Data 3'!N89) -> 0.108 | H54: =VALUE('Raw-Data 3'!B80) -> 0.059 | I54: =VALUE('Raw-Data 3'!E80) -> 0.036 | J54: =VALUE('Raw-Data 3'!I80) -> 0.007 | K54: =VALUE('Raw-Data 3'!K80) -> 0.04 | L54: =VALUE('Raw-Data 3'!N80) -> 0.057
A55: Better | B55: =VALUE('Raw-Data 3'!B90) -> 0.216 | C55: =VALUE('Raw-Data 3'!E90) -> 0.102 | D55: =VALUE('Raw-Data 3'!H90) -> 0.133 | E55: =VALUE('Raw-Data 3'!K90) -> 0.134 | F55: =VALUE('Raw-Data 3'!N90) -> 0.139 | H55: =VALUE('Raw-Data 3'!B81) -> 0.152 | I55: =VALUE('Raw-Data 3'!E81) -> 0.193 | J55: =VALUE('Raw-Data 3'!I81) -> 0.082 | K55: =VALUE('Raw-Data 3'!K81) -> 0.136 | L55: =VALUE('Raw-Data 3'!N81) -> 0.19
A56: Much better | B56: =VALUE('Raw-Data 3'!B91) -> 0.403 | C56: =VALUE('Raw-Data 3'!E91) -> 0.415 | D56: =VALUE('Raw-Data 3'!H91) -> 0.398 | E56: =VALUE('Raw-Data 3'!K91) -> 0.188 | F56: =VALUE('Raw-Data 3'!N91) -> 0.194 | H56: =VALUE('Raw-Data 3'!B82) -> 0.696 | I56: =VALUE('Raw-Data 3'!E82) -> 0.628 | J56: =VALUE('Raw-Data 3'!I82) -> 0.485 | K56: =VALUE('Raw-Data 3'!K82) -> 0.578 | L56: =VALUE('Raw-Data 3'!N82) -> 0.565
A59: SWB.4 In general, how would you describe the present economic condition of South Sudan?
B60: Total | H60: Poor | J60: NonPoor
B61: 2012 | C61: 2013 | D61: 2014 | E61: 2015 | F61: 2016 | H61: 2015 | I61: 2016 | J61: 2015 | K61: 2016
A62: Very good | B62: 0.028 | C62: 0.023 | D62: 0.026 | E62: =VALUE('Raw-Data 3'!B159) -> 0.045 | F62: =VALUE('Raw-Data 3'!E159) -> 0.014 | H62: =VALUE('Raw-Data 3'!E195) -> 0.035 | I62: =VALUE('Raw-Data 3'!F186) -> 0.005 | J62: =VALUE('Raw-Data 3'!B195) -> 0.053 | K62: =VALUE('Raw-Data 3'!B186) -> 0.01
A63: Fairly good | B63: 0.194 | C63: 0.094 | D63: 0.196 | E63: =VALUE('Raw-Data 3'!B160) -> 0.202 | F63: =VALUE('Raw-Data 3'!E160) -> 0.097 | H63: =VALUE('Raw-Data 3'!E196) -> 0.132 | I63: =VALUE('Raw-Data 3'!F187) -> 0.066 | J63: =VALUE('Raw-Data 3'!B196) -> 0.25 | K63: =VALUE('Raw-Data 3'!B187) -> 0.095
A64: Neither good nor bad | B64: 0.102 | C64: 0.045 | D64: 0.082 | E64: =VALUE('Raw-Data 3'!B161) -> 0.109 | F64: =VALUE('Raw-Data 3'!E161) -> 0.028 | H64: =VALUE('Raw-Data 3'!E197) -> 0.147 | I64: =VALUE('Raw-Data 3'!F188) -> 0.022 | J64: =VALUE('Raw-Data 3'!B197) -> 0.085 | K64: =VALUE('Raw-Data 3'!B188) -> 0.017
A65: Fairly bad | B65: 0.172 | C65: 0.267 | D65: 0.175 | E65: =VALUE('Raw-Data 3'!B162) -> 0.155 | F65: =VALUE('Raw-Data 3'!E162) -> 0.109 | H65: =VALUE('Raw-Data 3'!E198) -> 0.169 | I65: =VALUE('Raw-Data 3'!F189) -> 0.087 | J65: =VALUE('Raw-Data 3'!B198) -> 0.146 | K65: =VALUE('Raw-Data 3'!B189) -> 0.09
A66: Very bad | B66: 0.504 | C66: 0.571 | D66: 0.521 | E66: =VALUE('Raw-Data 3'!B163) -> 0.488 | F66: =VALUE('Raw-Data 3'!E163) -> 0.751 | H66: =VALUE('Raw-Data 3'!E199) -> 0.518 | I66: =VALUE('Raw-Data 3'!F190) -> 0.665 | J66: =VALUE('Raw-Data 3'!B199) -> 0.467 | K66: =VALUE('Raw-Data 3'!B190) -> 0.788
B76: Future economic conditions (3 months) | D76: Present economic conditions
B77: 2016 | C77: 2015 | D77: 2016 | E77: 2015 | F77: 2014
A78: Very good/Much better | B78: =VALUE('Raw-Data 3'!E208) -> 0.136 | C78: =VALUE('Raw-Data 3'!B208) -> 0.296 | D78: =VALUE('Raw-Data 3'!E159) -> 0.014 | E78: =VALUE('Raw-Data 3'!B159) -> 0.045 | F78: 0.026
A79: Fairly good/Better | B79: =VALUE('Raw-Data 3'!E207) -> 0.116 | C79: =VALUE('Raw-Data 3'!B207) -> 0.172 | D79: =VALUE('Raw-Data 3'!E160) -> 0.097 | E79: =VALUE('Raw-Data 3'!B160) -> 0.202 | F79: 0.196
A80: Neither good nor bad/The same | B80: =VALUE('Raw-Data 3'!E206) -> 0.096 | C80: =VALUE('Raw-Data 3'!B206) -> 0.151 | D80: =VALUE('Raw-Data 3'!E161) -> 0.028 | E80: =VALUE('Raw-Data 3'!B161) -> 0.109 | F80: 0.082
A81: Fairly bad/Worse | B81: =VALUE('Raw-Data 3'!E205) -> 0.183 | C81: =VALUE('Raw-Data 3'!B205) -> 0.187 | D81: =VALUE('Raw-Data 3'!E162) -> 0.109 | E81: =VALUE('Raw-Data 3'!B162) -> 0.155 | F81: 0.175
A82: Very bad/Much worse | B82: =VALUE('Raw-Data 3'!E204) -> 0.468 | C82: =VALUE('Raw-Data 3'!B204) -> 0.193 | D82: =VALUE('Raw-Data 3'!E163) -> 0.751 | E82: =VALUE('Raw-Data 3'!B163) -> 0.488 | F82: 0.521
A87: SWB.4 In general, how would you describe the present economic condition of South Sudan?
B88: 2015 | H88: 2016
B89: Poorest Quintile | C89: Q2 | D89: Q3 | E89: Q4 | F89: Richest Quintile | H89: Poorest Quintile | I89: Q2 | J89: Q3 | K89: Q4 | L89: Richest Quintile
A90: Very good | B90: =VALUE('Raw-Data 3'!B177) -> 0.05 | C90: =VALUE('Raw-Data 3'!E177) -> 0.008 | D90: =VALUE('Raw-Data 3'!H177) -> 0.049 | E90: =VALUE('Raw-Data 3'!K177) -> 0.052 | F90: =VALUE('Raw-Data 3'!N177) -> 0.057 | H90: =VALUE('Raw-Data 3'!B168) -> 0.026 | I90: =VALUE('Raw-Data 3'!E168) -> 0 | J90: =VALUE('Raw-Data 3'!H168) -> 0.035 | K90: =VALUE('Raw-Data 3'!K168) -> 0.005 | L90: =VALUE('Raw-Data 3'!N168) -> 0.01
A91: Fairly good | B91: =VALUE('Raw-Data 3'!B178) -> 0.159 | C91: =VALUE('Raw-Data 3'!E178) -> 0.119 | D91: =VALUE('Raw-Data 3'!H178) -> 0.167 | E91: =VALUE('Raw-Data 3'!K178) -> 0.24 | F91: =VALUE('Raw-Data 3'!N178) -> 0.273 | H91: =VALUE('Raw-Data 3'!B169) -> 0.125 | I91: =VALUE('Raw-Data 3'!E169) -> 0.09 | J91: =VALUE('Raw-Data 3'!H169) -> 0.078 | K91: =VALUE('Raw-Data 3'!K169) -> 0.121 | L91: =VALUE('Raw-Data 3'!N169) -> 0.084
A92: Neither good nor bad | B92: =VALUE('Raw-Data 3'!B179) -> 0.23 | C92: =VALUE('Raw-Data 3'!E179) -> 0.107 | D92: =VALUE('Raw-Data 3'!H179) -> 0.108 | E92: =VALUE('Raw-Data 3'!K179) -> 0.095 | F92: =VALUE('Raw-Data 3'!N179) -> 0.058 | H92: =VALUE('Raw-Data 3'!B170) -> 0.044 | I92: =VALUE('Raw-Data 3'!E170) -> 0.037 | J92: =VALUE('Raw-Data 3'!H170) -> 0.034 | K92: =VALUE('Raw-Data 3'!K170) -> 0.021 | L92: =VALUE('Raw-Data 3'!N170) -> 0.018
A93: Fairly bad | B93: =VALUE('Raw-Data 3'!B180) -> 0.122 | C93: =VALUE('Raw-Data 3'!E180) -> 0.182 | D93: =VALUE('Raw-Data 3'!H180) -> 0.155 | E93: =VALUE('Raw-Data 3'!K180) -> 0.223 | F93: =VALUE('Raw-Data 3'!N180) -> 0.112 | H93: =VALUE('Raw-Data 3'!B171) -> 0.129 | I93: =VALUE('Raw-Data 3'!E171) -> 0.155 | J93: =VALUE('Raw-Data 3'!H171) -> 0.134 | K93: =VALUE('Raw-Data 3'!K171) -> 0.059 | L93: =VALUE('Raw-Data 3'!N171) -> 0.088
A94: Very bad | B94: =VALUE('Raw-Data 3'!B181) -> 0.44 | C94: =VALUE('Raw-Data 3'!E181) -> 0.584 | D94: =VALUE('Raw-Data 3'!H181) -> 0.521 | E94: =VALUE('Raw-Data 3'!K181) -> 0.391 | F94: =VALUE('Raw-Data 3'!N181) -> 0.5 | H94: =VALUE('Raw-Data 3'!B172) -> 0.677 | I94: =VALUE('Raw-Data 3'!E172) -> 0.718 | J94: =VALUE('Raw-Data 3'!H172) -> 0.72 | K94: =VALUE('Raw-Data 3'!K172) -> 0.793 | L94: =VALUE('Raw-Data 3'!N172) -> 0.799
A97: SWB.6 Looking ahead, would you expect the economic conditions in South Sudan to be better or worse in three months time?
B98: Total | E98: Poor | G98: NonPoor
B99: 2015 | C99: 2016 | E99: 2015 | F99: 2016 | G99: 2015 | H99: 2016
A100: Much worse | B100: =VALUE('Raw-Data 3'!B204) -> 0.193 | C100: =VALUE('Raw-Data 3'!F204) -> 0.395 | E100: =VALUE('Raw-Data 3'!E240) -> 0.166 | F100: =VALUE('Raw-Data 3'!E231) -> 0.437 | G100: =VALUE('Raw-Data 3'!B240) -> 0.213 | H100: =VALUE('Raw-Data 3'!B231) -> 0.515
A101: Worse | B101: =VALUE('Raw-Data 3'!B205) -> 0.187 | C101: =VALUE('Raw-Data 3'!F205) -> 0.132 | E101: =VALUE('Raw-Data 3'!E241) -> 0.234 | F101: =VALUE('Raw-Data 3'!E232) -> 0.211 | G101: =VALUE('Raw-Data 3'!B241) -> 0.152 | H101: =VALUE('Raw-Data 3'!B232) -> 0.141
A102: The same | B102: =VALUE('Raw-Data 3'!B206) -> 0.151 | C102: =VALUE('Raw-Data 3'!F206) -> 0.067 | E102: =VALUE('Raw-Data 3'!E242) -> 0.182 | F102: =VALUE('Raw-Data 3'!E233) -> 0.097 | G102: =VALUE('Raw-Data 3'!B242) -> 0.129 | H102: =VALUE('Raw-Data 3'!B233) -> 0.097
A103: Better | B103: =VALUE('Raw-Data 3'!B207) -> 0.172 | C103: =VALUE('Raw-Data 3'!F207) -> 0.082 | E103: =VALUE('Raw-Data 3'!E243) -> 0.131 | F103: =VALUE('Raw-Data 3'!E234) -> 0.154 | G103: =VALUE('Raw-Data 3'!B243) -> 0.203 | H103: =VALUE('Raw-Data 3'!B234) -> 0.063
A104: Much better | B104: =VALUE('Raw-Data 3'!B208) -> 0.296 | C104: =VALUE('Raw-Data 3'!F208) -> 0.104 | E104: =VALUE('Raw-Data 3'!E244) -> 0.287 | F104: =VALUE('Raw-Data 3'!E235) -> 0.102 | G104: =VALUE('Raw-Data 3'!B244) -> 0.303 | H104: =VALUE('Raw-Data 3'!B235) -> 0.184
A106: SWB.6 Looking ahead, would you expect the economic conditions in South Sudan to be better or worse in three months time?
B107: 2015 | H107: 2016
B108: Poorest Quintile | C108: Q2 | D108: Q3 | E108: Q4 | F108: Richest Quintile | H108: Poorest Quintile | I108: Q2 | J108: Q3 | K108: Q4 | L108: Richest Quintile
A109: Very good | B109: =VALUE('Raw-Data 3'!B222) -> 0.156 | C109: =VALUE('Raw-Data 3'!E222) -> 0.11 | D109: =VALUE('Raw-Data 3'!H222) -> 0.254 | E109: =VALUE('Raw-Data 3'!K222) -> 0.168 | F109: =VALUE('Raw-Data 3'!N222) -> 0.232 | H109: =VALUE('Raw-Data 3'!B213) -> 0.427 | I109: =VALUE('Raw-Data 3'!E213) -> 0.426 | J109: =VALUE('Raw-Data 3'!H213) -> 0.508 | K109: =VALUE('Raw-Data 3'!K213) -> 0.461 | L109: =VALUE('Raw-Data 3'!N213) -> 0.491
A110: Fairly good | B110: =VALUE('Raw-Data 3'!B223) -> 0.253 | C110: =VALUE('Raw-Data 3'!E223) -> 0.239 | D110: =VALUE('Raw-Data 3'!H223) -> 0.214 | E110: =VALUE('Raw-Data 3'!K223) -> 0.148 | F110: =VALUE('Raw-Data 3'!N223) -> 0.113 | H110: =VALUE('Raw-Data 3'!B214) -> 0.267 | I110: =VALUE('Raw-Data 3'!E214) -> 0.2 | J110: =VALUE('Raw-Data 3'!H214) -> 0.149 | K110: =VALUE('Raw-Data 3'!K214) -> 0.19 | L110: =VALUE('Raw-Data 3'!N214) -> 0.151
A111: Neither good nor bad | B111: =VALUE('Raw-Data 3'!B224) -> 0.262 | C111: =VALUE('Raw-Data 3'!E224) -> 0.161 | D111: =VALUE('Raw-Data 3'!H224) -> 0.108 | E111: =VALUE('Raw-Data 3'!K224) -> 0.178 | F111: =VALUE('Raw-Data 3'!N224) -> 0.092 | H111: =VALUE('Raw-Data 3'!B215) -> 0.14 | I111: =VALUE('Raw-Data 3'!E215) -> 0.066 | J111: =VALUE('Raw-Data 3'!H215) -> 0.109 | K111: =VALUE('Raw-Data 3'!K215) -> 0.066 | L111: =VALUE('Raw-Data 3'!N215) -> 0.108
A112: Fairly bad | B112: =VALUE('Raw-Data 3'!B225) -> 0.148 | C112: =VALUE('Raw-Data 3'!E225) -> 0.172 | D112: =VALUE('Raw-Data 3'!H225) -> 0.097 | E112: =VALUE('Raw-Data 3'!K225) -> 0.206 | F112: =VALUE('Raw-Data 3'!N225) -> 0.236 | H112: =VALUE('Raw-Data 3'!B216) -> 0.146 | I112: =VALUE('Raw-Data 3'!E216) -> 0.225 | J112: =VALUE('Raw-Data 3'!H216) -> 0.094 | K112: =VALUE('Raw-Data 3'!K216) -> 0.087 | L112: =VALUE('Raw-Data 3'!N216) -> 0.08
A113: Very bad | B113: =VALUE('Raw-Data 3'!B226) -> 0.181 | C113: =VALUE('Raw-Data 3'!E226) -> 0.318 | D113: =VALUE('Raw-Data 3'!H226) -> 0.327 | E113: =VALUE('Raw-Data 3'!K226) -> 0.3 | F113: =VALUE('Raw-Data 3'!N226) -> 0.328 | H113: =VALUE('Raw-Data 3'!B217) -> 0.02 | I113: =VALUE('Raw-Data 3'!E217) -> 0.084 | J113: =VALUE('Raw-Data 3'!H217) -> 0.14 | K113: =VALUE('Raw-Data 3'!K217) -> 0.196 | L113: =VALUE('Raw-Data 3'!N217) -> 0.169
A117: Index

Sheet Well-being
A1: SH.1 Overall, how satisfied are you with your life these days?
E2: 2015 | G2: 2016
B3: 2015 | C3: 2016 | E3: (+) | F3: (-) | G3: (+) | H3: (-)
A4: Total | B4: =VALUE('Raw-Data 3'!B2) -> 3.359 | C4: =VALUE('Raw-Data 3'!B3) -> 2.428 | E4: ='Raw-Data 3'!D2-'Raw-Data 3'!B2 -> 0.307 | F4: ='Raw-Data 3'!B2-'Raw-Data 3'!C2 -> 0.307 | G4: ='Raw-Data 3'!D3-'Raw-Data 3'!B3 -> 0.261 | H4: ='Raw-Data 3'!B3-'Raw-Data 3'!C3 -> 0.261
A6: Poorest Quintile | B6: =VALUE('Raw-Data 3'!B8) -> 2.473 | C6: =VALUE('Raw-Data 3'!E8) -> 1.617 | E6: ='Raw-Data 3'!D8-'Raw-Data 3'!B8 -> 0.576 | F6: ='Raw-Data 3'!B8-'Raw-Data 3'!C8 -> 0.575 | G6: ='Raw-Data 3'!G8-'Raw-Data 3'!E8 -> 0.712 | H6: ='Raw-Data 3'!E8-'Raw-Data 3'!F8 -> 0.712
A7: Q2 | B7: =VALUE('Raw-Data 3'!B9) -> 3.27 | C7: =VALUE('Raw-Data 3'!E9) -> 2.363 | E7: ='Raw-Data 3'!D9-'Raw-Data 3'!B9 -> 0.649 | F7: ='Raw-Data 3'!B9-'Raw-Data 3'!C9 -> 0.65 | G7: ='Raw-Data 3'!G9-'Raw-Data 3'!E9 -> 0.544 | H7: ='Raw-Data 3'!E9-'Raw-Data 3'!F9 -> 0.544
A8: Q3 | B8: =VALUE('Raw-Data 3'!B10) -> 3.125 | C8: =VALUE('Raw-Data 3'!E10) -> 2.382 | E8: ='Raw-Data 3'!D10-'Raw-Data 3'!B10 -> 0.664 | F8: ='Raw-Data 3'!B10-'Raw-Data 3'!C10 -> 0.665 | G8: ='Raw-Data 3'!G10-'Raw-Data 3'!E10 -> 0.501 | H8: ='Raw-Data 3'!E10-'Raw-Data 3'!F10 -> 0.5
A9: Q4 | B9: =VALUE('Raw-Data 3'!B11) -> 4.23 | C9: =VALUE('Raw-Data 3'!E11) -> 2.701 | E9: ='Raw-Data 3'!D11-'Raw-Data 3'!B11 -> 0.581 | F9: ='Raw-Data 3'!B11-'Raw-Data 3'!C11 -> 0.58 | G9: ='Raw-Data 3'!G11-'Raw-Data 3'!E11 -> 0.491 | H9: ='Raw-Data 3'!E11-'Raw-Data 3'!F11 -> 0.492
A10: Richest Quintile | B10: =VALUE('Raw-Data 3'!B12) -> 3.574 | C10: =VALUE('Raw-Data 3'!E12) -> 2.736 | E10: ='Raw-Data 3'!D12-'Raw-Data 3'!B12 -> 0.427 | F10: ='Raw-Data 3'!B12-'Raw-Data 3'!C12 -> 0.427 | G10: ='Raw-Data 3'!G12-'Raw-Data 3'!E12 -> 0.401 | H10: ='Raw-Data 3'!E12-'Raw-Data 3'!F12 -> 0.4
A12: NonPoor | B12: =VALUE('Raw-Data 3'!B17) -> 3.72 | C12: =VALUE('Raw-Data 3'!E17) -> 2.701 | E12: ='Raw-Data 3'!D17-'Raw-Data 3'!B17 -> 0.313 | F12: ='Raw-Data 3'!B17-'Raw-Data 3'!C17 -> 0.313 | G12: ='Raw-Data 3'!G17-'Raw-Data 3'!E17 -> 0.368 | H12: ='Raw-Data 3'!E17-'Raw-Data 3'!F17 -> 0.367
A13: Poor | B13: =VALUE('Raw-Data 3'!B18) -> 2.876 | C13: =VALUE('Raw-Data 3'!E18) -> 2.26 | E13: ='Raw-Data 3'!D18-'Raw-Data 3'!B18 -> 0.442 | F13: ='Raw-Data 3'!B18-'Raw-Data 3'!C18 -> 0.442 | G13: ='Raw-Data 3'!G18-'Raw-Data 3'!E18 -> 0.346 | H13: ='Raw-Data 3'!E18-'Raw-Data 3'!F18 -> 0.346
A16: SH.6.1 On which step of the ladder would you say you personally feel you stand today?
E17: 2015 | G17: 2016
B18: 2015 | C18: 2016 | E18: (+) | F18: (-) | G18: (+) | H18: (-)
A19: Total | B19: =VALUE('Raw-Data 3'!B29) -> 3.528 | C19: =VALUE('Raw-Data 3'!B30) -> 2.432 | E19: ='Raw-Data 3'!D29-'Raw-Data 3'!B29 -> 0.268 | F19: ='Raw-Data 3'!B29-'Raw-Data 3'!C29 -> 0.268 | G19: ='Raw-Data 3'!D30-'Raw-Data 3'!B30 -> 0.263 | H19: ='Raw-Data 3'!B30-'Raw-Data 3'!C30 -> 0.262
A21: Poorest Quintile | B21: =VALUE('Raw-Data 3'!B35) -> 2.814 | C21: =VALUE('Raw-Data 3'!E35) -> 1.748 | E21: ='Raw-Data 3'!D35-'Raw-Data 3'!B35 -> 0.502 | F21: ='Raw-Data 3'!B35-'Raw-Data 3'!C35 -> 0.501 | G21: ='Raw-Data 3'!G35-'Raw-Data 3'!E35 -> 0.711 | H21: ='Raw-Data 3'!E35-'Raw-Data 3'!F35 -> 0.711
A22: Q2 | B22: =VALUE('Raw-Data 3'!B36) -> 3.606 | C22: =VALUE('Raw-Data 3'!E36) -> 2.342 | E22: ='Raw-Data 3'!D36-'Raw-Data 3'!B36 -> 0.584 | F22: ='Raw-Data 3'!B36-'Raw-Data 3'!C36 -> 0.584 | G22: ='Raw-Data 3'!G36-'Raw-Data 3'!E36 -> 0.547 | H22: ='Raw-Data 3'!E36-'Raw-Data 3'!F36 -> 0.548
A23: Q3 | B23: =VALUE('Raw-Data 3'!B37) -> 3.113 | C23: =VALUE('Raw-Data 3'!E37) -> 2.375 | E23: ='Raw-Data 3'!D37-'Raw-Data 3'!B37 -> 0.635 | F23: ='Raw-Data 3'!B37-'Raw-Data 3'!C37 -> 0.635 | G23: ='Raw-Data 3'!G37-'Raw-Data 3'!E37 -> 0.473 | H23: ='Raw-Data 3'!E37-'Raw-Data 3'!F37 -> 0.474
A24: Q4 | B24: =VALUE('Raw-Data 3'!B38) -> 4.227 | C24: =VALUE('Raw-Data 3'!E38) -> 2.768 | E24: ='Raw-Data 3'!D38-'Raw-Data 3'!B38 -> 0.471 | F24: ='Raw-Data 3'!B38-'Raw-Data 3'!C38 -> 0.471 | G24: ='Raw-Data 3'!G38-'Raw-Data 3'!E38 -> 0.506 | H24: ='Raw-Data 3'!E38-'Raw-Data 3'!F38 -> 0.506
A25: Richest Quintile | B25: =VALUE('Raw-Data 3'!B39) -> 3.714 | C25: =VALUE('Raw-Data 3'!E39) -> 2.679 | E25: ='Raw-Data 3'!D39-'Raw-Data 3'!B39 -> 0.449 | F25: ='Raw-Data 3'!B39-'Raw-Data 3'!C39 -> 0.449 | G25: ='Raw-Data 3'!G39-'Raw-Data 3'!E39 -> 0.322 | H25: ='Raw-Data 3'!E39-'Raw-Data 3'!F39 -> 0.322
A27: NonPoor | B27: =VALUE('Raw-Data 3'!B44) -> 3.814 | C27: =VALUE('Raw-Data 3'!E44) -> 2.707 | E27: ='Raw-Data 3'!D44-'Raw-Data 3'!B44 -> 0.308 | F27: ='Raw-Data 3'!B44-'Raw-Data 3'!C44 -> 0.307 | G27: ='Raw-Data 3'!G44-'Raw-Data 3'!E44 -> 0.327 | H27: ='Raw-Data 3'!E44-'Raw-Data 3'!F44 -> 0.328
A28: Poor | B28: =VALUE('Raw-Data 3'!B45) -> 3.109 | C28: =VALUE('Raw-Data 3'!E45) -> 2.273 | E28: ='Raw-Data 3'!D45-'Raw-Data 3'!B45 -> 0.357 | F28: ='Raw-Data 3'!B45-'Raw-Data 3'!C45 -> 0.357 | G28: ='Raw-Data 3'!G45-'Raw-Data 3'!E45 -> 0.357 | H28: ='Raw-Data 3'!E45-'Raw-Data 3'!F45 -> 0.357
A31: SH.6.3 On which step of the ladder do you expect to be standing on in one years time?
E32: 2015 | G32: 2016
B33: 2015 | C33: 2016 | E33: (+) | F33: (-) | G33: (+) | H33: (-)
A34: Total | B34: =VALUE('Raw-Data 3'!B48) -> 5.365 | C34: =VALUE('Raw-Data 3'!B49) -> 3.987 | E34: ='Raw-Data 3'!D48-'Raw-Data 3'!B48 -> 0.344 | F34: ='Raw-Data 3'!B48-'Raw-Data 3'!C48 -> 0.344 | G34: ='Raw-Data 3'!D49-'Raw-Data 3'!B49 -> 0.495 | H34: ='Raw-Data 3'!B49-'Raw-Data 3'!C49 -> 0.494
A36: Poorest Quintile | B36: =VALUE('Raw-Data 3'!B54) -> 4.428 | C36: =VALUE('Raw-Data 3'!E54) -> 3.074 | E36: ='Raw-Data 3'!D54-'Raw-Data 3'!B54 -> 0.795 | F36: ='Raw-Data 3'!B54-'Raw-Data 3'!C54 -> 0.795 | G36: ='Raw-Data 3'!G54-'Raw-Data 3'!E54 -> 0.582 | H36: ='Raw-Data 3'!E54-'Raw-Data 3'!F54 -> 0.582
A37: Q2 | B37: =VALUE('Raw-Data 3'!B55) -> 5.864 | C37: =VALUE('Raw-Data 3'!E55) -> 2.998 | E37: ='Raw-Data 3'!D55-'Raw-Data 3'!B55 -> 0.833 | F37: ='Raw-Data 3'!B55-'Raw-Data 3'!C55 -> 0.832 | G37: ='Raw-Data 3'!G55-'Raw-Data 3'!E55 -> 0.956 | H37: ='Raw-Data 3'!E55-'Raw-Data 3'!F55 -> 0.956
A38: Q3 | B38: =VALUE('Raw-Data 3'!B56) -> 4.407 | C38: =VALUE('Raw-Data 3'!E56) -> 4.295 | E38: ='Raw-Data 3'!D56-'Raw-Data 3'!B56 -> 0.794 | F38: ='Raw-Data 3'!B56-'Raw-Data 3'!C56 -> 0.793 | G38: ='Raw-Data 3'!G56-'Raw-Data 3'!E56 -> 0.844 | H38: ='Raw-Data 3'!E56-'Raw-Data 3'!F56 -> 0.844
A39: Q4 | B39: =VALUE('Raw-Data 3'!B57) -> 6.064 | C39: =VALUE('Raw-Data 3'!E57) -> 4.555 | E39: ='Raw-Data 3'!D57-'Raw-Data 3'!B57 -> 0.783 | F39: ='Raw-Data 3'!B57-'Raw-Data 3'!C57 -> 0.782 | G39: ='Raw-Data 3'!G57-'Raw-Data 3'!E57 -> 0.853 | H39: ='Raw-Data 3'!E57-'Raw-Data 3'!F57 -> 0.854
A40: Richest Quintile | B40: =VALUE('Raw-Data 3'!B58) -> 5.752 | C40: =VALUE('Raw-Data 3'!E58) -> 4.283 | E40: ='Raw-Data 3'!D58-'Raw-Data 3'!B58 -> 0.546 | F40: ='Raw-Data 3'!B58-'Raw-Data 3'!C58 -> 0.546 | G40: ='Raw-Data 3'!G58-'Raw-Data 3'!E58 -> 0.725 | H40: ='Raw-Data 3'!E58-'Raw-Data 3'!F58 -> 0.724
A42: NonPoor | B42: =VALUE('Raw-Data 3'!B63) -> 5.593 | C42: =VALUE('Raw-Data 3'!E63) -> 4.35 | E42: ='Raw-Data 3'!D63-'Raw-Data 3'!B63 -> 0.522 | F42: ='Raw-Data 3'!B63-'Raw-Data 3'!C63 -> 0.522 | G42: ='Raw-Data 3'!G63-'Raw-Data 3'!E63 -> 0.669 | H42: ='Raw-Data 3'!E63-'Raw-Data 3'!F63 -> 0.67
A43: Poor | B43: =VALUE('Raw-Data 3'!B64) -> 4.99 | C43: =VALUE('Raw-Data 3'!E64) -> 3.708 | E43: ='Raw-Data 3'!D64-'Raw-Data 3'!B64 -> 0.534 | F43: ='Raw-Data 3'!B64-'Raw-Data 3'!C64 -> 0.535 | G43: ='Raw-Data 3'!G64-'Raw-Data 3'!E64 -> 0.657 | H43: ='Raw-Data 3'!E64-'Raw-Data 3'!F64 -> 0.657
A49: SWB.7 How much control do you feel you have over your life?
B50: Total | E50: Poor | G50: NonPoor
B51: 2015 | C51: 2016 | E51: 2015 | F51: 2016 | G51: 2015 | H51: 2016
A52: No Control | B52: =VALUE('Raw-Data 3'!B249) -> 0.255 | C52: =VALUE('Raw-Data 3'!E249) -> 0.377 | E52: =VALUE('Raw-Data 3'!E281) -> 0.257 | F52: =VALUE('Raw-Data 3'!E273) -> 0.362 | G52: =VALUE('Raw-Data 3'!B281) -> 0.25 | H52: =VALUE('Raw-Data 3'!B273) -> 0.403
A53: Some Control | B53: =VALUE('Raw-Data 3'!B250) -> 0.501 | C53: =VALUE('Raw-Data 3'!E250) -> 0.431 | E53: =VALUE('Raw-Data 3'!E282) -> 0.511 | F53: =VALUE('Raw-Data 3'!E274) -> 0.446 | G53: =VALUE('Raw-Data 3'!B282) -> 0.495 | H53: =VALUE('Raw-Data 3'!B274) -> 0.403
A54: A Great Deal of Control | B54: =VALUE('Raw-Data 3'!B251) -> 0.103 | C54: =VALUE('Raw-Data 3'!E251) -> 0.09 | E54: =VALUE('Raw-Data 3'!E283) -> 0.07 | F54: =VALUE('Raw-Data 3'!E275) -> 0.086 | G54: =VALUE('Raw-Data 3'!B283) -> 0.128 | H54: =VALUE('Raw-Data 3'!B275) -> 0.097
A55: Complete Control | B55: =VALUE('Raw-Data 3'!B252) -> 0.142 | C55: =VALUE('Raw-Data 3'!E252) -> 0.102 | E55: =VALUE('Raw-Data 3'!E284) -> 0.162 | F55: =VALUE('Raw-Data 3'!E276) -> 0.106 | G55: =VALUE('Raw-Data 3'!B284) -> 0.128 | H55: =VALUE('Raw-Data 3'!B276) -> 0.097
A59: SWB.7 How much control do you feel you have over your life?
B60: 2015 | H60: 2016
B61: Poorest Quintile | C61: Q2 | D61: Q3 | E61: Q4 | F61: Richest Quintile | H61: Poorest Quintile | I61: Q2 | J61: Q3 | K61: Q4 | L61: Richest Quintile
A62: No Control | B62: =VALUE('Raw-Data 3'!B265) -> 0.186 | C62: =VALUE('Raw-Data 3'!E265) -> 0.276 | D62: =VALUE('Raw-Data 3'!H265) -> 0.291 | E62: =VALUE('Raw-Data 3'!K265) -> 0.214 | F62: =VALUE('Raw-Data 3'!N265) -> 0.28 | H62: =VALUE('Raw-Data 3'!B257) -> 0.499 | I62: =VALUE('Raw-Data 3'!E257) -> 0.302 | J62: =VALUE('Raw-Data 3'!H257) -> 0.332 | K62: =VALUE('Raw-Data 3'!K257) -> 0.333 | L62: =VALUE('Raw-Data 3'!N257) -> 0.422
A63: Some Control | B63: =VALUE('Raw-Data 3'!B266) -> 0.598 | C63: =VALUE('Raw-Data 3'!E266) -> 0.489 | D63: =VALUE('Raw-Data 3'!H266) -> 0.39 | E63: =VALUE('Raw-Data 3'!K266) -> 0.579 | F63: =VALUE('Raw-Data 3'!N266) -> 0.477 | H63: =VALUE('Raw-Data 3'!B258) -> 0.287 | I63: =VALUE('Raw-Data 3'!E258) -> 0.57 | J63: =VALUE('Raw-Data 3'!H258) -> 0.451 | K63: =VALUE('Raw-Data 3'!K258) -> 0.46 | L63: =VALUE('Raw-Data 3'!N258) -> 0.388
A64: A Great Deal of Control | B64: =VALUE('Raw-Data 3'!B267) -> 0.061 | C64: =VALUE('Raw-Data 3'!E267) -> 0.071 | D64: =VALUE('Raw-Data 3'!H267) -> 0.132 | E64: =VALUE('Raw-Data 3'!K267) -> 0.117 | F64: =VALUE('Raw-Data 3'!N267) -> 0.119 | H64: =VALUE('Raw-Data 3'!B259) -> 0.129 | I64: =VALUE('Raw-Data 3'!E259) -> 0.017 | J64: =VALUE('Raw-Data 3'!H259) -> 0.105 | K64: =VALUE('Raw-Data 3'!K259) -> 0.089 | L64: =VALUE('Raw-Data 3'!N259) -> 0.1
A65: Complete Control | B65: =VALUE('Raw-Data 3'!B268) -> 0.155 | C65: =VALUE('Raw-Data 3'!E268) -> 0.163 | D65: =VALUE('Raw-Data 3'!H268) -> 0.187 | E65: =VALUE('Raw-Data 3'!K268) -> 0.09 | F65: =VALUE('Raw-Data 3'!N268) -> 0.124 | H65: =VALUE('Raw-Data 3'!B260) -> 0.085 | I65: =VALUE('Raw-Data 3'!E260) -> 0.111 | J65: =VALUE('Raw-Data 3'!H260) -> 0.112 | K65: =VALUE('Raw-Data 3'!K260) -> 0.117 | L65: =VALUE('Raw-Data 3'!N260) -> 0.09
A75: SH.7.3 I am satisfied with my life
B76: Total | E76: NonPoor | G76: Poor | J76: Poorest Quintile | L76: Q2 | N76: Q3 | P76: Q4 | R76: Richest Quintile
B77: 2016 | C77: 2015 | E77: 2016 | F77: 2015 | G77: 2016 | H77: 2015 | J77: 2016 | K77: 2015 | L77: 2016 | M77: 2015 | N77: 2016 | O77: 2015 | P77: 2016 | Q77: 2015 | R77: 2016 | S77: 2015
A78: Strongly disagree | B78: =VALUE('Raw-Data 3'!E334) -> 0.534 | C78: =VALUE('Raw-Data 3'!B334) -> 0.393 | E78: =VALUE('Raw-Data 3'!B367) -> 0.48 | F78: =VALUE('Raw-Data 3'!B378) -> 0.333 | G78: =VALUE('Raw-Data 3'!E367) -> 0.563 | H78: =VALUE('Raw-Data 3'!B367) -> 0.48 | J78: =VALUE('Raw-Data 3'!B345) -> 0.577 | K78: =VALUE('Raw-Data 3'!B356) -> 0.5 | L78: =VALUE('Raw-Data 3'!E345) -> 0.583 | M78: =VALUE('Raw-Data 3'!E356) -> 0.439 | N78: =VALUE('Raw-Data 3'!H345) -> 0.558 | O78: =VALUE('Raw-Data 3'!H356) -> 0.433 | P78: =VALUE('Raw-Data 3'!K345) -> 0.49 | Q78: =VALUE('Raw-Data 3'!K356) -> 0.351 | R78: =VALUE('Raw-Data 3'!N345) -> 0.49 | S78: =VALUE('Raw-Data 3'!N356) -> 0.292
A79: Disagree | B79: =VALUE('Raw-Data 3'!E335) -> 0.211 | C79: =VALUE('Raw-Data 3'!B335) -> 0.253 | E79: =VALUE('Raw-Data 3'!B368) -> 0.236 | F79: =VALUE('Raw-Data 3'!B379) -> 0.259 | G79: =VALUE('Raw-Data 3'!E368) -> 0.197 | H79: =VALUE('Raw-Data 3'!B368) -> 0.236 | J79: =VALUE('Raw-Data 3'!B346) -> 0.153 | K79: =VALUE('Raw-Data 3'!B357) -> 0.226 | L79: =VALUE('Raw-Data 3'!E346) -> 0.116 | M79: =VALUE('Raw-Data 3'!E357) -> 0.315 | N79: =VALUE('Raw-Data 3'!H346) -> 0.28 | O79: =VALUE('Raw-Data 3'!H357) -> 0.248 | P79: =VALUE('Raw-Data 3'!K346) -> 0.251 | Q79: =VALUE('Raw-Data 3'!K357) -> 0.211 | R79: =VALUE('Raw-Data 3'!N346) -> 0.223 | S79: =VALUE('Raw-Data 3'!N357) -> 0.268
A80: Slightly disagree | B80: =VALUE('Raw-Data 3'!E336) -> 0.043 | C80: =VALUE('Raw-Data 3'!B336) -> 0.068 | E80: =VALUE('Raw-Data 3'!B369) -> 0.041 | F80: =VALUE('Raw-Data 3'!B380) -> 0.084 | G80: =VALUE('Raw-Data 3'!E369) -> 0.044 | H80: =VALUE('Raw-Data 3'!B369) -> 0.041 | J80: =VALUE('Raw-Data 3'!B347) -> 0.028 | K80: =VALUE('Raw-Data 3'!B358) -> 0.068 | L80: =VALUE('Raw-Data 3'!E347) -> 0.059 | M80: =VALUE('Raw-Data 3'!E358) -> 0.031 | N80: =VALUE('Raw-Data 3'!H347) -> 0.047 | O80: =VALUE('Raw-Data 3'!H358) -> 0.049 | P80: =VALUE('Raw-Data 3'!K347) -> 0.046 | Q80: =VALUE('Raw-Data 3'!K358) -> 0.087 | R80: =VALUE('Raw-Data 3'!N347) -> 0.035 | S80: =VALUE('Raw-Data 3'!N358) -> 0.091
A81: Neither agree nor disgree | B81: =VALUE('Raw-Data 3'!E337) -> 0.087 | C81: =VALUE('Raw-Data 3'!B337) -> 0.095 | E81: =VALUE('Raw-Data 3'!B370) -> 0.067 | F81: =VALUE('Raw-Data 3'!B381) -> 0.077 | G81: =VALUE('Raw-Data 3'!E370) -> 0.1 | H81: =VALUE('Raw-Data 3'!B370) -> 0.067 | J81: =VALUE('Raw-Data 3'!B348) -> 0.156 | K81: =VALUE('Raw-Data 3'!B359) -> 0.119 | L81: =VALUE('Raw-Data 3'!E348) -> 0.134 | M81: =VALUE('Raw-Data 3'!E359) -> 0.096 | N81: =VALUE('Raw-Data 3'!H348) -> 0.042 | O81: =VALUE('Raw-Data 3'!H359) -> 0.136 | P81: =VALUE('Raw-Data 3'!K348) -> 0.078 | Q81: =VALUE('Raw-Data 3'!K359) -> 0.115 | R81: =VALUE('Raw-Data 3'!N348) -> 0.061 | S81: =VALUE('Raw-Data 3'!N359) -> 0.036
A82: Slightly agree | B82: =VALUE('Raw-Data 3'!E338) -> 0.031 | C82: =VALUE('Raw-Data 3'!B338) -> 0.051 | E82: =VALUE('Raw-Data 3'!B371) -> 0.053 | F82: =VALUE('Raw-Data 3'!B382) -> 0.073 | G82: =VALUE('Raw-Data 3'!E371) -> 0.018 | H82: =VALUE('Raw-Data 3'!B371) -> 0.053 | J82: =VALUE('Raw-Data 3'!B349) -> 0.035 | K82: =VALUE('Raw-Data 3'!B360) -> 0.006 | L82: =VALUE('Raw-Data 3'!E349) -> 0.01 | M82: =VALUE('Raw-Data 3'!E360) -> 0.024 | N82: =VALUE('Raw-Data 3'!H349) -> 0.014 | O82: =VALUE('Raw-Data 3'!H360) -> 0.034 | P82: =VALUE('Raw-Data 3'!K349) -> 0.03 | Q82: =VALUE('Raw-Data 3'!K360) -> 0.068 | R82: =VALUE('Raw-Data 3'!N349) -> 0.056 | S82: =VALUE('Raw-Data 3'!N360) -> 0.097
A83: Agree | B83: =VALUE('Raw-Data 3'!E339) -> 0.078 | C83: =VALUE('Raw-Data 3'!B339) -> 0.11 | E83: =VALUE('Raw-Data 3'!B372) -> 0.107 | F83: =VALUE('Raw-Data 3'!B383) -> 0.13 | G83: =VALUE('Raw-Data 3'!E372) -> 0.061 | H83: =VALUE('Raw-Data 3'!B372) -> 0.107 | J83: =VALUE('Raw-Data 3'!B350) -> 0.043 | K83: =VALUE('Raw-Data 3'!B361) -> 0.07 | L83: =VALUE('Raw-Data 3'!E350) -> 0.082 | M83: =VALUE('Raw-Data 3'!E361) -> 0.087 | N83: =VALUE('Raw-Data 3'!H350) -> 0.049 | O83: =VALUE('Raw-Data 3'!H361) -> 0.079 | P83: =VALUE('Raw-Data 3'!K350) -> 0.085 | Q83: =VALUE('Raw-Data 3'!K361) -> 0.157 | R83: =VALUE('Raw-Data 3'!N350) -> 0.112 | S83: =VALUE('Raw-Data 3'!N361) -> 0.142
A84: Strongly Agree | B84: =VALUE('Raw-Data 3'!E340) -> 0.017 | C84: =VALUE('Raw-Data 3'!B340) -> 0.03 | E84: =VALUE('Raw-Data 3'!B373) -> 0.017 | F84: =VALUE('Raw-Data 3'!B384) -> 0.045 | G84: =VALUE('Raw-Data 3'!E373) -> 0.017 | H84: =VALUE('Raw-Data 3'!B373) -> 0.017 | J84: =VALUE('Raw-Data 3'!B351) -> 0.009 | K84: =VALUE('Raw-Data 3'!B362) -> 0.011 | L84: =VALUE('Raw-Data 3'!E351) -> 0.018 | M84: =VALUE('Raw-Data 3'!E362) -> 0.008 | N84: =VALUE('Raw-Data 3'!H351) -> 0.009 | O84: =VALUE('Raw-Data 3'!H362) -> 0.021 | P84: =VALUE('Raw-Data 3'!K351) -> 0.021 | Q84: =VALUE('Raw-Data 3'!K362) -> 0.012 | R84: =VALUE('Raw-Data 3'!N351) -> 0.023 | S84: =VALUE('Raw-Data 3'!N362) -> 0.074
A115: Index

Sheet Raw-Data 3
A1: Year | B1: Mean | C1: LB | D1: UB
A2: 2015 | B2: 3.359 | C2: 3.052 | D2: 3.666
A3: 2016 | B3: 2.428 | C3: 2.167 | D3: 2.689
A4: Total | B4: 2.894 | C4: 2.641 | D4: 3.147
A5: life satisfaction
A6: 5 quantiles of tc_imp | B6: 2015 | C6: 2015 | D6: 2015 | E6: 2016 | F6: 2016 | G6: 2016 | H6: Total | I6: Total | J6: Total
B7: Mean | C7: LB | D7: UB | E7: Mean | F7: LB | G7: UB | H7: Mean | I7: LB | J7: UB
A8: 1 | B8: 2.473 | C8: 1.898 | D8: 3.049 | E8: 1.617 | F8: 0.905 | G8: 2.329 | H8: 2.064 | I8: 1.396 | J8: 2.732
A9: 2 | B9: 3.270 | C9: 2.620 | D9: 3.919 | E9: 2.363 | F9: 1.819 | G9: 2.907 | H9: 2.822 | I9: 2.334 | J9: 3.309
A10: 3 | B10: 3.125 | C10: 2.460 | D10: 3.789 | E10: 2.382 | F10: 1.882 | G10: 2.883 | H10: 2.782 | I10: 2.382 | J10: 3.182
A11: 4 | B11: 4.230 | C11: 3.650 | D11: 4.811 | E11: 2.701 | F11: 2.209 | G11: 3.192 | H11: 3.390 | I11: 2.928 | J11: 3.853
A12: 5 | B12: 3.574 | C12: 3.147 | D12: 4.001 | E12: 2.736 | F12: 2.336 | G12: 3.137 | H12: 3.152 | I12: 2.825 | J12: 3.478
A13: Total | B13: 3.359 | C13: 3.052 | D13: 3.666 | E13: 2.428 | F13: 2.167 | G13: 2.689 | H13: 2.898 | I13: 2.644 | J13: 3.152
A14: life satisfaction
A15: Below 1.9 USD PPP 2011 poverty line | B15: 2015 | C15: 2015 | D15: 2015 | E15: 2016 | F15: 2016 | G15: 2016 | H15: Total | I15: Total | J15: Total
B16: Mean | C16: LB | D16: UB | E16: Mean | F16: LB | G16: UB | H16: Mean | I16: LB | J16: UB
A17: NonPoor | B17: 3.720 | C17: 3.407 | D17: 4.033 | E17: 2.701 | F17: 2.334 | G17: 3.069 | H17: 3.311 | I17: 3.047 | J17: 3.575
A18: Poor | B18: 2.876 | C18: 2.434 | D18: 3.318 | E18: 2.260 | F18: 1.914 | G18: 2.606 | H18: 2.513 | I18: 2.195 | J18: 2.831
A19: Total | B19: 3.359 | C19: 3.052 | D19: 3.666 | E19: 2.428 | F19: 2.167 | G19: 2.689 | H19: 2.898 | I19: 2.644 | J19: 3.152
A20: Year | B20: Mean | C20: LB | D20: UB
A21: 2015 | B21: 3.891 | C21: 3.422 | D21: 4.359
A22: 2016 | B22: 2.641 | C22: 2.336 | D22: 2.945
A23: Total | B23: 3.269 | C23: 2.912 | D23: 3.625
A24: Year | B24: Mean | C24: LB | D24: UB
A25: 2015 | B25: 3.854 | C25: 3.431 | D25: 4.277
A26: 2016 | B26: 4.293 | C26: 3.846 | D26: 4.741
A27: Total | B27: 4.072 | C27: 3.688 | D27: 4.457
A28: Year | B28: Mean | C28: LB | D28: UB
A29: 2015 | B29: 3.528 | C29: 3.260 | D29: 3.796
A30: 2016 | B30: 2.432 | C30: 2.170 | D30: 2.695
A31: Total | B31: 2.985 | C31: 2.746 | D31: 3.224
A32: ladder today
A33: 5 quantiles of tc_imp | B33: 2015 | C33: 2015 | D33: 2015 | E33: 2016 | F33: 2016 | G33: 2016 | H33: Total | I33: Total | J33: Total
B34: Mean | C34: LB | D34: UB | E34: Mean | F34: LB | G34: UB | H34: Mean | I34: LB | J34: UB
A35: 1 | B35: 2.814 | C35: 2.313 | D35: 3.316 | E35: 1.748 | F35: 1.037 | G35: 2.459 | H35: 2.286 | I35: 1.686 | J35: 2.885
A36: 2 | B36: 3.606 | C36: 3.022 | D36: 4.190 | E36: 2.342 | F36: 1.794 | G36: 2.889 | H36: 2.983 | I36: 2.574 | J36: 3.392
A37: 3 | B37: 3.113 | C37: 2.478 | D37: 3.748 | E37: 2.375 | F37: 1.901 | G37: 2.848 | H37: 2.767 | I37: 2.345 | J37: 3.189
A38: 4 | B38: 4.227 | C38: 3.756 | D38: 4.698 | E38: 2.768 | F38: 2.262 | G38: 3.274 | H38: 3.452 | I38: 3.046 | J38: 3.857
A39: 5 | B39: 3.714 | C39: 3.265 | D39: 4.163 | E39: 2.679 | F39: 2.357 | G39: 3.001 | H39: 3.208 | I39: 2.931 | J39: 3.484
A40: Total | B40: 3.528 | C40: 3.260 | D40: 3.796 | E40: 2.432 | F40: 2.170 | G40: 2.695 | H40: 2.990 | I40: 2.750 | J40: 3.230
A41: ladder today
A42: Below 1.9 USD PPP 2011 poverty line | B42: 2015 | C42: 2015 | D42: 2015 | E42: 2016 | F42: 2016 | G42: 2016 | H42: Total | I42: Total | J42: Total
B43: Mean | C43: LB | D43: UB | E43: Mean | F43: LB | G43: UB | H43: Mean | I43: LB | J43: UB
A44: NonPoor | B44: 3.814 | C44: 3.507 | D44: 4.122 | E44: 2.707 | F44: 2.379 | G44: 3.034 | H44: 3.382 | I44: 3.161 | J44: 3.604
A45: Poor | B45: 3.109 | C45: 2.752 | D45: 3.466 | E45: 2.273 | F45: 1.916 | G45: 2.630 | H45: 2.609 | I45: 2.308 | J45: 2.910
A46: Total | B46: 3.528 | C46: 3.260 | D46: 3.796 | E46: 2.432 | F46: 2.170 | G46: 2.695 | H46: 2.990 | I46: 2.750 | J46: 3.230
A47: Year | B47: Mean | C47: LB | D47: UB
A48: 2015 | B48: 5.365 | C48: 5.021 | D48: 5.709
A49: 2016 | B49: 3.987 | C49: 3.493 | D49: 4.482
A50: Total | B50: 4.679 | C50: 4.313 | D50: 5.045
A51: ladder future
A52: 5 quantiles of tc_imp | B52: 2015 | C52: 2015 | D52: 2015 | E52: 2016 | F52: 2016 | G52: 2016 | H52: Total | I52: Total | J52: Total
B53: Mean | C53: LB | D53: UB | E53: Mean | F53: LB | G53: UB | H53: Mean | I53: LB | J53: UB
A54: 1 | B54: 4.428 | C54: 3.633 | D54: 5.223 | E54: 3.074 | F54: 2.492 | G54: 3.656 | H54: 3.851 | I54: 3.233 | J54: 4.470
A55: 2 | B55: 5.864 | C55: 5.032 | D55: 6.697 | E55: 2.998 | F55: 2.042 | G55: 3.954 | H55: 4.347 | I55: 3.494 | J55: 5.201
A56: 3 | B56: 4.407 | C56: 3.614 | D56: 5.201 | E56: 4.295 | F56: 3.451 | G56: 5.139 | H56: 4.355 | I56: 3.820 | J56: 4.889
A57: 4 | B57: 6.064 | C57: 5.282 | D57: 6.847 | E57: 4.555 | F57: 3.701 | G57: 5.408 | H57: 5.300 | I57: 4.638 | J57: 5.962
A58: 5 | B58: 5.752 | C58: 5.206 | D58: 6.298 | E58: 4.283 | F58: 3.559 | G58: 5.008 | H58: 4.988 | I58: 4.462 | J58: 5.513
A59: Total | B59: 5.365 | C59: 5.021 | D59: 5.709 | E59: 3.987 | F59: 3.493 | G59: 4.482 | H59: 4.680 | I59: 4.313 | J59: 5.047
A60: ladder future
A61: Below 1.9 USD PPP 2011 poverty line | B61: 2015 | C61: 2015 | D61: 2015 | E61: 2016 | F61: 2016 | G61: 2016 | H61: Total | I61: Total | J61: Total
B62: Mean | C62: LB | D62: UB | E62: Mean | F62: LB | G62: UB | H62: Mean | I62: LB | J62: UB
A63: NonPoor | B63: 5.593 | C63: 5.071 | D63: 6.115 | E63: 4.350 | F63: 3.680 | G63: 5.019 | H63: 5.086 | I63: 4.578 | J63: 5.594
A64: Poor | B64: 4.990 | C64: 4.455 | D64: 5.524 | E64: 3.708 | F64: 3.051 | G64: 4.365 | H64: 4.225 | I64: 3.682 | J64: 4.768
A65: Total | B65: 5.365 | C65: 5.021 | D65: 5.709 | E65: 3.987 | F65: 3.493 | G65: 4.482 | H65: 4.680 | I65: 4.313 | J65: 5.047
A66: living conditions now
A67: SWB.1 In general, how would you describe your own personal living conditions tod | B67: 2015 | C67: 2015 | D67: 2015 | E67: 2016 | F67: 2016 | G67: 2016 | H67: Total | I67: Total | J67: Total
B68: Prop. | C68: LB | D68: UB | E68: Prop. | F68: LB | G68: UB | H68: Prop. | I68: LB | J68: UB
A69: Very good | B69: 0.087 | C69: 0.059 | D69: 0.126 | E69: 0.020 | F69: 0.010 | G69: 0.043 | H69: 0.053 | I69: 0.039 | J69: 0.073
A70: Fairly good | B70: 0.314 | C70: 0.254 | D70: 0.382 | E70: 0.160 | F70: 0.118 | G70: 0.213 | H70: 0.236 | I70: 0.194 | J70: 0.284
A71: Neither good nor bad | B71: 0.147 | C71: 0.111 | D71: 0.191 | E71: 0.044 | F71: 0.027 | G71: 0.070 | H71: 0.095 | I71: 0.077 | J71: 0.116
A72: Fairly bad | B72: 0.145 | C72: 0.116 | D72: 0.180 | E72: 0.168 | F72: 0.127 | G72: 0.218 | H72: 0.157 | I72: 0.133 | J72: 0.184
A73: Very bad | B73: 0.307 | C73: 0.252 | D73: 0.367 | E73: 0.609 | F73: 0.558 | G73: 0.657 | H73: 0.459 | I73: 0.419 | J73: 0.499
A74: Total | B74: 1.000 | E74: 1.000 | H74: 1.000
A75: living conditions 2016
A76: SWB.1 In general, how would you describe your own personal living conditions tod | B76: 1 | C76: 1 | D76: 1 | E76: 2 | F76: 2 | G76: 2 | H76: 3 | I76: 3 | J76: 3 | K76: 4 | L76: 4 | M76: 4 | N76: 5 | O76: 5 | P76: 5 | Q76: Total | R76: Total | S76: Total
B77: Prop. | C77: LB | D77: UB | E77: Prop. | F77: LB | G77: UB | H77: Prop. | I77: LB | J77: UB | K77: Prop. | L77: LB | M77: UB | N77: Prop. | O77: LB | P77: UB | Q77: Prop. | R77: LB | S77: UB
A78: Very good | B78: 0.064 | C78: 0.019 | D78: 0.191 | E78: 0.014 | F78: 0.003 | G78: 0.061 | H78: 0.009 | I78: 0.001 | J78: 0.066 | K78: 0.005 | L78: 0.001 | M78: 0.036 | N78: 0.022 | O78: 0.007 | P78: 0.070 | Q78: 0.020 | R78: 0.010 | S78: 0.043
A79: Fairly good | B79: 0.029 | C79: 0.009 | D79: 0.093 | E79: 0.130 | F79: 0.063 | G79: 0.249 | H79: 0.182 | I79: 0.087 | J79: 0.343 | K79: 0.242 | L79: 0.161 | M79: 0.346 | N79: 0.166 | O79: 0.111 | P79: 0.241 | Q79: 0.160 | R79: 0.119 | S79: 0.213
A80: Neither good nor bad | B80: 0.059 | C80: 0.015 | D80: 0.210 | E80: 0.036 | F80: 0.009 | G80: 0.128 | H80: 0.024 | I80: 0.007 | J80: 0.079 | K80: 0.040 | L80: 0.019 | M80: 0.080 | N80: 0.057 | O80: 0.029 | P80: 0.109 | Q80: 0.044 | R80: 0.027 | S80: 0.070
A81: Fairly bad | B81: 0.152 | C81: 0.091 | D81: 0.243 | E81: 0.193 | F81: 0.089 | G81: 0.369 | H81: 0.161 | I81: 0.082 | J81: 0.292 | K81: 0.136 | L81: 0.072 | M81: 0.241 | N81: 0.190 | O81: 0.131 | P81: 0.267 | Q81: 0.167 | R81: 0.127 | S81: 0.217
A82: Very bad | B82: 0.696 | C82: 0.599 | D82: 0.779 | E82: 0.628 | F82: 0.456 | G82: 0.772 | H82: 0.623 | I82: 0.485 | J82: 0.744 | K82: 0.578 | L82: 0.482 | M82: 0.668 | N82: 0.565 | O82: 0.478 | P82: 0.648 | Q82: 0.608 | R82: 0.557 | S82: 0.657
A83: Total | B83: 1.000 | E83: 1.000 | H83: 1.000 | K83: 1.000 | N83: 1.000 | Q83: 1.000
A84: living conditions 2015
A85: SWB.1 In general, how would you describe your own personal living conditions tod | B85: 1 | C85: 1 | D85: 1 | E85: 2 | F85: 2 | G85: 2 | H85: 3 | I85: 3 | J85: 3 | K85: 4 | L85: 4 | M85: 4 | N85: 5 | O85: 5 | P85: 5 | Q85: Total | R85: Total | S85: Total
B86: Prop. | C86: LB | D86: UB | E86: Prop. | F86: LB | G86: UB | H86: Prop. | I86: LB | J86: UB | K86: Prop. | L86: LB | M86: UB | N86: Prop. | O86: LB | P86: UB | Q86: Prop. | R86: LB | S86: UB
A87: Very good | B87: 0.028 | C87: 0.007 | D87: 0.111 | E87: 0.007 | F87: 0.001 | G87: 0.049 | H87: 0.084 | I87: 0.044 | J87: 0.155 | K87: 0.131 | L87: 0.084 | M87: 0.199 | N87: 0.145 | O87: 0.084 | P87: 0.240 | Q87: 0.087 | R87: 0.060 | S87: 0.126
A88: Fairly good | B88: 0.191 | C88: 0.125 | D88: 0.281 | E88: 0.271 | F88: 0.167 | G88: 0.407 | H88: 0.257 | I88: 0.148 | J88: 0.409 | K88: 0.388 | L88: 0.285 | M88: 0.501 | N88: 0.413 | O88: 0.308 | P88: 0.526 | Q88: 0.315 | R88: 0.254 | S88: 0.383
A89: Neither good nor bad | B89: 0.161 | C89: 0.099 | D89: 0.250 | E89: 0.206 | F89: 0.117 | G89: 0.337 | H89: 0.128 | I89: 0.069 | J89: 0.226 | K89: 0.159 | L89: 0.091 | M89: 0.263 | N89: 0.108 | O89: 0.067 | P89: 0.171 | Q89: 0.147 | R89: 0.111 | S89: 0.192
A90: Fairly bad | B90: 0.216 | C90: 0.151 | D90: 0.300 | E90: 0.102 | F90: 0.051 | G90: 0.195 | H90: 0.133 | I90: 0.078 | J90: 0.218 | K90: 0.134 | L90: 0.079 | M90: 0.218 | N90: 0.139 | O90: 0.082 | P90: 0.227 | Q90: 0.143 | R90: 0.114 | S90: 0.178
A91: Very bad | B91: 0.403 | C91: 0.309 | D91: 0.505 | E91: 0.415 | F91: 0.298 | G91: 0.542 | H91: 0.398 | I91: 0.266 | J91: 0.546 | K91: 0.188 | L91: 0.124 | M91: 0.274 | N91: 0.194 | O91: 0.141 | P91: 0.261 | Q91: 0.308 | R91: 0.253 | S91: 0.368
A92: Total | B92: 1.000 | E92: 1.000 | H92: 1.000 | K92: 1.000 | N92: 1.000 | Q92: 1.000
A93: living conditions 2016
A94: SWB.1 In general, how would you describe your own personal living conditions tod | B94: NonPoor | C94: NonPoor | D94: NonPoor | E94: Poor | F94: Poor | G94: Poor | H94: Total | I94: Total | J94: Total
B95: Prop. | C95: LB | D95: UB | E95: Prop. | F95: LB | G95: UB | H95: Prop. | I95: LB | J95: UB
A96: Very good | B96: 0.016 | C96: 0.005 | D96: 0.050 | E96: 0.023 | F96: 0.009 | G96: 0.061 | H96: 0.020 | I96: 0.010 | J96: 0.043
A97: Fairly good | B97: 0.199 | C97: 0.145 | D97: 0.267 | E97: 0.136 | F97: 0.086 | G97: 0.209 | H97: 0.160 | I97: 0.119 | J97: 0.213
A98: Neither good nor bad | B98: 0.049 | C98: 0.028 | D98: 0.086 | E98: 0.040 | F98: 0.020 | G98: 0.079 | H98: 0.044 | I98: 0.027 | J98: 0.070
A99: Fairly bad | B99: 0.182 | C99: 0.128 | D99: 0.253 | E99: 0.158 | F99: 0.113 | G99: 0.216 | H99: 0.167 | I99: 0.127 | J99: 0.217
A100: Very bad | B100: 0.554 | C100: 0.482 | D100: 0.624 | E100: 0.642 | F100: 0.568 | G100: 0.710 | H100: 0.608 | I100: 0.557 | J100: 0.657
...

Sheet Government performance
B2: Effectiveness of organisations 2016
C3: Churches and mosques | D3: Other UN Agencies (i.e. UNHCR, UNICEF, UNDP) | E3: International community | F3: Local and International NGOs | G3: UNMISS | H3: Community Leaders | I3: Local Government | J3: SSPS | K3: State Government | L3: Business Leaders | M3: SPLA and SPLM | N3: Central Government of South Sudan
B4: Very effective | C4: =VALUE('Raw-data 4'!C11) -> 0.517 | D4: =VALUE('Raw-data 4'!C65) -> 0.338 | E4: =VALUE('Raw-data 4'!C53) -> 0.329 | F4: =VALUE('Raw-data 4'!C59) -> 0.283 | G4: =VALUE('Raw-data 4'!C71) -> 0.226 | H4: =VALUE('Raw-data 4'!C5) -> 0.276 | I4: =VALUE('Raw-data 4'!C23) -> 0.126 | J4: =VALUE('Raw-data 4'!C35) -> 0.224 | K4: =VALUE('Raw-data 4'!C41) -> 0.092 | L4: =VALUE('Raw-data 4'!C47) -> 0.05 | M4: =VALUE('Raw-data 4'!C29) -> 0.157 | N4: =VALUE('Raw-data 4'!C17) -> 0.063
B5: Fairly effective | C5: =VALUE('Raw-data 4'!C12) -> 0.299 | D5: =VALUE('Raw-data 4'!C66) -> 0.404 | E5: =VALUE('Raw-data 4'!C54) -> 0.369 | F5: =VALUE('Raw-data 4'!C60) -> 0.376 | G5: =VALUE('Raw-data 4'!C72) -> 0.39 | H5: =VALUE('Raw-data 4'!C6) -> 0.311 | I5: =VALUE('Raw-data 4'!C24) -> 0.34 | J5: =VALUE('Raw-data 4'!C36) -> 0.271 | K5: =VALUE('Raw-data 4'!C42) -> 0.344 | L5: =VALUE('Raw-data 4'!C48) -> 0.338 | M5: =VALUE('Raw-data 4'!C30) -> 0.196 | N5: =VALUE('Raw-data 4'!C18) -> 0.217
B6: Fairly ineffective | C6: =VALUE('Raw-data 4'!C13) -> 0.091 | D6: =VALUE('Raw-data 4'!C67) -> 0.143 | E6: =VALUE('Raw-data 4'!C55) -> 0.153 | F6: =VALUE('Raw-data 4'!C61) -> 0.189 | G6: =VALUE('Raw-data 4'!C73) -> 0.198 | H6: =VALUE('Raw-data 4'!C7) -> 0.16 | I6: =VALUE('Raw-data 4'!C25) -> 0.253 | J6: =VALUE('Raw-data 4'!C37) -> 0.182 | K6: =VALUE('Raw-data 4'!C43) -> 0.236 | L6: =VALUE('Raw-data 4'!C49) -> 0.186 | M6: =VALUE('Raw-data 4'!C31) -> 0.167 | N6: =VALUE('Raw-data 4'!C19) -> 0.239
B7: Very ineffective | C7: =VALUE('Raw-data 4'!C14) -> 0.093 | D7: =VALUE('Raw-data 4'!C68) -> 0.114 | E7: =VALUE('Raw-data 4'!C56) -> 0.15 | F7: =VALUE('Raw-data 4'!C62) -> 0.151 | G7: =VALUE('Raw-data 4'!C74) -> 0.186 | H7: =VALUE('Raw-data 4'!C8) -> 0.253 | I7: =VALUE('Raw-data 4'!C26) -> 0.281 | J7: =VALUE('Raw-data 4'!C38) -> 0.322 | K7: =VALUE('Raw-data 4'!C44) -> 0.328 | L7: =VALUE('Raw-data 4'!C50) -> 0.425 | M7: =VALUE('Raw-data 4'!C32) -> 0.48 | N7: =VALUE('Raw-data 4'!C20) -> 0.481
B26: Effectiveness of organisations 2015
C27: Other UN Agencies (i.e. UNHCR, UNICEF, UNDP) | D27: Churches and mosques | E27: International community | F27: Local and International NGOs | G27: Community Leaders | H27: Local Government | I27: State Government | J27: UNMISS | K27: SSPS | L27: SPLA and SPLM | M27: Central Government of South Sudan | N27: Business Leaders
B28: Very effective | C28: =VALUE('Raw-data 4'!B65) -> 0.419 | D28: =VALUE('Raw-data 4'!B11) -> 0.525 | E28: =VALUE('Raw-data 4'!B53) -> 0.316 | F28: =VALUE('Raw-data 4'!B59) -> 0.289 | G28: =VALUE('Raw-data 4'!B5) -> 0.277 | H28: =VALUE('Raw-data 4'!B23) -> 0.173 | I28: =VALUE('Raw-data 4'!B41) -> 0.146 | J28: =VALUE('Raw-data 4'!C71) -> 0.226 | K28: =VALUE('Raw-data 4'!B35) -> 0.227 | L28: =VALUE('Raw-data 4'!B29) -> 0.258 | M28: =VALUE('Raw-data 4'!B17) -> 0.167 | N28: =VALUE('Raw-data 4'!B47) -> 0.135
B29: Fairly effective | C29: =VALUE('Raw-data 4'!B66) -> 0.395 | D29: =VALUE('Raw-data 4'!B12) -> 0.318 | E29: =VALUE('Raw-data 4'!B54) -> 0.44 | F29: =VALUE('Raw-data 4'!B60) -> 0.466 | G29: =VALUE('Raw-data 4'!B6) -> 0.443 | H29: =VALUE('Raw-data 4'!B24) -> 0.496 | I29: =VALUE('Raw-data 4'!B42) -> 0.532 | J29: =VALUE('Raw-data 4'!C72) -> 0.39 | K29: =VALUE('Raw-data 4'!B36) -> 0.399 | L29: =VALUE('Raw-data 4'!B30) -> 0.332 | M29: =VALUE('Raw-data 4'!B18) -> 0.329 | N29: =VALUE('Raw-data 4'!B48) -> 0.365
B30: Fairly ineffective | C30: =VALUE('Raw-data 4'!B67) -> 0.136 | D30: =VALUE('Raw-data 4'!B13) -> 0.098 | E30: =VALUE('Raw-data 4'!B55) -> 0.149 | F30: =VALUE('Raw-data 4'!B61) -> 0.129 | G30: =VALUE('Raw-data 4'!B7) -> 0.16 | H30: =VALUE('Raw-data 4'!B25) -> 0.197 | I30: =VALUE('Raw-data 4'!B43) -> 0.162 | J30: =VALUE('Raw-data 4'!C73) -> 0.198 | K30: =VALUE('Raw-data 4'!B37) -> 0.186 | L30: =VALUE('Raw-data 4'!B31) -> 0.202 | M30: =VALUE('Raw-data 4'!B19) -> 0.219 | N30: =VALUE('Raw-data 4'!B49) -> 0.165
B31: Very ineffective | C31: =VALUE('Raw-data 4'!B68) -> 0.051 | D31: =VALUE('Raw-data 4'!B14) -> 0.059 | E31: =VALUE('Raw-data 4'!B56) -> 0.096 | F31: =VALUE('Raw-data 4'!B62) -> 0.116 | G31: =VALUE('Raw-data 4'!B8) -> 0.121 | H31: =VALUE('Raw-data 4'!B26) -> 0.134 | I31: =VALUE('Raw-data 4'!B44) -> 0.16 | J31: =VALUE('Raw-data 4'!C74) -> 0.186 | K31: =VALUE('Raw-data 4'!B38) -> 0.189 | L31: =VALUE('Raw-data 4'!B32) -> 0.208 | M31: =VALUE('Raw-data 4'!B20) -> 0.285 | N31: =VALUE('Raw-data 4'!B50) -> 0.335
B51: Government performance
B52: Overall performance | E52: Creating jobs | G52: Fighting corruption | I52: Improving living standards | K52: Keeping prices down | M52: Ensuring everyone has enough to eat | O52: Providing reliable electricity | Q52: Providing water & sanitation | S52: Maintaining roads and bridges | U52: Combating HIV/AIDS | W52: Addressing educational needs | Y52: Improving basic health services | AA52: Reducing crime | AC52: Resolving violent conflict between communities
B53: 2015 | C53: 2016 | E53: 2015 | F53: 2016 | G53: 2015 | H53: 2016 | I53: 2015 | J53: 2016 | K53: 2015 | L53: 2016 | M53: 2015 | N53: 2016 | O53: 2015 | P53: 2016 | Q53: 2015 | R53: 2016 | S53: 2015 | T53: 2016 | U53: 2015 | V53: 2016 | W53: 2015 | X53: 2016 | Y53: 2015 | Z53: 2016 | AA53: 2015 | AB53: 2016 | AC53: 2015 | AD53: 2016
A54: Very badly | B54: =VALUE('Raw-data 4'!B146) -> 0.352 | C54: =VALUE('Raw-data 4'!C146) -> 0.561 | E54: =VALUE('Raw-data 4'!B80) -> 0.621 | F54: =VALUE('Raw-data 4'!C80) -> 0.713 | G54: =VALUE('Raw-data 4'!B86) -> 0.632 | H54: =VALUE('Raw-data 4'!C86) -> 0.737 | I54: =VALUE('Raw-data 4'!B92) -> 0.665 | J54: =VALUE('Raw-data 4'!C92) -> 0.773 | K54: =VALUE('Raw-data 4'!B104) -> 0.764 | L54: =VALUE('Raw-data 4'!C104) -> 0.834 | M54: =VALUE('Raw-data 4'!B134) -> 0.635 | N54: =VALUE('Raw-data 4'!C134) -> 0.759 | O54: =VALUE('Raw-data 4'!B110) -> 0.684 | P54: =VALUE('Raw-data 4'!C110) -> 0.692 | Q54: =VALUE('Raw-data 4'!B116) -> 0.435 | R54: =VALUE('Raw-data 4'!C116) -> 0.533 | S54: =VALUE('Raw-data 4'!B98) -> 0.574 | T54: =VALUE('Raw-data 4'!C98) -> 0.648 | U54: =VALUE('Raw-data 4'!B122) -> 0.194 | V54: =VALUE('Raw-data 4'!C122) -> 0.327 | W54: =VALUE('Raw-data 4'!B128) -> 0.26 | X54: =VALUE('Raw-data 4'!C128) -> 0.36 | Y54: =VALUE('Raw-data 4'!B140) -> 0.266 | Z54: =VALUE('Raw-data 4'!C140) -> 0.392 | AA54: =VALUE('Raw-data 4'!B152) -> 0.425 | AB54: =VALUE('Raw-data 4'!C152) -> 0.566 | AD54: =VALUE('Raw-data 4'!C158) -> 0.516
A55: Fairly badly | B55: =VALUE('Raw-data 4'!B147) -> 0.3 | C55: =VALUE('Raw-data 4'!C147) -> 0.25 | E55: =VALUE('Raw-data 4'!B81) -> 0.224 | F55: =VALUE('Raw-data 4'!C81) -> 0.14 | G55: =VALUE('Raw-data 4'!B87) -> 0.189 | H55: =VALUE('Raw-data 4'!C87) -> 0.142 | I55: =VALUE('Raw-data 4'!B93) -> 0.196 | J55: =VALUE('Raw-data 4'!C93) -> 0.13 | K55: =VALUE('Raw-data 4'!B105) -> 0.125 | L55: =VALUE('Raw-data 4'!C105) -> 0.072 | M55: =VALUE('Raw-data 4'!B135) -> 0.184 | N55: =VALUE('Raw-data 4'!C135) -> 0.157 | O55: =VALUE('Raw-data 4'!B111) -> 0.164 | P55: =VALUE('Raw-data 4'!C111) -> 0.18 | Q55: =VALUE('Raw-data 4'!B117) -> 0.261 | R55: =VALUE('Raw-data 4'!C117) -> 0.25 | S55: =VALUE('Raw-data 4'!B99) -> 0.198 | T55: =VALUE('Raw-data 4'!C99) -> 0.203 | U55: =VALUE('Raw-data 4'!B123) -> 0.237 | V55: =VALUE('Raw-data 4'!C123) -> 0.285 | W55: =VALUE('Raw-data 4'!B129) -> 0.238 | X55: =VALUE('Raw-data 4'!C129) -> 0.217 | Y55: =VALUE('Raw-data 4'!B141) -> 0.282 | Z55: =VALUE('Raw-data 4'!C141) -> 0.263 | AA55: =VALUE('Raw-data 4'!B153) -> 0.179 | AB55: =VALUE('Raw-data 4'!C153) -> 0.183 | AD55: =VALUE('Raw-data 4'!C159) -> 0.23
A56: Fairly well | B56: =VALUE('Raw-data 4'!B148) -> 0.281 | C56: =VALUE('Raw-data 4'!C148) -> 0.129 | E56: =VALUE('Raw-data 4'!B82) -> 0.114 | F56: =VALUE('Raw-data 4'!C82) -> 0.08 | G56: =VALUE('Raw-data 4'!B88) -> 0.101 | H56: =VALUE('Raw-data 4'!C88) -> 0.062 | I56: =VALUE('Raw-data 4'!B94) -> 0.108 | J56: =VALUE('Raw-data 4'!C94) -> 0.057 | K56: =VALUE('Raw-data 4'!B106) -> 0.064 | L56: =VALUE('Raw-data 4'!C106) -> 0.056 | M56: =VALUE('Raw-data 4'!B136) -> 0.096 | N56: =VALUE('Raw-data 4'!C136) -> 0.056 | O56: =VALUE('Raw-data 4'!B112) -> 0.076 | P56: =VALUE('Raw-data 4'!C112) -> 0.077 | Q56: =VALUE('Raw-data 4'!B118) -> 0.223 | R56: =VALUE('Raw-data 4'!C118) -> 0.163 | S56: =VALUE('Raw-data 4'!B100) -> 0.137 | T56: =VALUE('Raw-data 4'!C100) -> 0.097 | U56: =VALUE('Raw-data 4'!B124) -> 0.314 | V56: =VALUE('Raw-data 4'!C124) -> 0.227 | W56: =VALUE('Raw-data 4'!B130) -> 0.424 | X56: =VALUE('Raw-data 4'!C130) -> 0.332 | Y56: =VALUE('Raw-data 4'!B142) -> 0.347 | Z56: =VALUE('Raw-data 4'!C142) -> 0.26 | AA56: =VALUE('Raw-data 4'!B154) -> 0.255 | AB56: =VALUE('Raw-data 4'!C154) -> 0.162 | AD56: =VALUE('Raw-data 4'!C160) -> 0.168
A57: Very well | B57: =VALUE('Raw-data 4'!B149) -> 0.067 | C57: =VALUE('Raw-data 4'!C149) -> 0.06 | E57: =VALUE('Raw-data 4'!B83) -> 0.04 | F57: =VALUE('Raw-data 4'!C83) -> 0.066 | G57: =VALUE('Raw-data 4'!B89) -> 0.078 | H57: =VALUE('Raw-data 4'!C89) -> 0.059 | I57: =VALUE('Raw-data 4'!B95) -> 0.032 | J57: =VALUE('Raw-data 4'!C95) -> 0.039 | K57: =VALUE('Raw-data 4'!B107) -> 0.047 | L57: =VALUE('Raw-data 4'!C107) -> 0.038 | M57: =VALUE('Raw-data 4'!B137) -> 0.086 | N57: =VALUE('Raw-data 4'!C137) -> 0.028 | O57: =VALUE('Raw-data 4'!B113) -> 0.076 | P57: =VALUE('Raw-data 4'!C113) -> 0.051 | Q57: =VALUE('Raw-data 4'!B119) -> 0.081 | R57: =VALUE('Raw-data 4'!C119) -> 0.054 | S57: =VALUE('Raw-data 4'!B101) -> 0.091 | T57: =VALUE('Raw-data 4'!C101) -> 0.052 | U57: =VALUE('Raw-data 4'!B125) -> 0.255 | V57: =VALUE('Raw-data 4'!C125) -> 0.162 | W57: =VALUE('Raw-data 4'!B131) -> 0.078 | X57: =VALUE('Raw-data 4'!C131) -> 0.09 | Y57: =VALUE('Raw-data 4'!B143) -> 0.105 | Z57: =VALUE('Raw-data 4'!C143) -> 0.086 | AA57: =VALUE('Raw-data 4'!B155) -> 0.141 | AB57: =VALUE('Raw-data 4'!C155) -> 0.089 | AD57: =VALUE('Raw-data 4'!C161) -> 0.086
B76: GP.2 How well or badly would you rate the government's performance in handling the following economic and infrastructure matters?
B78: 2012 | C78: Keeping Prices Low | D78: Improving Living Standards | E78: Providing Reliable Electricity | F78: Fighting Corruption | G78: Creating Jobs | H78: Maintaining Roads and Bridges | I78: Providing Water and Sanitation
B79: Very badly | C79: 56.7 | D79: 48.7 | E79: 60 | F79: 53.8 | G79: 49.3 | H79: 30.9 | I79: 50.1
B80: Fairly badly | C80: 20.6 | D80: 26.8 | E80: 26.8 | F80: 21.7 | G80: 31.3 | H80: 32.1 | I80: 19.7
B81: Fairly well | C81: 21.1 | D81: 22.3 | E81: 10.8 | F81: 16.4 | G81: 18.2 | H81: 28.1 | I81: 24.3
B82: Very well | C82: 1.7 | D82: 2.2 | E82: 2.4 | F82: 8.1 | G82: 1.1 | H82: 8.9 | I82: 5.9
B84: 2013 | C84: Keeping Prices Low | D84: Improving Living Standards | E84: Providing Reliable Electricity | F84: Fighting Corruption | G84: Creating Jobs | H84: Maintaining Roads and Bridges | I84: Providing Water and Sanitation
B85: Very badly | C85: 59 | D85: 73.6 | E85: 87.8 | F85: 80.6 | G85: 63.1 | H85: 60 | I85: 65.2
B86: Fairly badly | C86: 24.3 | D86: 23.3 | E86: 9.3 | F86: 14.9 | G86: 30 | H86: 30.1 | I86: 25.3
B87: Fairly well | C87: 16.3 | D87: 3 | E87: 2.8 | F87: 3.8 | G87: 6.7 | H87: 9.6 | I87: 8.8
B88: Very well | C88: 0.5 | D88: 0.1 | E88: 0.1 | F88: 0.7 | G88: 0.1 | H88: 0.3 | I88: 0.8
B90: 2014 | C90: Keeping Prices Low | D90: Improving Living Standards | E90: Providing Reliable Electricity | F90: Fighting Corruption | G90: Creating Jobs | H90: Maintaining Roads and Bridges | I90: Providing Water and Sanitation
B91: Very badly | C91: 66.4 | D91: 79.7 | E91: 85.1 | F91: 75.1 | G91: 72.8 | H91: 72.4 | I91: 63.6
B92: Fairly badly | C92: 31.4 | D92: 18.4 | E92: 11.9 | F92: 23.5 | G92: 25.5 | H92: 25.1 | I92: 23.9
B93: Fairly well | C93: 2.2 | D93: 1.9 | E93: 3 | F93: 0.7 | G93: 1.7 | H93: 2.5 | I93: 11.7
B94: Very well | C94: 0 | D94: 0 | E94: 0 | F94: 0.7 | G94: 0 | H94: 0 | I94: 0.9
A98: Index

Sheet Raw-data 4
B1: Year
B2: 2015 | C2: 2016 | D2: Total
B3: Prop. | C3: Prop. | D3: Prop.
A4: G.P.3 Community Leaders
A5: Very effective | B5: 0.277 | C5: 0.276 | D5: 0.276
A6: Fairly effective | B6: 0.443 | C6: 0.311 | D6: 0.379
A7: Fairly ineffective | B7: 0.160 | C7: 0.160 | D7: 0.160
A8: Very ineffective | B8: 0.121 | C8: 0.253 | D8: 0.185
A9: Total | B9: 1.000 | C9: 1.000 | D9: 1.000
A10: G.P.3 Churches and mosques
A11: Very effective | B11: 0.525 | C11: 0.517 | D11: 0.521
A12: Fairly effective | B12: 0.318 | C12: 0.299 | D12: 0.309
A13: Fairly ineffective | B13: 0.098 | C13: 0.091 | D13: 0.094
A14: Very ineffective | B14: 0.059 | C14: 0.093 | D14: 0.076
A15: Total | B15: 1.000 | C15: 1.000 | D15: 1.000
A16: G.P.3 Central Government of South Sudan
A17: Very effective | B17: 0.167 | C17: 0.063 | D17: 0.115
A18: Fairly effective | B18: 0.329 | C18: 0.217 | D18: 0.272
A19: Fairly ineffective | B19: 0.219 | C19: 0.239 | D19: 0.229
A20: Very ineffective | B20: 0.285 | C20: 0.481 | D20: 0.383
A21: Total | B21: 1.000 | C21: 1.000 | D21: 1.000
A22: G.P.3 Local Government
A23: Very effective | B23: 0.173 | C23: 0.126 | D23: 0.150
A24: Fairly effective | B24: 0.496 | C24: 0.340 | D24: 0.420
A25: Fairly ineffective | B25: 0.197 | C25: 0.253 | D25: 0.224
A26: Very ineffective | B26: 0.134 | C26: 0.281 | D26: 0.206
A27: Total | B27: 1.000 | C27: 1.000 | D27: 1.000
A28: G.P.3 SPLA and SPLM
A29: Very effective | B29: 0.258 | C29: 0.157 | D29: 0.208
A30: Fairly effective | B30: 0.332 | C30: 0.196 | D30: 0.264
A31: Fairly ineffective | B31: 0.202 | C31: 0.167 | D31: 0.185
A32: Very ineffective | B32: 0.208 | C32: 0.480 | D32: 0.343
A33: Total | B33: 1.000 | C33: 1.000 | D33: 1.000
A34: G.P.3 SSPS
A35: Very effective | B35: 0.227 | C35: 0.224 | D35: 0.225
A36: Fairly effective | B36: 0.399 | C36: 0.271 | D36: 0.336
A37: Fairly ineffective | B37: 0.186 | C37: 0.182 | D37: 0.184
A38: Very ineffective | B38: 0.189 | C38: 0.322 | D38: 0.255
A39: Total | B39: 1.000 | C39: 1.000 | D39: 1.000
A40: G.P.3 State Government
A41: Very effective | B41: 0.146 | C41: 0.092 | D41: 0.120
A42: Fairly effective | B42: 0.532 | C42: 0.344 | D42: 0.440
A43: Fairly ineffective | B43: 0.162 | C43: 0.236 | D43: 0.198
A44: Very ineffective | B44: 0.160 | C44: 0.328 | D44: 0.242
A45: Total | B45: 1.000 | C45: 1.000 | D45: 1.000
A46: G.P.31 Business Leaders
A47: Very effective | B47: 0.135 | C47: 0.050 | D47: 0.094
A48: Fairly effective | B48: 0.365 | C48: 0.338 | D48: 0.352
A49: Fairly ineffective | B49: 0.165 | C49: 0.186 | D49: 0.175
A50: Very ineffective | B50: 0.335 | C50: 0.425 | D50: 0.378
A51: Total | B51: 1.000 | C51: 1.000 | D51: 1.000
A52: G.P.31 International community
A53: Very effective | B53: 0.316 | C53: 0.329 | D53: 0.322
A54: Fairly effective | B54: 0.440 | C54: 0.369 | D54: 0.404
A55: Fairly ineffective | B55: 0.149 | C55: 0.153 | D55: 0.151
A56: Very ineffective | B56: 0.096 | C56: 0.150 | D56: 0.123
A57: Total | B57: 1.000 | C57: 1.000 | D57: 1.000
A58: G.P.31 Local and International NGOs
A59: Very effective | B59: 0.289 | C59: 0.283 | D59: 0.286
A60: Fairly effective | B60: 0.466 | C60: 0.376 | D60: 0.421
A61: Fairly ineffective | B61: 0.129 | C61: 0.189 | D61: 0.159
A62: Very ineffective | B62: 0.116 | C62: 0.151 | D62: 0.134
A63: Total | B63: 1.000 | C63: 1.000 | D63: 1.000
A64: G.P.31 Other UN Agencies (i.e. UNHCR, UNICEF, UNDP)
A65: Very effective | B65: 0.419 | C65: 0.338 | D65: 0.381
A66: Fairly effective | B66: 0.395 | C66: 0.404 | D66: 0.399
A67: Fairly ineffective | B67: 0.136 | C67: 0.143 | D67: 0.139
A68: Very ineffective | B68: 0.051 | C68: 0.114 | D68: 0.081
A69: Total | B69: 1.000 | C69: 1.000 | D69: 1.000
A70: G.P.31 UNMISS
A71: Very effective | B71: 0.315 | C71: 0.226 | D71: 0.271
A72: Fairly effective | B72: 0.428 | C72: 0.390 | D72: 0.409
A73: Fairly ineffective | B73: 0.159 | C73: 0.198 | D73: 0.178
A74: Very ineffective | B74: 0.097 | C74: 0.186 | D74: 0.142
A75: Total | B75: 1.000 | C75: 1.000 | D75: 1.000
B76: Year
B77: 2015 | C77: 2016 | D77: Total
B78: Prop. | C78: Prop. | D78: Prop.
A79: G.P.2 Govt performance, creating jobs
A80: Very badly | B80: 0.621 | C80: 0.713 | D80: 0.667
A81: Fairly badly | B81: 0.224 | C81: 0.140 | D81: 0.183
A82: Fairly well | B82: 0.114 | C82: 0.080 | D82: 0.097
A83: Very well | B83: 0.040 | C83: 0.066 | D83: 0.053
A84: Total | B84: 1.000 | C84: 1.000 | D84: 1.000
A85: G.P.2 Govt performance, fighting corruption
A86: Very badly | B86: 0.632 | C86: 0.737 | D86: 0.685
A87: Fairly badly | B87: 0.189 | C87: 0.142 | D87: 0.166
A88: Fairly well | B88: 0.101 | C88: 0.062 | D88: 0.081
A89: Very well | B89: 0.078 | C89: 0.059 | D89: 0.068
A90: Total | B90: 1.000 | C90: 1.000 | D90: 1.000
A91: G.P.2 Govt performance, improving living standards
A92: Very badly | B92: 0.665 | C92: 0.773 | D92: 0.719
A93: Fairly badly | B93: 0.196 | C93: 0.130 | D93: 0.163
A94: Fairly well | B94: 0.108 | C94: 0.057 | D94: 0.083
A95: Very well | B95: 0.032 | C95: 0.039 | D95: 0.036
A96: Total | B96: 1.000 | C96: 1.000 | D96: 1.000
A97: G.P.2 Maintaining roads and bridges
A98: Very badly | B98: 0.574 | C98: 0.648 | D98: 0.610
A99: Fairly badly | B99: 0.198 | C99: 0.203 | D99: 0.201
A100: Fairly well | B100: 0.137 | C100: 0.097 | D100: 0.117
...

Sheet Labor
A1: 7 DAYS REFERENCE PERIOD | Q1: 12 MONTHS REFERENCE PERIOD
A2: Active vs. Inactive: Labor force participation (2016) | Q2: Active vs. Inactive: Labor force participation (2016)
B3: Total | D3: Men | E3: Women | G3: Poorest Quintile | H3: Q2 | I3: Q3 | J3: Q4 | K3: Richest Quintile | M3: Non-poor | N3: Poor | R3: Total | T3: Men | U3: Women | W3: Poorest Quintile | X3: Q2 | Y3: Q3 | Z3: Q4 | AA3: Richest Quintile | AC3: Non-poor | AD3: Poor
A4: Outside the labor force ("inactive") | B4: =VALUE('Raw-Data 5'!E4) -> 0.6472 | D4: =VALUE('Raw-Data 5'!B10) -> 0.638 | E4: =VALUE('Raw-Data 5'!C10) -> 0.655 | G4: =VALUE('Raw-Data 5'!B34) -> 0.784 | H4: =VALUE('Raw-Data 5'!C34) -> 0.671 | I4: =VALUE('Raw-Data 5'!D34) -> 0.62 | J4: =VALUE('Raw-Data 5'!E34) -> 0.599 | K4: =VALUE('Raw-Data 5'!F34) -> 0.582 | M4: =VALUE('Raw-Data 5'!B22) -> 0.591 | N4: =VALUE('Raw-Data 5'!C22) -> 0.675 | Q4: Outside the labor force ("inactive") | R4: =VALUE('Raw-Data 5'!E228) -> 0.459 | T4: =VALUE('Raw-Data 5'!B234) -> 0.478 | U4: =VALUE('Raw-Data 5'!C234) -> 0.442 | W4: =VALUE('Raw-Data 5'!B258) -> 0.503 | X4: =VALUE('Raw-Data 5'!C258) -> 0.576 | Y4: =VALUE('Raw-Data 5'!D258) -> 0.437 | Z4: =VALUE('Raw-Data 5'!E258) -> 0.435 | AA4: =VALUE('Raw-Data 5'!F258) -> 0.369 | AC4: =VALUE('Raw-Data 5'!B246) -> 0.383 | AD4: =VALUE('Raw-Data 5'!C246) -> 0.497
A5: In the labor force ("active") | B5: =VALUE('Raw-Data 5'!E5) -> 0.3528 | D5: =VALUE('Raw-Data 5'!B11) -> 0.362 | E5: =VALUE('Raw-Data 5'!C11) -> 0.345 | G5: =VALUE('Raw-Data 5'!B35) -> 0.216 | H5: =VALUE('Raw-Data 5'!C35) -> 0.329 | I5: =VALUE('Raw-Data 5'!D35) -> 0.38 | J5: =VALUE('Raw-Data 5'!E35) -> 0.401 | K5: =VALUE('Raw-Data 5'!F35) -> 0.418 | M5: =VALUE('Raw-Data 5'!B23) -> 0.409 | N5: =VALUE('Raw-Data 5'!C23) -> 0.325 | Q5: In the labor force ("active") | R5: =VALUE('Raw-Data 5'!E229) -> 0.541 | T5: =VALUE('Raw-Data 5'!B235) -> 0.522 | U5: =VALUE('Raw-Data 5'!C235) -> 0.558 | W5: =VALUE('Raw-Data 5'!B259) -> 0.497 | X5: =VALUE('Raw-Data 5'!C259) -> 0.424 | Y5: =VALUE('Raw-Data 5'!D259) -> 0.563 | Z5: =VALUE('Raw-Data 5'!E259) -> 0.565 | AA5: =VALUE('Raw-Data 5'!F259) -> 0.631 | AC5: =VALUE('Raw-Data 5'!B247) -> 0.617 | AD5: =VALUE('Raw-Data 5'!C247) -> 0.503
A7: Active vs. Inactive: Labor force participation (2015) | Q7: Active vs. Inactive: Labor force participation (2015)
B8: Total | D8: Men | E8: Women | G8: Poorest Quintile | H8: Q2 | I8: Q3 | J8: Q4 | K8: Richest Quintile | M8: Non-poor | N8: Poor | R8: Total | T8: Men | U8: Women | W8: Poorest Quintile | X8: Q2 | Y8: Q3 | Z8: Q4 | AA8: Richest Quintile | AC8: Non-poor | AD8: Poor
A9: Outside the labor force ("inactive") | B9: =VALUE('Raw-Data 5'!B4) -> 0.4994 | D9: =VALUE('Raw-Data 5'!B16) -> 0.505 | E9: =VALUE('Raw-Data 5'!C16) -> 0.494 | G9: =VALUE('Raw-Data 5'!B40) -> 0.488 | H9: =VALUE('Raw-Data 5'!C40) -> 0.58 | I9: =VALUE('Raw-Data 5'!D40) -> 0.475 | J9: =VALUE('Raw-Data 5'!E40) -> 0.473 | K9: =VALUE('Raw-Data 5'!F40) -> 0.472 | M9: =VALUE('Raw-Data 5'!B28) -> 0.469 | N9: =VALUE('Raw-Data 5'!C28) -> 0.536 | Q9: Outside the labor force ("inactive") | R9: =VALUE('Raw-Data 5'!B228) -> 0.2476 | T9: =VALUE('Raw-Data 5'!B240) -> 0.316 | U9: =VALUE('Raw-Data 5'!C240) -> 0.193 | W9: =VALUE('Raw-Data 5'!B264) -> 0.261 | X9: =VALUE('Raw-Data 5'!C264) -> 0.283 | Y9: =VALUE('Raw-Data 5'!D264) -> 0.232 | Z9: =VALUE('Raw-Data 5'!E264) -> 0.233 | AA9: =VALUE('Raw-Data 5'!F264) -> 0.232 | AC9: =VALUE('Raw-Data 5'!B252) -> 0.23 | AD9: =VALUE('Raw-Data 5'!C252) -> 0.27
A10: In the labor force ("active") | B10: =VALUE('Raw-Data 5'!B5) -> 0.5006 | D10: =VALUE('Raw-Data 5'!B17) -> 0.495 | E10: =VALUE('Raw-Data 5'!C17) -> 0.506 | G10: =VALUE('Raw-Data 5'!B41) -> 0.512 | H10: =VALUE('Raw-Data 5'!C41) -> 0.42 | I10: =VALUE('Raw-Data 5'!D41) -> 0.525 | J10: =VALUE('Raw-Data 5'!E41) -> 0.527 | K10: =VALUE('Raw-Data 5'!F41) -> 0.528 | M10: =VALUE('Raw-Data 5'!B29) -> 0.531 | N10: =VALUE('Raw-Data 5'!C29) -> 0.464 | Q10: In the labor force ("active") | R10: =VALUE('Raw-Data 5'!B229) -> 0.7524 | T10: =VALUE('Raw-Data 5'!B241) -> 0.684 | U10: =VALUE('Raw-Data 5'!C241) -> 0.807 | W10: =VALUE('Raw-Data 5'!B265) -> 0.739 | X10: =VALUE('Raw-Data 5'!C265) -> 0.717 | Y10: =VALUE('Raw-Data 5'!D265) -> 0.768 | Z10: =VALUE('Raw-Data 5'!E265) -> 0.767 | AA10: =VALUE('Raw-Data 5'!F265) -> 0.768 | AC10: =VALUE('Raw-Data 5'!B253) -> 0.77 | AD10: =VALUE('Raw-Data 5'!C253) -> 0.73
A26: Among the active: Employed vs Enrolled & Employed vs Unemployed (2016)
B27: Total | D27: Men | E27: Women | G27: Q1 | H27: Q2 | I27: Q3 | J27: Q4 | K27: Q5 | M27: Non-Poor | N27: Poor
A28: Employed | B28: =VALUE('Raw-Data 5'!E46) -> 0.7401 | D28: =VALUE('Raw-Data 5'!B53) -> 0.7146 | E28: =VALUE('Raw-Data 5'!C53) -> 0.7632 | G28: =VALUE('Raw-Data 5'!B67) -> 0.6258 | H28: =VALUE('Raw-Data 5'!C67) -> 0.6908 | I28: =VALUE('Raw-Data 5'!D67) -> 0.7537 | J28: =VALUE('Raw-Data 5'!E67) -> 0.788 | K28: =VALUE('Raw-Data 5'!F67) -> 0.7678 | M28: =VALUE('Raw-Data 5'!B81) -> 0.7717 | N28: =VALUE('Raw-Data 5'!C81) -> 0.7205
A29: Employed and enrolled | B29: =VALUE('Raw-Data 5'!E47) -> 0.1494 | D29: =VALUE('Raw-Data 5'!B54) -> 0.1809 | E29: =VALUE('Raw-Data 5'!C54) -> 0.1212 | G29: =VALUE('Raw-Data 5'!B68) -> 0.104 | H29: =VALUE('Raw-Data 5'!C68) -> 0.1943 | I29: =VALUE('Raw-Data 5'!D68) -> 0.1655 | J29: =VALUE('Raw-Data 5'!E68) -> 0.1089 | K29: =VALUE('Raw-Data 5'!F68) -> 0.1623 | M29: =VALUE('Raw-Data 5'!B82) -> 0.1536 | N29: =VALUE('Raw-Data 5'!C82) -> 0.1468
A30: Unemployed | B30: =VALUE('Raw-Data 5'!E48) -> 0.1104 | D30: =VALUE('Raw-Data 5'!B55) -> 0.1046 | E30: =VALUE('Raw-Data 5'!C55) -> 0.1157 | G30: =VALUE('Raw-Data 5'!B69) -> 0.2702 | H30: =VALUE('Raw-Data 5'!C69) -> 0.1149 | I30: =VALUE('Raw-Data 5'!D69) -> 0.0807 | J30: =VALUE('Raw-Data 5'!E69) -> 0.1031 | K30: =VALUE('Raw-Data 5'!F69) -> 0.0699 | M30: =VALUE('Raw-Data 5'!B83) -> 0.0747 | N30: =VALUE('Raw-Data 5'!C83) -> 0.1327
A32: Among the active: Employed vs Enrolled & Employed vs Unemployed (2015)
B33: Total | D33: Men | E33: Women | G33: Poorest Quintile | H33: Q2 | I33: Q3 | J33: Q4 | K33: Richest Quintile | M33: Non-Poor | N33: Poor
A34: Employed | B34: =VALUE('Raw-Data 5'!B46) -> 0.7492 | D34: =VALUE('Raw-Data 5'!B60) -> 0.7092 | E34: =VALUE('Raw-Data 5'!C60) -> 0.7829 | G34: =VALUE('Raw-Data 5'!B74) -> 0.748 | H34: =VALUE('Raw-Data 5'!C74) -> 0.756 | I34: =VALUE('Raw-Data 5'!D74) -> 0.6926 | J34: =VALUE('Raw-Data 5'!E74) -> 0.7365 | K34: =VALUE('Raw-Data 5'!F74) -> 0.8041 | M34: =VALUE('Raw-Data 5'!B88) -> 0.7619 | N34: =VALUE('Raw-Data 5'!C88) -> 0.7301
A35: Employed and Enrolled | B35: =VALUE('Raw-Data 5'!B47) -> 0.156 | D35: =VALUE('Raw-Data 5'!B61) -> 0.1872 | E35: =VALUE('Raw-Data 5'!C61) -> 0.1297 | G35: =VALUE('Raw-Data 5'!B75) -> 0.1503 | H35: =VALUE('Raw-Data 5'!C75) -> 0.1743 | I35: =VALUE('Raw-Data 5'!D75) -> 0.217 | J35: =VALUE('Raw-Data 5'!E75) -> 0.1213 | K35: =VALUE('Raw-Data 5'!F75) -> 0.1193 | M35: =VALUE('Raw-Data 5'!B89) -> 0.1409 | N35: =VALUE('Raw-Data 5'!C89) -> 0.1782
A36: Unemployed | B36: =VALUE('Raw-Data 5'!B48) -> 0.0948 | D36: =VALUE('Raw-Data 5'!B62) -> 0.1036 | E36: =VALUE('Raw-Data 5'!C62) -> 0.0874 | G36: =VALUE('Raw-Data 5'!B76) -> 0.1017 | H36: =VALUE('Raw-Data 5'!C76) -> 0.0697 | I36: =VALUE('Raw-Data 5'!D76) -> 0.0904 | J36: =VALUE('Raw-Data 5'!E76) -> 0.1421 | K36: =VALUE('Raw-Data 5'!F76) -> 0.0767 | M36: =VALUE('Raw-Data 5'!B90) -> 0.0972 | N36: =VALUE('Raw-Data 5'!C90) -> 0.0917
A52: Enmployment by Type (2016)
B53: Total | D53: Men | E53: Women | G53: Poorest Quintile | H53: Q2 | I53: Q3 | J53: Q4 | K53: Richest Quintile | M53: Non-poor | N53: Poor
A54: Salaried labour or labour paid in kind | B54: =VALUE('Raw-Data 5'!C95) -> 0.2303 | D54: =VALUE('Raw-Data 5'!B104) -> 0.3154 | E54: =VALUE('Raw-Data 5'!C104) -> 0.1557 | G54: =VALUE('Raw-Data 5'!B140) -> 0.1063 | H54: =VALUE('Raw-Data 5'!C140) -> 0.1196 | I54: =VALUE('Raw-Data 5'!D140) -> 0.2648 | J54: =VALUE('Raw-Data 5'!E140) -> 0.2819 | K54: =VALUE('Raw-Data 5'!F140) -> 0.2816 | M54: =VALUE('Raw-Data 5'!B122) -> 0.2972 | N54: =VALUE('Raw-Data 5'!C122) -> 0.1869
A55: Run a non-farm business | B55: =VALUE('Raw-Data 5'!C96) -> 0.211 | D55: =VALUE('Raw-Data 5'!B105) -> 0.1634 | E55: =VALUE('Raw-Data 5'!C105) -> 0.2528 | G55: =VALUE('Raw-Data 5'!B141) -> 0.2433 | H55: =VALUE('Raw-Data 5'!C141) -> 0.3512 | I55: =VALUE('Raw-Data 5'!D141) -> 0.1771 | J55: =VALUE('Raw-Data 5'!E141) -> 0.1415 | K55: =VALUE('Raw-Data 5'!F141) -> 0.2059 | M55: =VALUE('Raw-Data 5'!B123) -> 0.1793 | N55: =VALUE('Raw-Data 5'!C123) -> 0.2316
A56: Help in any kind of non-farm business | B56: =VALUE('Raw-Data 5'!C97) -> 0.1437 | D56: =VALUE('Raw-Data 5'!B106) -> 0.1324 | E56: =VALUE('Raw-Data 5'!C106) -> 0.1535 | G56: =VALUE('Raw-Data 5'!B142) -> 0.1404 | H56: =VALUE('Raw-Data 5'!C142) -> 0.2488 | I56: =VALUE('Raw-Data 5'!D142) -> 0.1751 | J56: =VALUE('Raw-Data 5'!E142) -> 0.1253 | K56: =VALUE('Raw-Data 5'!F142) -> 0.0797 | M56: =VALUE('Raw-Data 5'!B124) -> 0.1119 | N56: =VALUE('Raw-Data 5'!C124) -> 0.1643
A57: Apprenticeship | B57: =VALUE('Raw-Data 5'!C98) -> 0.0303 | D57: =VALUE('Raw-Data 5'!B107) -> 0.0522 | E57: =VALUE('Raw-Data 5'!C107) -> 0.0111 | G57: =VALUE('Raw-Data 5'!B143) -> 0 | H57: =VALUE('Raw-Data 5'!C143) -> 0.0077 | I57: =VALUE('Raw-Data 5'!D143) -> 0.0045 | J57: =VALUE('Raw-Data 5'!E143) -> 0.0182 | K57: =VALUE('Raw-Data 5'!F143) -> 0.0889 | M57: =VALUE('Raw-Data 5'!B125) -> 0.0718 | N57: =VALUE('Raw-Data 5'!C125) -> 0.0034
A58: Farming/hunting/fishing at own account | B58: =VALUE('Raw-Data 5'!C99) -> 0.3847 | D58: =VALUE('Raw-Data 5'!B108) -> 0.3367 | E58: =VALUE('Raw-Data 5'!C108) -> 0.4268 | G58: =VALUE('Raw-Data 5'!B144) -> 0.5101 | H58: =VALUE('Raw-Data 5'!C144) -> 0.2728 | I58: =VALUE('Raw-Data 5'!D144) -> 0.3785 | J58: =VALUE('Raw-Data 5'!E144) -> 0.4331 | K58: =VALUE('Raw-Data 5'!F144) -> 0.3439 | M58: =VALUE('Raw-Data 5'!B126) -> 0.3398 | N58: =VALUE('Raw-Data 5'!C126) -> 0.4139
A61: Enmployment by Type (2015)
B62: Total | D62: Men | E62: Women | G62: Poorest Quintile | H62: Q2 | I62: Q3 | J62: Q4 | K62: Richest Quintile | M62: Non-poor | N62: Poor
A63: Salaried labour or labour paid in kind | B63: =VALUE('Raw-Data 5'!B95) -> 0.2008 | D63: =VALUE('Raw-Data 5'!B113) -> 0.2802 | E63: =VALUE('Raw-Data 5'!C113) -> 0.1357 | G63: =VALUE('Raw-Data 5'!B149) -> 0.0432 | H63: =VALUE('Raw-Data 5'!C149) -> 0.1085 | I63: =VALUE('Raw-Data 5'!D149) -> 0.2152 | J63: =VALUE('Raw-Data 5'!E149) -> 0.2796 | K63: =VALUE('Raw-Data 5'!F149) -> 0.2861 | M63: =VALUE('Raw-Data 5'!B131) -> 0.2664 | N63: =VALUE('Raw-Data 5'!C131) -> 0.1047
A64: Run a non-farm business | B64: =VALUE('Raw-Data 5'!B96) -> 0.3304 | D64: =VALUE('Raw-Data 5'!B114) -> 0.3041 | E64: =VALUE('Raw-Data 5'!C114) -> 0.352 | G64: =VALUE('Raw-Data 5'!B150) -> 0.5321 | H64: =VALUE('Raw-Data 5'!C150) -> 0.226 | I64: =VALUE('Raw-Data 5'!D150) -> 0.2542 | J64: =VALUE('Raw-Data 5'!E150) -> 0.3554 | K64: =VALUE('Raw-Data 5'!F150) -> 0.3279 | M64: =VALUE('Raw-Data 5'!B132) -> 0.2988 | N64: =VALUE('Raw-Data 5'!C132) -> 0.3765
A65: Help in any kind of non-farm business | B65: =VALUE('Raw-Data 5'!B97) -> 0.1075 | D65: =VALUE('Raw-Data 5'!B115) -> 0.0579 | E65: =VALUE('Raw-Data 5'!C115) -> 0.148 | G65: =VALUE('Raw-Data 5'!B151) -> 0.0712 | H65: =VALUE('Raw-Data 5'!C151) -> 0.1075 | I65: =VALUE('Raw-Data 5'!D151) -> 0.0701 | J65: =VALUE('Raw-Data 5'!E151) -> 0.1634 | K65: =VALUE('Raw-Data 5'!F151) -> 0.1289 | M65: =VALUE('Raw-Data 5'!B133) -> 0.1263 | N65: =VALUE('Raw-Data 5'!C133) -> 0.0816
A66: Apprenticeship | B66: =VALUE('Raw-Data 5'!B98) -> 0.0884 | D66: =VALUE('Raw-Data 5'!B116) -> 0.0843 | E66: =VALUE('Raw-Data 5'!C116) -> 0.0918 | G66: =VALUE('Raw-Data 5'!B152) -> 0.111 | H66: =VALUE('Raw-Data 5'!C152) -> 0.2081 | I66: =VALUE('Raw-Data 5'!D152) -> 0.0641 | J66: =VALUE('Raw-Data 5'!E152) -> 0.0094 | K66: =VALUE('Raw-Data 5'!F152) -> 0.0725 | M66: =VALUE('Raw-Data 5'!B134) -> 0.0598 | N66: =VALUE('Raw-Data 5'!C134) -> 0.129
A67: Farming/hunting/fishing at own account | B67: =VALUE('Raw-Data 5'!B99) -> 0.273 | D67: =VALUE('Raw-Data 5'!B117) -> 0.2735 | E67: =VALUE('Raw-Data 5'!C117) -> 0.2725 | G67: =VALUE('Raw-Data 5'!B153) -> 0.2425 | H67: =VALUE('Raw-Data 5'!C153) -> 0.3498 | I67: =VALUE('Raw-Data 5'!D153) -> 0.3964 | J67: =VALUE('Raw-Data 5'!E153) -> 0.1921 | K67: =VALUE('Raw-Data 5'!F153) -> 0.1846 | M67: =VALUE('Raw-Data 5'!B135) -> 0.2488 | N67: =VALUE('Raw-Data 5'!C135) -> 0.3083
M78: s
A85: Employment by sector (2016)
B86: Total | D86: Men | E86: Women | G86: Q1 | H86: Q2 | I86: Q3 | J86: Q4 | K86: Q5 | M86: Non-poor | N86: Poor
A87: Agriculture | B87: =VALUE('Raw-Data 5'!C158) -> 0.4405 | D87: =VALUE('Raw-Data 5'!B168) -> 0.3672 | E87: =VALUE('Raw-Data 5'!C168) -> 0.5052 | G87: =VALUE('Raw-Data 5'!B208) -> 0.5532 | H87: =VALUE('Raw-Data 5'!C208) -> 0.4579 | I87: =VALUE('Raw-Data 5'!D208) -> 0.4361 | J87: =VALUE('Raw-Data 5'!E208) -> 0.4391 | K87: =VALUE('Raw-Data 5'!F208) -> 0.3817 | M87: =VALUE('Raw-Data 5'!B188) -> 0.3643 | N87: =VALUE('Raw-Data 5'!C188) -> 0.492
A88: Manufacturing | B88: =VALUE('Raw-Data 5'!C159) -> 0.0406 | D88: =VALUE('Raw-Data 5'!B169) -> 0.0703 | E88: =VALUE('Raw-Data 5'!C169) -> 0.0143 | G88: =VALUE('Raw-Data 5'!B209) -> 0.0192 | H88: =VALUE('Raw-Data 5'!C209) -> 0.0264 | I88: =VALUE('Raw-Data 5'!D209) -> 0.0083 | J88: =VALUE('Raw-Data 5'!E209) -> 0.0762 | K88: =VALUE('Raw-Data 5'!F209) -> 0.0518 | M88: =VALUE('Raw-Data 5'!B189) -> 0.0654 | N88: =VALUE('Raw-Data 5'!C189) -> 0.0238
A89: Services | B89: =VALUE('Raw-Data 5'!C160) -> 0.4057 | D89: =VALUE('Raw-Data 5'!B170) -> 0.3753 | E89: =VALUE('Raw-Data 5'!C170) -> 0.4326 | G89: =VALUE('Raw-Data 5'!B210) -> 0.3638 | H89: =VALUE('Raw-Data 5'!C210) -> 0.4803 | I89: =VALUE('Raw-Data 5'!D210) -> 0.4576 | J89: =VALUE('Raw-Data 5'!E210) -> 0.3515 | K89: =VALUE('Raw-Data 5'!F210) -> 0.3966 | M89: =VALUE('Raw-Data 5'!B190) -> 0.391 | N89: =VALUE('Raw-Data 5'!C190) -> 0.4157
A90: Education | B90: =VALUE('Raw-Data 5'!C161) -> 0.0182 | D90: =VALUE('Raw-Data 5'!B171) -> 0.0219 | E90: =VALUE('Raw-Data 5'!C171) -> 0.0149 | G90: =VALUE('Raw-Data 5'!B211) -> 0 | H90: =VALUE('Raw-Data 5'!C211) -> 0.0044 | I90: =VALUE('Raw-Data 5'!D211) -> 0.003 | J90: =VALUE('Raw-Data 5'!E211) -> 0.0177 | K90: =VALUE('Raw-Data 5'!F211) -> 0.0453 | M90: =VALUE('Raw-Data 5'!B191) -> 0.0402 | N90: =VALUE('Raw-Data 5'!C191) -> 0.0033
A91: Defence/Security | B91: =VALUE('Raw-Data 5'!C162) -> 0.0905 | D91: =VALUE('Raw-Data 5'!B172) -> 0.1604 | E91: =VALUE('Raw-Data 5'!C172) -> 0.0289 | G91: =VALUE('Raw-Data 5'!B212) -> 0.0638 | H91: =VALUE('Raw-Data 5'!C212) -> 0.0194 | I91: =VALUE('Raw-Data 5'!D212) -> 0.0951 | J91: =VALUE('Raw-Data 5'!E212) -> 0.1067 | K91: =VALUE('Raw-Data 5'!F212) -> 0.1218 | M91: =VALUE('Raw-Data 5'!B192) -> 0.1352 | N91: =VALUE('Raw-Data 5'!C192) -> 0.0603
A92: Public Administration | B92: =VALUE('Raw-Data 5'!C163) -> 0.0044 | D92: =VALUE('Raw-Data 5'!B173) -> 0.0048 | E92: =VALUE('Raw-Data 5'!C173) -> 0.0041 | G92: =VALUE('Raw-Data 5'!B213) -> 0 | H92: =VALUE('Raw-Data 5'!C213) -> 0.0116 | I92: =VALUE('Raw-Data 5'!D213) -> 0 | J92: =VALUE('Raw-Data 5'!E213) -> 0.0088 | K92: =VALUE('Raw-Data 5'!F213) -> 0.0027 | M92: =VALUE('Raw-Data 5'!B193) -> 0.0039 | N92: =VALUE('Raw-Data 5'!C193) -> 0.0048
A94: Employment by sector (2015)
B95: Total | D95: Men | E95: Women | G95: Poorest Quintile | H95: Q2 | I95: Q3 | J95: Q4 | K95: Richest Quintile | M95: Non-poor | N95: Poor
A96: Agriculture | B96: =VALUE('Raw-Data 5'!B158) -> 0.3832 | D96: =VALUE('Raw-Data 5'!B178) -> 0.4068 | E96: =VALUE('Raw-Data 5'!C178) -> 0.363 | G96: =VALUE('Raw-Data 5'!B218) -> 0.3791 | H96: =VALUE('Raw-Data 5'!C218) -> 0.5088 | I96: =VALUE('Raw-Data 5'!D218) -> 0.4931 | J96: =VALUE('Raw-Data 5'!E218) -> 0.2857 | K96: =VALUE('Raw-Data 5'!F218) -> 0.2673 | M96: =VALUE('Raw-Data 5'!B198) -> 0.3146 | N96: =VALUE('Raw-Data 5'!C198) -> 0.4877
A97: Manufacturing | B97: =VALUE('Raw-Data 5'!B159) -> 0.0513 | D97: =VALUE('Raw-Data 5'!B179) -> 0.0698 | E97: =VALUE('Raw-Data 5'!C179) -> 0.0354 | G97: =VALUE('Raw-Data 5'!B219) -> 0.0656 | H97: =VALUE('Raw-Data 5'!C219) -> 0.0518 | I97: =VALUE('Raw-Data 5'!D219) -> 0.036 | J97: =VALUE('Raw-Data 5'!E219) -> 0.0412 | K97: =VALUE('Raw-Data 5'!F219) -> 0.0648 | M97: =VALUE('Raw-Data 5'!B199) -> 0.0503 | N97: =VALUE('Raw-Data 5'!C199) -> 0.053
A98: Services | B98: =VALUE('Raw-Data 5'!B160) -> 0.4833 | D98: =VALUE('Raw-Data 5'!B180) -> 0.3804 | E98: =VALUE('Raw-Data 5'!C180) -> 0.5713 | G98: =VALUE('Raw-Data 5'!B220) -> 0.5036 | H98: =VALUE('Raw-Data 5'!C220) -> 0.4025 | I98: =VALUE('Raw-Data 5'!D220) -> 0.3716 | J98: =VALUE('Raw-Data 5'!E220) -> 0.5482 | K98: =VALUE('Raw-Data 5'!F220) -> 0.5837 | M98: =VALUE('Raw-Data 5'!B200) -> 0.5265 | N98: =VALUE('Raw-Data 5'!C200) -> 0.4166
A99: Education | B99: =VALUE('Raw-Data 5'!B161) -> 0.0164 | D99: =VALUE('Raw-Data 5'!B181) -> 0.0279 | E99: =VALUE('Raw-Data 5'!C181) -> 0.0065 | G99: =VALUE('Raw-Data 5'!B221) -> 0.0241 | H99: =VALUE('Raw-Data 5'!C221) -> 0.0168 | I99: =VALUE('Raw-Data 5'!D221) -> 0.0176 | J99: =VALUE('Raw-Data 5'!E221) -> 0.015 | K99: =VALUE('Raw-Data 5'!F221) -> 0.0117 | M99: =VALUE('Raw-Data 5'!B201) -> 0.0144 | N99: =VALUE('Raw-Data 5'!C201) -> 0.0193
A100: Defence/Security | B100: =VALUE('Raw-Data 5'!B162) -> 0.0658 | D100: =VALUE('Raw-Data 5'!B182) -> 0.115 | E100: =VALUE('Raw-Data 5'!C182) -> 0.0238 | G100: =VALUE('Raw-Data 5'!B222) -> 0.0276 | H100: =VALUE('Raw-Data 5'!C222) -> 0.0201 | I100: =VALUE('Raw-Data 5'!D222) -> 0.0817 | J100: =VALUE('Raw-Data 5'!E222) -> 0.1099 | K100: =VALUE('Raw-Data 5'!F222) -> 0.0725 | M100: =VALUE('Raw-Data 5'!B202) -> 0.0942 | N100: =VALUE('Raw-Data 5'!C202) -> 0.0235
A101: Public Administration | B101: =VALUE('Raw-Data 5'!B163) -> 0 | D101: =VALUE('Raw-Data 5'!B183) -> 0 | E101: =VALUE('Raw-Data 5'!C183) -> 0 | G101: =VALUE('Raw-Data 5'!B223) -> 0 | H101: =VALUE('Raw-Data 5'!C223) -> 0 | I101: =VALUE('Raw-Data 5'!D223) -> 0 | J101: =VALUE('Raw-Data 5'!E223) -> 0 | K101: =VALUE('Raw-Data 5'!F223) -> 0 | M101: =VALUE('Raw-Data 5'!B203) -> 0 | N101: =VALUE('Raw-Data 5'!C203) -> 0

Sheet Raw-Data 5
B1: Year
A2: Labor force participation, 7 days reference period | B2: 2015 | C2: 2015 | D2: 2015 | E2: 2016 | F2: 2016 | G2: 2016 | H2: Total | I2: Total | J2: Total | K2: N
B3: Prop. | C3: LB | D3: UB | E3: Prop. | F3: LB | G3: UB | H3: Prop. | I3: LB | J3: UB
A4: Outside the labor force / inactive | B4: 0.4994 | C4: 0.4534 | D4: 0.5454 | E4: 0.6472 | F4: 0.6055 | G4: 0.6867 | H4: 0.5778 | I4: 0.5403 | J4: 0.6144 | K4: 2,466
A5: In the labor force / active | B5: 0.5006 | C5: 0.4546 | D5: 0.5466 | E5: 0.3528 | F5: 0.3133 | G5: 0.3945 | H5: 0.4222 | I5: 0.3856 | J5: 0.4597 | K5: 1,796
A6: Total | B6: 1.0000 | E6: 1.0000 | H6: 1.0000 | K6: 4,262
A7: labor force participation 2016
A8: Labor force participation, 7 days reference period | B8: Male | C8: Female | D8: Total | E8: N
B9: Prop. | C9: Prop. | D9: Prop.
A10: Outside the labor force / inactive | B10: 0.638 | C10: 0.655 | D10: 0.647 | E10: 1,449
A11: In the labor force / active | B11: 0.362 | C11: 0.345 | D11: 0.353 | E11: 783
A12: Total | B12: 1.000 | C12: 1.000 | D12: 1.000 | E12: 2,232
A13: labor force participation 2015
A14: Labor force participation, 7 days reference period | B14: Male | C14: Female | D14: Total | E14: N
B15: Prop. | C15: Prop. | D15: Prop.
A16: Outside the labor force / inactive | B16: 0.505 | C16: 0.494 | D16: 0.499 | E16: 1,017
A17: In the labor force / active | B17: 0.495 | C17: 0.506 | D17: 0.501 | E17: 1,013
A18: Total | B18: 1.000 | C18: 1.000 | D18: 1.000 | E18: 2,030
A19: labor force participation 2016
A20: Labor force participation, 7 days reference period | B20: NonPoor | C20: Poor | D20: Total | E20: N
B21: Prop. | C21: Prop. | D21: Prop.
A22: Outside the labor force / inactive | B22: 0.591 | C22: 0.675 | D22: 0.647 | E22: 1,447
A23: In the labor force / active | B23: 0.409 | C23: 0.325 | D23: 0.353 | E23: 783
A24: Total | B24: 1.000 | C24: 1.000 | D24: 1.000 | E24: 2,230
A25: labor force participation 2015
A26: Labor force participation, 7 days reference period | B26: NonPoor | C26: Poor | D26: Total | E26: N
B27: Prop. | C27: Prop. | D27: Prop.
A28: Outside the labor force / inactive | B28: 0.469 | C28: 0.536 | D28: 0.499 | E28: 1,014
A29: In the labor force / active | B29: 0.531 | C29: 0.464 | D29: 0.501 | E29: 1,012
A30: Total | B30: 1.000 | C30: 1.000 | D30: 1.000 | E30: 2,026
A31: labor force participation 2016
A32: Labor force participation, 7 days reference period | B32: 1 | C32: 2 | D32: 3 | E32: 4 | F32: 5 | G32: Total | H32: N
B33: Prop. | C33: Prop. | D33: Prop. | E33: Prop. | F33: Prop. | G33: Prop.
A34: Outside the labor force / inactive | B34: 0.784 | C34: 0.671 | D34: 0.620 | E34: 0.599 | F34: 0.582 | G34: 0.647 | H34: 1,447
A35: In the labor force / active | B35: 0.216 | C35: 0.329 | D35: 0.380 | E35: 0.401 | F35: 0.418 | G35: 0.353 | H35: 783
A36: Total | B36: 1.000 | C36: 1.000 | D36: 1.000 | E36: 1.000 | F36: 1.000 | G36: 1.000 | H36: 2,230
A37: labor force participation 2015
A38: Labor force participation, 7 days reference period | B38: 1 | C38: 2 | D38: 3 | E38: 4 | F38: 5 | G38: Total | H38: N
B39: Prop. | C39: Prop. | D39: Prop. | E39: Prop. | F39: Prop. | G39: Prop.
A40: Outside the labor force / inactive | B40: 0.488 | C40: 0.580 | D40: 0.475 | E40: 0.473 | F40: 0.472 | G40: 0.499 | H40: 1,014
A41: In the labor force / active | B41: 0.512 | C41: 0.420 | D41: 0.525 | E41: 0.527 | F41: 0.528 | G41: 0.501 | H41: 1,012
A42: Total | B42: 1.000 | C42: 1.000 | D42: 1.000 | E42: 1.000 | F42: 1.000 | G42: 1.000 | H42: 2,026
A43: empl/empl & enrolled/unempl
A44: Status of those participating in the labor force | B44: 2015 | C44: 2015 | D44: 2015 | E44: 2016 | F44: 2016 | G44: 2016 | H44: Total | I44: Total | J44: Total | K44: N
B45: Prop. | C45: LB | D45: UB | E45: Prop. | F45: LB | G45: UB | H45: Prop. | I45: LB | J45: UB
A46: Employed | B46: 0.7492 | C46: 0.7125 | D46: 0.7827 | E46: 0.7401 | F46: 0.6856 | G46: 0.7881 | H46: 0.7452 | I46: 0.7177 | J46: 0.7709 | K46: 1,345
A47: Employment and Enrolled | B47: 0.1560 | C47: 0.1250 | D47: 0.1929 | E47: 0.1494 | F47: 0.1146 | G47: 0.1926 | H47: 0.1531 | I47: 0.1281 | J47: 0.1819 | K47: 262
A48: Unemployed | B48: 0.0948 | C48: 0.0707 | D48: 0.1260 | E48: 0.1104 | F48: 0.0662 | G48: 0.1784 | H48: 0.1017 | I48: 0.0741 | J48: 0.1381 | K48: 188
A49: Total | B49: 1.0000 | E49: 1.0000 | H49: 1.0000 | K49: 1,795
A50: empl/empl & enrolled/unempl 2016
A51: Status of those participating in the labor force | B51: Male | C51: Female | D51: Total | E51: N
B52: Prop. | C52: Prop. | D52: Prop.
A53: Employed | B53: 0.7146 | C53: 0.7632 | D53: 0.7401 | E53: 587
A54: Employment and Enrolled | B54: 0.1809 | C54: 0.1212 | D54: 0.1494 | E54: 113
A55: Unemployed | B55: 0.1046 | C55: 0.1157 | D55: 0.1104 | E55: 83
A56: Total | B56: 1.0000 | C56: 1.0000 | D56: 1.0000 | E56: 783
A57: empl/empl & enrolled/unempl 2015
A58: Status of those participating in the labor force | B58: Male | C58: Female | D58: Total | E58: N
B59: Prop. | C59: Prop. | D59: Prop.
A60: Employed | B60: 0.7092 | C60: 0.7829 | D60: 0.7492 | E60: 758
A61: Employment and Enrolled | B61: 0.1872 | C61: 0.1297 | D61: 0.1560 | E61: 149
A62: Unemployed | B62: 0.1036 | C62: 0.0874 | D62: 0.0948 | E62: 105
A63: Total | B63: 1.0000 | C63: 1.0000 | D63: 1.0000 | E63: 1,012
A64: empl/empl & enrolled/unempl 2016
A65: Status of those participating in the labor force | B65: 1 | C65: 2 | D65: 3 | E65: 4 | F65: 5 | G65: Total | H65: N
B66: Prop. | C66: Prop. | D66: Prop. | E66: Prop. | F66: Prop. | G66: Prop.
A67: Employed | B67: 0.6258 | C67: 0.6908 | D67: 0.7537 | E67: 0.7880 | F67: 0.7678 | G67: 0.7401 | H67: 587
A68: Employment and Enrolled | B68: 0.1040 | C68: 0.1943 | D68: 0.1655 | E68: 0.1089 | F68: 0.1623 | G68: 0.1494 | H68: 113
A69: Unemployed | B69: 0.2702 | C69: 0.1149 | D69: 0.0807 | E69: 0.1031 | F69: 0.0699 | G69: 0.1104 | H69: 83
A70: Total | B70: 1.0000 | C70: 1.0000 | D70: 1.0000 | E70: 1.0000 | F70: 1.0000 | G70: 1.0000 | H70: 783
A71: empl/empl & enrolled/unempl 2015
A72: Status of those participating in the labor force | B72: 1 | C72: 2 | D72: 3 | E72: 4 | F72: 5 | G72: Total | H72: N
B73: Prop. | C73: Prop. | D73: Prop. | E73: Prop. | F73: Prop. | G73: Prop.
A74: Employed | B74: 0.7480 | C74: 0.7560 | D74: 0.6926 | E74: 0.7365 | F74: 0.8041 | G74: 0.7489 | H74: 757
A75: Employment and Enrolled | B75: 0.1503 | C75: 0.1743 | D75: 0.2170 | E75: 0.1213 | F75: 0.1193 | G75: 0.1562 | H75: 149
A76: Unemployed | B76: 0.1017 | C76: 0.0697 | D76: 0.0904 | E76: 0.1421 | F76: 0.0767 | G76: 0.0949 | H76: 105
A77: Total | B77: 1.0000 | C77: 1.0000 | D77: 1.0000 | E77: 1.0000 | F77: 1.0000 | G77: 1.0000 | H77: 1,011
A78: empl/empl & enrolled/unempl 2016
A79: Status of those participating in the labor force | B79: NonPoor | C79: Poor | D79: Total | E79: N
B80: Prop. | C80: Prop. | D80: Prop.
A81: Employed | B81: 0.7717 | C81: 0.7205 | D81: 0.7401 | E81: 587
A82: Employment and Enrolled | B82: 0.1536 | C82: 0.1468 | D82: 0.1494 | E82: 113
A83: Unemployed | B83: 0.0747 | C83: 0.1327 | D83: 0.1104 | E83: 83
A84: Total | B84: 1.0000 | C84: 1.0000 | D84: 1.0000 | E84: 783
A85: empl/empl & enrolled/unempl 2015
A86: Status of those participating in the labor force | B86: NonPoor | C86: Poor | D86: Total | E86: N
B87: Prop. | C87: Prop. | D87: Prop.
A88: Employed | B88: 0.7619 | C88: 0.7301 | D88: 0.7489 | E88: 757
A89: Employment and Enrolled | B89: 0.1409 | C89: 0.1782 | D89: 0.1562 | E89: 149
A90: Unemployed | B90: 0.0972 | C90: 0.0917 | D90: 0.0949 | E90: 105
A91: Total | B91: 1.0000 | C91: 1.0000 | D91: 1.0000 | E91: 1,011
A92: employment by activity
A93: BW.8 Which was the main activity in the last 7 days? | B93: 2015 | C93: 2016 | D93: Total | E93: N
B94: Prop. | C94: Prop. | D94: Prop.
A95: Salaried labour or labour paid in kind | B95: 0.2008 | C95: 0.2303 | D95: 0.2153 | E95: 334
A96: Run a non-farm business | B96: 0.3304 | C96: 0.2110 | D96: 0.2716 | E96: 359
A97: Help in any kind of non-farm business | B97: 0.1075 | C97: 0.1437 | D97: 0.1253 | E97: 150
A98: Apprenticeship | B98: 0.0884 | C98: 0.0303 | D98: 0.0598 | E98: 91
A99: Farming or hunting or fishing at own account | B99: 0.2730 | C99: 0.3847 | D99: 0.3280 | E99: 466
A100: Total | B100: 1.0000 | C100: 1.0000 | D100: 1.0000 | E100: 1,400
...

Sheet School Attendance
A3: Overall, (kids aged 6 to 18); 2016
B4: Total | D4: Boys | E4: Girls | G4: Poorest Quintile | H4: Q2 | I4: Q3 | J4: Q4 | K4: Richest Quintile | M4: Non-Poor | N4: Poor
A5: Not attending | B5: =VALUE('Raw-Data 6'!E4) -> 0.2412 | D5: =VALUE('Raw-Data 6'!B10) -> 0.2366 | E5: =VALUE('Raw-Data 6'!E10) -> 0.2459 | G5: =VALUE('Raw-Data 6'!B34) -> 0.3033 | H5: =VALUE('Raw-Data 6'!E34) -> 0.1604 | I5: =VALUE('Raw-Data 6'!H34) -> 0.2546 | J5: =VALUE('Raw-Data 6'!K34) -> 0.1782 | K5: =VALUE('Raw-Data 6'!N34) -> 0.3096 | M5: =VALUE('Raw-Data 6'!B22) -> 0.2501 | N5: =VALUE('Raw-Data 6'!E22) -> 0.2376
A6: Attending | B6: =VALUE('Raw-Data 6'!E5) -> 0.7588 | D6: =VALUE('Raw-Data 6'!B11) -> 0.7634 | E6: =VALUE('Raw-Data 6'!E11) -> 0.7541 | G6: =VALUE('Raw-Data 6'!B35) -> 0.6967 | H6: =VALUE('Raw-Data 6'!E35) -> 0.8396 | I6: =VALUE('Raw-Data 6'!H35) -> 0.7454 | J6: =VALUE('Raw-Data 6'!K35) -> 0.8218 | K6: =VALUE('Raw-Data 6'!N35) -> 0.6904 | M6: =VALUE('Raw-Data 6'!B23) -> 0.7499 | N6: =VALUE('Raw-Data 6'!E23) -> 0.7624
A8: Overall, (kids aged 6 to 18); 2015
B9: Total | D9: Boys | E9: Girls | G9: Poorest Quintile | H9: Q2 | I9: Q3 | J9: Q4 | K9: Richest Quintile | M9: Non-Poor | N9: Poor
A10: Not attending | B10: =VALUE('Raw-Data 6'!B4) -> 0.242 | D10: =VALUE('Raw-Data 6'!B16) -> 0.2171 | E10: =VALUE('Raw-Data 6'!E16) -> 0.2651 | G10: =VALUE('Raw-Data 6'!B40) -> 0.3929 | H10: =VALUE('Raw-Data 6'!E40) -> 0.2397 | I10: =VALUE('Raw-Data 6'!H40) -> 0.2265 | J10: =VALUE('Raw-Data 6'!K40) -> 0.1557 | K10: =VALUE('Raw-Data 6'!N40) -> 0.1847 | M10: =VALUE('Raw-Data 6'!B28) -> 0.1818 | N10: =VALUE('Raw-Data 6'!E28) -> 0.2978
A11: Attending | B11: =VALUE('Raw-Data 6'!B5) -> 0.758 | D11: =VALUE('Raw-Data 6'!B17) -> 0.7829 | E11: =VALUE('Raw-Data 6'!E17) -> 0.7349 | G11: =VALUE('Raw-Data 6'!B41) -> 0.6071 | H11: =VALUE('Raw-Data 6'!E41) -> 0.7603 | I11: =VALUE('Raw-Data 6'!H41) -> 0.7735 | J11: =VALUE('Raw-Data 6'!K41) -> 0.8443 | K11: =VALUE('Raw-Data 6'!N41) -> 0.8153 | M11: =VALUE('Raw-Data 6'!B29) -> 0.8182 | N11: =VALUE('Raw-Data 6'!E29) -> 0.7022
C28: Young children (aged 6 to 13) | K28: Teenagers (aged 14 to 18)
E29: Not attending | F29: Attending | L29: Not attending | M29: Attending
C30: Total | D30: 2016 | E30: =VALUE('Raw-Data 6'!E46) -> 0.2447 | F30: =VALUE('Raw-Data 6'!E47) -> 0.7553 | J30: Total | K30: 2016 | L30: =VALUE('Raw-Data 6'!E64) -> 0.2356 | M30: =VALUE('Raw-Data 6'!E65) -> 0.7644
D31: 2015 | E31: =VALUE('Raw-Data 6'!B46) -> 0.2731 | F31: =VALUE('Raw-Data 6'!B47) -> 0.7269 | K31: 2015 | L31: =VALUE('Raw-Data 6'!B64) -> 0.1872 | M31: =VALUE('Raw-Data 6'!B65) -> 0.8128
C33: Boys | D33: 2016 | E33: =VALUE('Raw-Data 6'!B52) -> 0.2549 | F33: =VALUE('Raw-Data 6'!B53) -> 0.7451 | J33: Boys | K33: 2016 | L33: =VALUE('Raw-Data 6'!B70) -> 0.2084 | M33: =VALUE('Raw-Data 6'!B71) -> 0.7916
D34: 2015 | E34: =VALUE('Raw-Data 6'!B58) -> 0.2689 | F34: =VALUE('Raw-Data 6'!B59) -> 0.7311 | K34: 2015 | L34: =VALUE('Raw-Data 6'!B76) -> 0.1228 | M34: =VALUE('Raw-Data 6'!B77) -> 0.8772
C35: Girls | D35: 2016 | E35: =VALUE('Raw-Data 6'!E52) -> 0.2348 | F35: =VALUE('Raw-Data 6'!E53) -> 0.7652 | J35: Girls | K35: 2016 | L35: =VALUE('Raw-Data 6'!E70) -> 0.2648 | M35: =VALUE('Raw-Data 6'!E71) -> 0.7352
D36: 2015 | E36: =VALUE('Raw-Data 6'!E58) -> 0.2772 | F36: =VALUE('Raw-Data 6'!E59) -> 0.7228 | K36: 2015 | L36: =VALUE('Raw-Data 6'!E76) -> 0.2445 | M36: =VALUE('Raw-Data 6'!E77) -> 0.7555

Sheet Raw-Data 6
A1: school attendance 6-18
A2: BE.2 Does ${rhhm_name} currently attend school? | B2: 2015 | C2: 2015 | D2: 2015 | E2: 2016 | F2: 2016 | G2: 2016 | H2: Total | I2: Total | J2: Total | K2: N
B3: Prop. | C3: LB | D3: UB | E3: Prop. | F3: LB | G3: UB | H3: Prop. | I3: LB | J3: UB
A4: No | B4: 0.2420 | C4: 0.1995 | D4: 0.2902 | E4: 0.2412 | F4: 0.1857 | G4: 0.3071 | H4: 0.2416 | I4: 0.1951 | J4: 0.2952 | K4: 816
A5: Yes | B5: 0.7580 | C5: 0.7098 | D5: 0.8005 | E5: 0.7588 | F5: 0.6929 | G5: 0.8143 | H5: 0.7584 | I5: 0.7048 | J5: 0.8049 | K5: 2,617
A6: Total | B6: 1.0000 | E6: 1.0000 | H6: 1.0000 | K6: 3,433
A7: school attendance 6-18 2016
A8: BE.2 Does ${rhhm_name} currently attend school? | B8: Male | C8: Male | D8: Male | E8: Female | F8: Female | G8: Female | H8: Total | I8: Total | J8: Total | K8: N
B9: Prop. | C9: LB | D9: UB | E9: Prop. | F9: LB | G9: UB | H9: Prop. | I9: LB | J9: UB
A10: No | B10: 0.2366 | C10: 0.1707 | D10: 0.3183 | E10: 0.2459 | F10: 0.1946 | G10: 0.3057 | H10: 0.2412 | I10: 0.1857 | J10: 0.3071 | K10: 411
A11: Yes | B11: 0.7634 | C11: 0.6817 | D11: 0.8293 | E11: 0.7541 | F11: 0.6943 | G11: 0.8054 | H11: 0.7588 | I11: 0.6929 | J11: 0.8143 | K11: 1,327
A12: Total | B12: 1.0000 | E12: 1.0000 | H12: 1.0000 | K12: 1,738
A13: school attendance 6-18 2015
A14: BE.2 Does ${rhhm_name} currently attend school? | B14: Male | C14: Male | D14: Male | E14: Female | F14: Female | G14: Female | H14: Total | I14: Total | J14: Total | K14: N
B15: Prop. | C15: LB | D15: UB | E15: Prop. | F15: LB | G15: UB | H15: Prop. | I15: LB | J15: UB
A16: No | B16: 0.2171 | C16: 0.1703 | D16: 0.2725 | E16: 0.2651 | F16: 0.2175 | G16: 0.3188 | H16: 0.2420 | I16: 0.1995 | J16: 0.2902 | K16: 405
A17: Yes | B17: 0.7829 | C17: 0.7275 | D17: 0.8297 | E17: 0.7349 | F17: 0.6812 | G17: 0.7825 | H17: 0.7580 | I17: 0.7098 | J17: 0.8005 | K17: 1,290
A18: Total | B18: 1.0000 | E18: 1.0000 | H18: 1.0000 | K18: 1,695
A19: school attendance 6-18 2016
A20: BE.2 Does ${rhhm_name} currently attend school? | B20: NonPoor | C20: NonPoor | D20: NonPoor | E20: Poor | F20: Poor | G20: Poor | H20: Total | I20: Total | J20: Total | K20: N
B21: Prop. | C21: LB | D21: UB | E21: Prop. | F21: LB | G21: UB | H21: Prop. | I21: LB | J21: UB
A22: No | B22: 0.2501 | C22: 0.1597 | D22: 0.3692 | E22: 0.2376 | F22: 0.1804 | G22: 0.3062 | H22: 0.2412 | I22: 0.1857 | J22: 0.3071 | K22: 411
A23: Yes | B23: 0.7499 | C23: 0.6308 | D23: 0.8403 | E23: 0.7624 | F23: 0.6938 | G23: 0.8196 | H23: 0.7588 | I23: 0.6929 | J23: 0.8143 | K23: 1,327
A24: Total | B24: 1.0000 | E24: 1.0000 | H24: 1.0000 | K24: 1,738
A25: school attendance 6-18 2015
A26: BE.2 Does ${rhhm_name} currently attend school? | B26: NonPoor | C26: NonPoor | D26: NonPoor | E26: Poor | F26: Poor | G26: Poor | H26: Total | I26: Total | J26: Total | K26: N
B27: Prop. | C27: LB | D27: UB | E27: Prop. | F27: LB | G27: UB | H27: Prop. | I27: LB | J27: UB
A28: No | B28: 0.1818 | C28: 0.1443 | D28: 0.2265 | E28: 0.2978 | F28: 0.2200 | G28: 0.3893 | H28: 0.2422 | I28: 0.1997 | J28: 0.2904 | K28: 405
A29: Yes | B29: 0.8182 | C29: 0.7735 | D29: 0.8557 | E29: 0.7022 | F29: 0.6107 | G29: 0.7800 | H29: 0.7578 | I29: 0.7096 | J29: 0.8003 | K29: 1,289
A30: Total | B30: 1.0000 | E30: 1.0000 | H30: 1.0000 | K30: 1,694
A31: school attendance 6-18 2016
A32: BE.2 Does ${rhhm_name} currently attend school? | B32: 1 | C32: 1 | D32: 1 | E32: 2 | F32: 2 | G32: 2 | H32: 3 | I32: 3 | J32: 3 | K32: 4 | L32: 4 | M32: 4 | N32: 5 | O32: 5 | P32: 5 | Q32: Total | R32: Total | S32: Total | T32: N
B33: Prop. | C33: LB | D33: UB | E33: Prop. | F33: LB | G33: UB | H33: Prop. | I33: LB | J33: UB | K33: Prop. | L33: LB | M33: UB | N33: Prop. | O33: LB | P33: UB | Q33: Prop. | R33: LB | S33: UB
A34: No | B34: 0.3033 | C34: 0.2180 | D34: 0.4047 | E34: 0.1604 | F34: 0.1047 | G34: 0.2380 | H34: 0.2546 | I34: 0.1763 | J34: 0.3529 | K34: 0.1782 | L34: 0.1269 | M34: 0.2446 | N34: 0.3096 | O34: 0.1866 | P34: 0.4672 | Q34: 0.2412 | R34: 0.1857 | S34: 0.3071 | T34: 411
A35: Yes | B35: 0.6967 | C35: 0.5953 | D35: 0.7820 | E35: 0.8396 | F35: 0.7620 | G35: 0.8953 | H35: 0.7454 | I35: 0.6471 | J35: 0.8237 | K35: 0.8218 | L35: 0.7554 | M35: 0.8731 | N35: 0.6904 | O35: 0.5328 | P35: 0.8134 | Q35: 0.7588 | R35: 0.6929 | S35: 0.8143 | T35: 1,327
A36: Total | B36: 1.0000 | E36: 1.0000 | H36: 1.0000 | K36: 1.0000 | N36: 1.0000 | Q36: 1.0000 | T36: 1,738
A37: school attendance 6-18 2015
A38: BE.2 Does ${rhhm_name} currently attend school? | B38: 1 | C38: 1 | D38: 1 | E38: 2 | F38: 2 | G38: 2 | H38: 3 | I38: 3 | J38: 3 | K38: 4 | L38: 4 | M38: 4 | N38: 5 | O38: 5 | P38: 5 | Q38: Total | R38: Total | S38: Total | T38: N
B39: Prop. | C39: LB | D39: UB | E39: Prop. | F39: LB | G39: UB | H39: Prop. | I39: LB | J39: UB | K39: Prop. | L39: LB | M39: UB | N39: Prop. | O39: LB | P39: UB | Q39: Prop. | R39: LB | S39: UB
A40: No | B40: 0.3929 | C40: 0.2759 | D40: 0.5235 | E40: 0.2397 | F40: 0.1688 | G40: 0.3286 | H40: 0.2265 | I40: 0.1583 | J40: 0.3133 | K40: 0.1557 | L40: 0.1062 | M40: 0.2226 | N40: 0.1847 | O40: 0.1322 | P40: 0.2520 | Q40: 0.2422 | R40: 0.1997 | S40: 0.2904 | T40: 405
A41: Yes | B41: 0.6071 | C41: 0.4765 | D41: 0.7241 | E41: 0.7603 | F41: 0.6714 | G41: 0.8312 | H41: 0.7735 | I41: 0.6867 | J41: 0.8417 | K41: 0.8443 | L41: 0.7774 | M41: 0.8938 | N41: 0.8153 | O41: 0.7480 | P41: 0.8678 | Q41: 0.7578 | R41: 0.7096 | S41: 0.8003 | T41: 1,289
A42: Total | B42: 1.0000 | E42: 1.0000 | H42: 1.0000 | K42: 1.0000 | N42: 1.0000 | Q42: 1.0000 | T42: 1,694
A43: school attendance 6-13
A44: BE.2 Does ${rhhm_name} currently attend school? | B44: 2015 | C44: 2015 | D44: 2015 | E44: 2016 | F44: 2016 | G44: 2016 | H44: Total | I44: Total | J44: Total | K44: N
B45: Prop. | C45: LB | D45: UB | E45: Prop. | F45: LB | G45: UB | H45: Prop. | I45: LB | J45: UB
A46: No | B46: 0.2731 | C46: 0.2244 | D46: 0.3280 | E46: 0.2447 | F46: 0.2034 | G46: 0.2915 | H46: 0.2589 | I46: 0.2177 | J46: 0.3049 | K46: 564
A47: Yes | B47: 0.7269 | C47: 0.6720 | D47: 0.7756 | E47: 0.7553 | F47: 0.7085 | G47: 0.7966 | H47: 0.7411 | I47: 0.6951 | J47: 0.7823 | K47: 1,609
A48: Total | B48: 1.0000 | E48: 1.0000 | H48: 1.0000 | K48: 2,173
A49: school attendance 6-13 2016
A50: BE.2 Does ${rhhm_name} currently attend school? | B50: Male | C50: Male | D50: Male | E50: Female | F50: Female | G50: Female | H50: Total | I50: Total | J50: Total | K50: N
B51: Prop. | C51: LB | D51: UB | E51: Prop. | F51: LB | G51: UB | H51: Prop. | I51: LB | J51: UB
A52: No | B52: 0.2549 | C52: 0.2046 | D52: 0.3126 | E52: 0.2348 | F52: 0.1908 | G52: 0.2855 | H52: 0.2447 | I52: 0.2034 | J52: 0.2915 | K52: 277
A53: Yes | B53: 0.7451 | C53: 0.6874 | D53: 0.7954 | E53: 0.7652 | F53: 0.7145 | G53: 0.8092 | H53: 0.7553 | I53: 0.7085 | J53: 0.7966 | K53: 819
A54: Total | B54: 1.0000 | E54: 1.0000 | H54: 1.0000 | K54: 1,096
A55: school attendance 6-13 2015
A56: BE.2 Does ${rhhm_name} currently attend school? | B56: Male | C56: Male | D56: Male | E56: Female | F56: Female | G56: Female | H56: Total | I56: Total | J56: Total | K56: N
B57: Prop. | C57: LB | D57: UB | E57: Prop. | F57: LB | G57: UB | H57: Prop. | I57: LB | J57: UB
A58: No | B58: 0.2689 | C58: 0.2010 | D58: 0.3496 | E58: 0.2772 | F58: 0.2259 | G58: 0.3350 | H58: 0.2731 | I58: 0.2244 | J58: 0.3280 | K58: 287
A59: Yes | B59: 0.7311 | C59: 0.6504 | D59: 0.7990 | E59: 0.7228 | F59: 0.6650 | G59: 0.7741 | H59: 0.7269 | I59: 0.6720 | J59: 0.7756 | K59: 790
A60: Total | B60: 1.0000 | E60: 1.0000 | H60: 1.0000 | K60: 1,077
A61: school attendance 14-18
A62: BE.2 Does ${rhhm_name} currently attend school? | B62: 2015 | C62: 2015 | D62: 2015 | E62: 2016 | F62: 2016 | G62: 2016 | H62: Total | I62: Total | J62: Total | K62: N
B63: Prop. | C63: LB | D63: UB | E63: Prop. | F63: LB | G63: UB | H63: Prop. | I63: LB | J63: UB
A64: No | B64: 0.1872 | C64: 0.1496 | D64: 0.2317 | E64: 0.2356 | F64: 0.1420 | G64: 0.3646 | H64: 0.2124 | I64: 0.1476 | J64: 0.2957 | K64: 252
A65: Yes | B65: 0.8128 | C65: 0.7683 | D65: 0.8504 | E65: 0.7644 | F65: 0.6354 | G65: 0.8580 | H65: 0.7876 | I65: 0.7043 | J65: 0.8524 | K65: 1,008
A66: Total | B66: 1.0000 | E66: 1.0000 | H66: 1.0000 | K66: 1,260
A67: school attendance 14-18 2016
A68: BE.2 Does ${rhhm_name} currently attend school? | B68: Male | C68: Male | D68: Male | E68: Female | F68: Female | G68: Female | H68: Total | I68: Total | J68: Total | K68: N
B69: Prop. | C69: LB | D69: UB | E69: Prop. | F69: LB | G69: UB | H69: Prop. | I69: LB | J69: UB
A70: No | B70: 0.2084 | C70: 0.1044 | D70: 0.3727 | E70: 0.2648 | F70: 0.1778 | G70: 0.3750 | H70: 0.2356 | I70: 0.1420 | J70: 0.3646 | K70: 134
A71: Yes | B71: 0.7916 | C71: 0.6273 | D71: 0.8956 | E71: 0.7352 | F71: 0.6250 | G71: 0.8222 | H71: 0.7644 | I71: 0.6354 | J71: 0.8580 | K71: 508
A72: Total | B72: 1.0000 | E72: 1.0000 | H72: 1.0000 | K72: 642
A73: school attendance 14-18 2015
A74: BE.2 Does ${rhhm_name} currently attend school? | B74: Male | C74: Male | D74: Male | E74: Female | F74: Female | G74: Female | H74: Total | I74: Total | J74: Total | K74: N
B75: Prop. | C75: LB | D75: UB | E75: Prop. | F75: LB | G75: UB | H75: Prop. | I75: LB | J75: UB
A76: No | B76: 0.1228 | C76: 0.0895 | D76: 0.1662 | E76: 0.2445 | F76: 0.1813 | G76: 0.3211 | H76: 0.1872 | I76: 0.1496 | J76: 0.2317 | K76: 118
A77: Yes | B77: 0.8772 | C77: 0.8338 | D77: 0.9105 | E77: 0.7555 | F77: 0.6789 | G77: 0.8187 | H77: 0.8128 | I77: 0.7683 | J77: 0.8504 | K77: 500
A78: Total | B78: 1.0000 | E78: 1.0000 | H78: 1.0000 | K78: 618
